Workbook
Name \A: #REF!
Name \A: #REF!
Name \A: #REF!
Name \g: #REF!
Name \g: #REF!
Name \g: #REF!
Name \S: #REF!
Name \S: #REF!
Name \S: #REF!
Name ACTIVATE: #REF!
Name ACTIVATE: #REF!
Name ACTIVATE: #REF!
Name ASSUMPT: #REF!
Name ASSUMPT: #REF!
Name ASSUMPT: #REF!
Name ASSUMPTIONS: #REF!
Name ASSUMPTIONS: #REF!
Name ASSUMPTIONS: #REF!
Name basicdata1: #REF!
Name basicdata1: #REF!
Name basicdata1: #REF!
Name basicdata2: #REF!
Name basicdata2: #REF!
Name basicdata2: #REF!
Name BCA_NGDP: [5]Q6!$E$10:$AH$10
Name BMG: [5]Q6!$E$27:$AH$27
Name BOP: #REF!
Name BOP: #REF!
Name BOP: #REF!
Name BXG: [5]Q6!$E$19:$AH$19
Name CAPITAL: #REF!
Name CAPITAL: #REF!
Name CAPITAL: #REF!
Name CARGO_BY_TYPE: '[6]Table No.18-Exports goods+servi'!#REF!
Name CARGO_BY_TYPE: '[6]Table No.18-Exports goods+servi'!#REF!
Name CARGO_BY_TYPE: '[6]Table No.18-Exports goods+servi'!#REF!
Name CCode: [7]Codes!$A$2
Name CENTRALG: #REF!
Name CENTRALG: #REF!
Name CENTRALG: #REF!
Name CFLOW: #REF!
Name CFLOW: #REF!
Name CFLOW: #REF!
Name chart1: #REF!
Name chart1: #REF!
Name chart1: #REF!
Name Chart11: #REF!
Name Chart11: #REF!
Name Chart11: #REF!
Name chart2: #REF!
Name chart2: #REF!
Name chart2: #REF!
Name Chart22: #REF!
Name Chart22: #REF!
Name Chart22: #REF!
Name COUNTER: #REF!
Name COUNTER: #REF!
Name COUNTER: #REF!
Name CurrVintage: [8]Current!$D$66
Name Date: [7]Current!$D$67

Sheet Trans M-A
B2: Mes/Año | C2: Variable mensual | E2: Año | F2: Variable anual promedio | G2: Variable anual fin
B5: 1/1/1885 | C5: - | E5: - | F5: - | G5: -
B6: 2/1/1885 | C6: - | E6: 1886 | F6: =AVERAGE(C17:C28) -> #REF! | G6: =C28 -> #REF!
B7: 3/1/1885 | C7: - | E7: 1887 | F7: =AVERAGE(C29:C40) -> #REF! | G7: =C40 -> #REF!
B8: 4/1/1885 | C8: - | E8: 1888 | F8: =AVERAGE(C41:C52) -> #REF! | G8: =C52 -> #REF!
B9: 5/1/1885 | C9: - | E9: 1889 | F9: =AVERAGE(C53:C64) -> #REF! | G9: =C64 -> #REF!
B10: 6/1/1885 | C10: - | E10: 1890 | F10: =AVERAGE(C65:C76) -> #REF! | G10: =C76 -> #REF!
B11: 7/1/1885 | C11: - | E11: 1891 | F11: =AVERAGE(C77:C88) -> #REF! | G11: =C88 -> #REF!
B12: 8/1/1885 | C12: - | E12: 1892 | F12: =AVERAGE(C89:C100) -> #REF! | G12: =C100 -> #REF!
B13: 9/1/1885 | C13: - | E13: 1893 | F13: =AVERAGE(C101:C112) -> #REF! | G13: =C112 -> #REF!
B14: 10/1/1885 | C14: - | E14: 1894 | F14: =AVERAGE(C113:C124) -> #REF! | G14: =C124 -> #REF!
B15: 11/1/1885 | C15: - | E15: 1895 | F15: =AVERAGE(C125:C136) -> #REF! | G15: =C136 -> #REF!
B16: 12/1/1885 | C16: - | E16: 1896 | F16: =AVERAGE(C137:C148) -> #REF! | G16: =C148 -> #REF!
B17: 1/1/1886 | C17: - | E17: 1897 | F17: =AVERAGE(C149:C160) -> #REF! | G17: =C160 -> #REF!
B18: 2/1/1886 | C18: - | E18: 1898 | F18: =AVERAGE(C161:C172) -> #REF! | G18: =C172 -> #REF!
B19: 3/1/1886 | C19: - | E19: 1899 | F19: =AVERAGE(C173:C184) -> #REF! | G19: =C184 -> #REF!
B20: 4/1/1886 | C20: =#REF! -> #REF! | E20: 1900 | F20: =AVERAGE(C185:C196) -> #REF! | G20: =C196 -> #REF!
B21: 5/1/1886 | C21: =#REF! -> #REF! | E21: 1901 | F21: =AVERAGE(C197:C208) -> #REF! | G21: =C208 -> #REF!
B22: 6/1/1886 | C22: =#REF! -> #REF! | E22: 1902 | F22: =AVERAGE(C209:C220) -> #REF! | G22: =C220 -> #REF!
B23: 7/1/1886 | C23: =#REF! -> #REF! | E23: 1903 | F23: =AVERAGE(C221:C232) -> #REF! | G23: =C232 -> #REF!
B24: 8/1/1886 | C24: =#REF! -> #REF! | E24: 1904 | F24: =AVERAGE(C233:C244) -> #REF! | G24: =C244 -> #REF!
B25: 9/1/1886 | C25: =#REF! -> #REF! | E25: 1905 | F25: =AVERAGE(C245:C256) -> #REF! | G25: =C256 -> #REF!
B26: 10/1/1886 | C26: =#REF! -> #REF! | E26: 1906 | F26: =AVERAGE(C257:C268) -> #REF! | G26: =C268 -> #REF!
B27: 11/1/1886 | C27: =#REF! -> #REF! | E27: 1907 | F27: =AVERAGE(C269:C280) -> #REF! | G27: =C280 -> #REF!
B28: 12/1/1886 | C28: =#REF! -> #REF! | E28: 1908 | F28: =AVERAGE(C281:C292) -> #REF! | G28: =C292 -> #REF!
B29: 1/1/1887 | C29: =#REF! -> #REF! | E29: 1909 | F29: =AVERAGE(C293:C304) -> #REF! | G29: =C304 -> #REF!
B30: 2/1/1887 | C30: =#REF! -> #REF! | E30: 1910 | F30: =AVERAGE(C305:C316) -> #REF! | G30: =C316 -> #REF!
B31: 3/1/1887 | C31: =#REF! -> #REF! | E31: 1911 | F31: =AVERAGE(C317:C328) -> #REF! | G31: =C328 -> #REF!
B32: 4/1/1887 | C32: =#REF! -> #REF! | E32: 1912 | F32: =AVERAGE(C329:C340) -> #REF! | G32: =C340 -> #REF!
B33: 5/1/1887 | C33: =#REF! -> #REF! | E33: 1913 | F33: =AVERAGE(C341:C352) -> #REF! | G33: =C352 -> #REF!
B34: 6/1/1887 | C34: =#REF! -> #REF! | E34: 1914 | F34: =AVERAGE(C353:C364) -> #REF! | G34: =C364 -> #REF!
B35: 7/1/1887 | C35: =#REF! -> #REF! | E35: 1915 | F35: =AVERAGE(C365:C376) -> #REF! | G35: =C376 -> #REF!
B36: 8/1/1887 | C36: =#REF! -> #REF! | E36: 1916 | F36: =AVERAGE(C377:C388) -> #REF! | G36: =C388 -> #REF!
B37: 9/1/1887 | C37: =#REF! -> #REF! | E37: 1917 | F37: =AVERAGE(C389:C400) -> #REF! | G37: =C400 -> #REF!
B38: 10/1/1887 | C38: =#REF! -> #REF! | E38: 1918 | F38: =AVERAGE(C401:C412) -> #REF! | G38: =C412 -> #REF!
B39: 11/1/1887 | C39: =#REF! -> #REF! | E39: 1919 | F39: =AVERAGE(C413:C424) -> #REF! | G39: =C424 -> #REF!
B40: 12/1/1887 | C40: =#REF! -> #REF! | E40: 1920 | F40: =AVERAGE(C425:C436) -> #REF! | G40: =C436 -> #REF!
B41: 1/1/1888 | C41: =#REF! -> #REF! | E41: 1921 | F41: =AVERAGE(C437:C448) -> #REF! | G41: =C448 -> #REF!
B42: 2/1/1888 | C42: =#REF! -> #REF! | E42: 1922 | F42: =AVERAGE(C449:C460) -> #REF! | G42: =C460 -> #REF!
B43: 3/1/1888 | C43: =#REF! -> #REF! | E43: 1923 | F43: =AVERAGE(C461:C472) -> #REF! | G43: =C472 -> #REF!
B44: 4/1/1888 | C44: =#REF! -> #REF! | E44: 1924 | F44: =AVERAGE(C473:C484) -> #REF! | G44: =C484 -> #REF!
B45: 5/1/1888 | C45: =#REF! -> #REF! | E45: 1925 | F45: =AVERAGE(C485:C496) -> #REF! | G45: =C496 -> #REF!
B46: 6/1/1888 | C46: =#REF! -> #REF! | E46: 1926 | F46: =AVERAGE(C497:C508) -> #REF! | G46: =C508 -> #REF!
B47: 7/1/1888 | C47: =#REF! -> #REF! | E47: 1927 | F47: =AVERAGE(C509:C520) -> #REF! | G47: =C520 -> #REF!
B48: 8/1/1888 | C48: =#REF! -> #REF! | E48: 1928 | F48: =AVERAGE(C521:C532) -> #REF! | G48: =C532 -> #REF!
B49: 9/1/1888 | C49: =#REF! -> #REF! | E49: 1929 | F49: =AVERAGE(C533:C544) -> 1.385 | G49: =C544 -> 2.08
B50: 10/1/1888 | C50: =#REF! -> #REF! | E50: 1930 | F50: =AVERAGE(C545:C556) -> 5.9041667 | G50: =C556 -> 11.89
B51: 11/1/1888 | C51: =#REF! -> #REF! | E51: 1931 | F51: =AVERAGE(C557:C568) -> 14.1975 | G51: =C568 -> 19.1
B52: 12/1/1888 | C52: =#REF! -> #REF! | E52: 1932 | F52: =AVERAGE(C569:C580) -> 22.7225 | G52: =C580 -> 25.2
B53: 1/1/18889 | C53: =#REF! -> #REF! | E53: 1933 | F53: =AVERAGE(C581:C592) -> 23.385 | G53: =C592 -> 21.07
B54: 2/1/1889 | C54: =#REF! -> #REF! | E54: 1934 | F54: =AVERAGE(C593:C604) -> 19.063333 | G54: =C604 -> 20.44
B55: 3/1/1889 | C55: =#REF! -> #REF! | E55: 1935 | F55: =AVERAGE(C605:C616) -> 17.580833 | G55: =C616 -> 16.44
B56: 4/1/1889 | C56: =#REF! -> #REF! | E56: 1936 | F56: =AVERAGE(C617:C628) -> 14.238333 | G56: =C628 -> 12.78
B57: 5/1/1889 | C57: =#REF! -> #REF! | E57: 1937 | F57: =AVERAGE(C629:C640) -> 12.1625 | G57: =C640 -> 15.91
B58: 6/1/1889 | C58: =#REF! -> #REF! | E58: 1938 | F58: =AVERAGE(C641:C652) -> 18.419167 | G58: =C652 -> 16.36
B59: 7/1/1889 | C59: =#REF! -> #REF! | E59: 1939 | F59: =AVERAGE(C653:C664) -> 16.346667 | G59: =C664 -> 15.19
B60: 8/1/1889 | C60: =#REF! -> #REF! | E60: 1940 | F60: =AVERAGE(C665:C676) -> 14.643333 | G60: =C676 -> 13.41
B61: 9/1/1889 | C61: =#REF! -> #REF! | E61: 1941 | F61: =AVERAGE(C677:C688) -> 9.8758333 | G61: =C688 -> 6.91
B62: 10/1/1889 | C62: =#REF! -> #REF! | E62: 1942 | F62: =AVERAGE(C689:C700) -> 4.6558333 | G62: =C700 -> 2.88
B63: 11/1/1889 | C63: =#REF! -> #REF! | E63: 1943 | F63: =AVERAGE(C701:C712) -> 1.8891667 | G63: =C712 -> 1.35
B64: 12/1/1889 | C64: =#REF! -> #REF! | E64: 1944 | F64: =AVERAGE(C713:C724) -> 1.215 | G64: =C724 -> 1
B65: 1/1/1890 | C65: =#REF! -> #REF! | E65: 1945 | F65: =AVERAGE(C725:C736) -> 1.9991667 | G65: =C736 -> 3.92
B66: 2/1/1890 | C66: =#REF! -> #REF! | E66: 1946 | F66: =AVERAGE(C737:C748) -> 3.9725 | G66: =C748 -> 4.16
B67: 3/1/1890 | C67: =#REF! -> #REF! | E67: 1947 | F67: =AVERAGE(C749:C760) -> 3.5416667 | G67: =C760 -> 2.8
B68: 4/1/1890 | C68: =#REF! -> #REF! | E68: 1948 | F68: =AVERAGE(C761:C772) -> 3.75 | G68: =C772 -> 4
B69: 5/1/1890 | C69: =#REF! -> #REF! | E69: 1949 | F69: =AVERAGE(C773:C784) -> 6.05 | G69: =C784 -> 6.6
B70: 6/1/1890 | C70: =#REF! -> #REF! | E70: 1950 | F70: =AVERAGE(C785:C796) -> 5.2083333 | G70: =C796 -> 4.3
B71: 7/1/1890 | C71: =#REF! -> #REF! | E71: 1951 | F71: =AVERAGE(C797:C809) -> 3.2769231 | G71: =C808 -> 3.1
B72: 8/1/1890 | C72: =#REF! -> #REF! | E72: 1952 | F72: =AVERAGE(C809:C820) -> 3.025 | G72: =C820 -> 2.7
B73: 9/1/1890 | C73: =#REF! -> #REF! | E73: 1953 | F73: =AVERAGE(C821:C832) -> 2.925 | G73: =C832 -> 4.5
B74: 10/1/1890 | C74: =#REF! -> #REF! | E74: 1954 | F74: =AVERAGE(C833:C844) -> 5.5916667 | G74: =C844 -> 5
B75: 11/1/1890 | C75: =#REF! -> #REF! | E75: 1955 | F75: =AVERAGE(C845:C856) -> 4.3666667 | G75: =C856 -> 4.2
B76: 12/1/1890 | C76: =#REF! -> #REF! | E76: 1956 | F76: =AVERAGE(C857:C868) -> 4.125 | G76: =C868 -> 4.2
B77: 1/1/1891 | C77: =#REF! -> #REF! | E77: 1957 | F77: =AVERAGE(C869:C880) -> 4.3 | G77: =C880 -> 5.2
B78: 2/1/1891 | C78: =#REF! -> #REF! | E78: 1958 | F78: =AVERAGE(C881:C892) -> 6.8416667 | G78: =C892 -> 6.2
B79: 3/1/1891 | C79: =#REF! -> #REF! | E79: 1959 | F79: =AVERAGE(C893:C904) -> 5.45 | G79: =C904 -> 5.3
B80: 4/1/1891 | C80: =#REF! -> #REF! | E80: 1960 | F80: =AVERAGE(C905:C916) -> 5.5416667 | G80: =C916 -> 6.6
B81: 5/1/1891 | C81: =#REF! -> #REF! | E81: 1961 | F81: =AVERAGE(C917:C928) -> 6.6916667 | G81: =C928 -> 6
B82: 6/1/1891 | C82: =#REF! -> #REF! | E82: 1962 | F82: =AVERAGE(C929:C940) -> 5.5666667 | G82: =C940 -> 5.5
B83: 7/1/1891 | C83: =#REF! -> #REF! | E83: 1963 | F83: =AVERAGE(C941:C952) -> 5.6416667 | G83: =C952 -> 5.5
B84: 8/1/1891 | C84: =#REF! -> #REF! | E84: 1964 | F84: =AVERAGE(C953:C964) -> 5.1583333 | G84: =C964 -> 5
B85: 9/1/1891 | C85: =#REF! -> #REF! | E85: 1965 | F85: =AVERAGE(C965:C976) -> 4.5083333 | G85: =C976 -> 4
B86: 10/1/1891 | C86: =#REF! -> #REF! | E86: 1966 | F86: =AVERAGE(C977:C988) -> 3.7916667 | G86: =C988 -> 3.8
B87: 11/1/1891 | C87: =#REF! -> #REF! | E87: 1967 | F87: =AVERAGE(C989:C1000) -> 3.8416667 | G87: =C1000 -> 3.8
B88: 12/1/1891 | C88: =#REF! -> #REF! | E88: 1968 | F88: =AVERAGE(C1001:C1012) -> 3.5583333 | G88: =C1012 -> 3.4
B89: 1/1/1892 | C89: =#REF! -> #REF! | E89: 1969 | F89: =AVERAGE(C1013:C1024) -> 3.4916667 | G89: =C1024 -> 3.5
B90: 2/1/1892 | C90: =#REF! -> #REF! | E90: 1970 | F90: =AVERAGE(C1025:C1036) -> 4.9833333 | G90: =C1036 -> 6.1
B91: 3/1/1892 | C91: =#REF! -> #REF! | E91: 1971 | F91: =AVERAGE(C1037:C1048) -> 5.95 | G91: =C1048 -> 6
B92: 4/1/1892 | C92: =#REF! -> #REF! | E92: 1972 | F92: =AVERAGE(C1049:C1060) -> 5.6 | G92: =C1060 -> 5.2
B93: 5/1/1892 | C93: =#REF! -> #REF! | E93: 1973 | F93: =AVERAGE(C1061:C1072) -> 4.8583333 | G93: =C1072 -> 4.9
B94: 6/1/1892 | C94: =#REF! -> #REF! | E94: 1974 | F94: =AVERAGE(C1073:C1084) -> 5.6416667 | G94: =C1084 -> 7.2
B95: 7/1/1892 | C95: =#REF! -> #REF! | E95: 1975 | F95: =AVERAGE(C1085:C1096) -> 8.475 | G95: =C1096 -> 8.2
B96: 8/1/1892 | C96: =#REF! -> #REF! | E96: 1976 | F96: =AVERAGE(C1097:C1108) -> 7.7 | G96: =C1108 -> 7.8
B97: 9/1/1892 | C97: =#REF! -> #REF! | E97: 1977 | F97: =AVERAGE(C1109:C1120) -> 7.05 | G97: =C1120 -> 6.4
B98: 10/1/1892 | C98: =#REF! -> #REF! | E98: 1978 | F98: =AVERAGE(C1121:C1132) -> 6.0666667 | G98: =C1132 -> 6
B99: 11/1/1892 | C99: =#REF! -> #REF! | E99: 1979 | F99: =AVERAGE(C1133:C1144) -> 5.85 | G99: =C1144 -> 6
B100: 12/1/1892 | C100: =#REF! -> #REF! | E100: 1980 | F100: =AVERAGE(C1145:C1156) -> 7.175 | G100: =C1156 -> 7.2
B101: 1/1/1893 | C101: =#REF! -> #REF! | E101: 1981 | F101: =AVERAGE(C1157:C1168) -> 7.6166667 | G101: =C1168 -> 8.5
B102: 2/1/1893 | C102: =#REF! -> #REF! | E102: 1982 | F102: =AVERAGE(C1169:C1180) -> 9.7083333 | G102: =C1180 -> 10.8
B103: 3/1/1893 | C103: =#REF! -> #REF! | E103: 1983 | F103: =AVERAGE(C1181:C1192) -> 9.6 | G103: =C1192 -> 8.3
...

Sheet EU Pob
A2: Año | B2: Población miles de personas | C2: t/c Población personas
A5: 1876 | B5: 46107 | C5: -
A6: 1877 | B6: 47141 | C6: =((B6/B5)-1)*100 -> 2.2426096
A7: 1878 | B7: 48174 | C7: =((B7/B6)-1)*100 -> 2.1912984
A8: 1879 | B8: 49208 | C8: =((B8/B7)-1)*100 -> 2.146386
A9: 1880 | B9: 50262 | C9: =((B9/B8)-1)*100 -> 2.1419281
A10: 1881 | B10: 51542 | C10: =((B10/B9)-1)*100 -> 2.5466555
A11: 1882 | B11: 52821 | C11: =((B11/B10)-1)*100 -> 2.4814714
A12: 1883 | B12: 54100 | C12: =((B12/B11)-1)*100 -> 2.4213854
A13: 1884 | B13: 55379 | C13: =((B13/B12)-1)*100 -> 2.3641405
A14: 1885 | B14: 56879 | C14: =((B14/B13)-1)*100 -> 2.708608
A15: 1886 | B15: 58164 | C15: =((B15/B14)-1)*100 -> 2.2591818
A16: 1887 | B16: 59448 | C16: =((B16/B15)-1)*100 -> 2.2075511
A17: 1888 | B17: 60732 | C17: =((B17/B16)-1)*100 -> 2.1598708
... A139: 2010 | B139: 309327.14 | C139: =((B139/B138)-1)*100 -> 0.83306753
A141: Fuente: (1930-2010) FRED Graph Observations
A142: Federal Reserve Bank of St. Louis
A143: Link: https://fred.stlouisfed.org
A145: Fuente: (1876-1929) Maddison Project Database (MPD) 2020

Sheet EU PIB
A2: Año | B2: PIB Real t/c Fuente= Fred | C2: PIB Real t/c Fuente= Gordon | D2: t/c PIB Real mixto | E2: PIB Real mixto 1950=100 Billions of US$ | F2: PIB Nominal Fuente = Fred | G2: PIB Nominal t/c Fuente Fred | H2: PIB Nominal Fuente = Gordon | I2: PIB Nominal t/c | J2: PIB Nominal mixto | K2: t/c PIB Nominal mixto | L2: Deflactor del PIB (1950=100)*** | M2: Deflactor del PIB t/c | N2: PIB per cápita en dólares | O2: PIB per cápita t/c
A5: 1876 | B5: - | C5: 4.7140153 | D5: =C5 -> 4.7140153 | E5: =E6/(1+(C6/100)) -> 22.805727 | F5: - | G5: - | H5: 7.2 | I5: - | J5: =H5 -> 7.2 | K5: =I5 -> - | L5: =(J5/E5)*100 -> 31.571018 | M5: - | N5: =(J5/'EU Pob'!B5)*1000000 -> 156.1585 | O5: -
A6: 1877 | B6: - | C6: 4.5617644 | D6: =C6 -> 4.5617644 | E6: =E7/(1+(C7/100)) -> 23.84607 | F6: - | G6: - | H6: 7.7 | I6: =((H6/H5)-1)*100 -> 6.9444444 | J6: =H6 -> 7.7 | K6: =I6 -> 6.9444444 | L6: =(J6/E6)*100 -> 32.290436 | M6: =((L6/L5)-1)*100 -> 2.2787297 | N6: =(J6/'EU Pob'!B6)*1000000 -> 163.33977 | O6: =((N6/N5)-1)*100 -> 4.5987039
A7: 1878 | B7: - | C7: 4.4095135 | D7: =C7 -> 4.4095135 | E7: =E8/(1+(C8/100)) -> 24.897566 | F7: - | G7: - | H7: 8.35 | I7: =((H7/H6)-1)*100 -> 8.4415584 | J7: =H7 -> 8.35 | K7: =I7 -> 8.4415584 | L7: =(J7/E7)*100 -> 33.537415 | M7: =((L7/L6)-1)*100 -> 3.8617601 | N7: =(J7/'EU Pob'!B7)*1000000 -> 173.33001 | O7: =((N7/N6)-1)*100 -> 6.116235
A8: 1879 | B8: - | C8: 4.2572626 | D8: =C8 -> 4.2572626 | E8: =E9/(1+(C9/100)) -> 25.957521 | F8: - | G8: - | H8: 9.1 | I8: =((H8/H7)-1)*100 -> 8.9820359 | J8: =H8 -> 9.1 | K8: =I8 -> 8.9820359 | L8: =(J8/E8)*100 -> 35.057277 | M8: =((L8/L7)-1)*100 -> 4.5318409 | N8: =(J8/'EU Pob'!B8)*1000000 -> 184.92928 | O8: =((N8/N7)-1)*100 -> 6.6920135
A9: 1880 | B9: - | C9: 3.1339031 | D9: =C9 -> 3.1339031 | E9: =E10/(1+(C10/100)) -> 26.771004 | F9: - | G9: - | H9: 9.625 | I9: =((H9/H8)-1)*100 -> 5.7692308 | J9: =H9 -> 9.625 | K9: =I9 -> 5.7692308 | L9: =(J9/E9)*100 -> 35.953078 | M9: =((L9/L8)-1)*100 -> 2.5552486 | N9: =(J9/'EU Pob'!B9)*1000000 -> 191.49656 | O9: =((N9/N8)-1)*100 -> 3.5512377
A10: 1881 | B10: - | C10: 3.5911602 | D10: =C10 -> 3.5911602 | E10: =E11/(1+(C11/100)) -> 27.732394 | F10: - | G10: - | H10: 10.15 | I10: =((H10/H9)-1)*100 -> 5.4545455 | J10: =H10 -> 10.15 | K10: =I10 -> 5.4545455 | L10: =(J10/E10)*100 -> 36.599798 | M10: =((L10/L9)-1)*100 -> 1.7987879 | N10: =(J10/'EU Pob'!B10)*1000000 -> 196.92678 | O10: =((N10/N9)-1)*100 -> 2.8356751
A11: 1882 | B11: - | C11: 2.6666667 | D11: =C11 -> 2.6666667 | E11: =E12/(1+(C12/100)) -> 28.471924 | F11: - | G11: - | H11: 10.675 | I11: =((H11/H10)-1)*100 -> 5.1724138 | J11: =H11 -> 10.675 | K11: =I11 -> 5.1724138 | L11: =(J11/E11)*100 -> 37.493075 | M11: =((L11/L10)-1)*100 -> 2.4406628 | N11: =(J11/'EU Pob'!B11)*1000000 -> 202.09765 | O11: =((N11/N10)-1)*100 -> 2.6257843
A12: 1883 | B12: - | C12: 4.6753247 | D12: =C12 -> 4.6753247 | E12: =E13/(1+(C13/100)) -> 29.803079 | F12: - | G12: - | H12: 11.2 | I12: =((H12/H11)-1)*100 -> 4.9180328 | J12: =H12 -> 11.2 | K12: =I12 -> 4.9180328 | L12: =(J12/E12)*100 -> 37.58001 | M12: =((L12/L11)-1)*100 -> 0.23186755 | N12: =(J12/'EU Pob'!B12)*1000000 -> 207.02403 | O12: =((N12/N11)-1)*100 -> 2.4376231
A13: 1884 | B13: - | C13: 5.2109181 | D13: =C13 -> 5.2109181 | E13: =E14/(1+(C14/100)) -> 31.356093 | F13: - | G13: - | H13: 11.5 | I13: =((H13/H12)-1)*100 -> 2.6785714 | J13: =H13 -> 11.5 | K13: =I13 -> 2.6785714 | L13: =(J13/E13)*100 -> 36.675487 | M13: =((L13/L12)-1)*100 -> -2.4069239 | N13: =(J13/'EU Pob'!B13)*1000000 -> 207.65994 | O13: =((N13/N12)-1)*100 -> 0.30716904
A14: 1885 | B14: - | C14: 4.009434 | D14: =C14 -> 4.009434 | E14: =E15/(1+(C15/100)) -> 32.613295 | F14: - | G14: - | H14: 11.71 | I14: =((H14/H13)-1)*100 -> 1.826087 | J14: =H14 -> 11.71 | K14: =I14 -> 1.826087 | L14: =(J14/E14)*100 -> 35.905602 | M14: =((L14/L13)-1)*100 -> -2.0991817 | N14: =(J14/'EU Pob'!B14)*1000000 -> 205.87563 | O14: =((N14/N13)-1)*100 -> -0.85924736
A15: 1886 | B15: - | C15: 3 | D15: =C15 -> 3 | E15: =E16/(1+(C16/100)) -> 33.591694 | F15: - | G15: - | H15: 12.06 | I15: =((H15/H14)-1)*100 -> 2.9888984 | J15: =H15 -> 12.06 | K15: =I15 -> 2.9888984 | L15: =(J15/E15)*100 -> 35.901732 | M15: =((L15/L14)-1)*100 -> -0.010778274 | N15: =(J15/'EU Pob'!B15)*1000000 -> 207.34475 | O15: =((N15/N14)-1)*100 -> 0.71359519
A16: 1887 | B16: - | C16: 4.5094455 | D16: =C16 -> 4.5094455 | E16: =E17/(1+(C17/100)) -> 35.106493 | F16: - | G16: - | H16: 12.61 | I16: =((H16/H15)-1)*100 -> 4.5605307 | J16: =H16 -> 12.61 | K16: =I16 -> 4.5605307 | L16: =(J16/E16)*100 -> 35.919281 | M16: =((L16/L15)-1)*100 -> 0.04888096 | N16: =(J16/'EU Pob'!B16)*1000000 -> 212.11815 | O16: =((N16/N15)-1)*100 -> 2.3021583
A17: 1888 | B17: - | C17: -0.4664723 | D17: =C17 -> -0.4664723 | E17: =E18/(1+(C18/100)) -> 34.942731 | F17: - | G17: - | H17: 12.75 | I17: =((H17/H16)-1)*100 -> 1.11023 | J17: =H17 -> 12.75 | K17: =I17 -> 1.11023 | L17: =(J17/E17)*100 -> 36.488276 | M17: =((L17/L16)-1)*100 -> 1.5840916 | N17: =(J17/'EU Pob'!B17)*1000000 -> 209.93875 | O17: =((N17/N16)-1)*100 -> -1.0274493
... A57: 1928 | B57: - | C57: 1.8484571 | D57: =C57 -> 1.8484571 | E57: =E58/(1+(C58/100)) -> 136.47521 | F57: - | G57: - | H57: 97.32 | I57: =((H57/H56)-1)*100 -> 1.0172306 | J57: =H57 -> 97.32 | K57: =I57 -> 1.0172306 | L57: =(J57/E57)*100 -> 71.309653 | M57: =((L57/L56)-1)*100 -> -0.81614043 | N57: =(J57/'EU Pob'!B57)*1000000 -> 804.49033 | O57: =((N57/N56)-1)*100 -> -0.20946263
A58: 1929 | B58: - | C58: 6.4346783 | D58: =C58 -> 6.4346783 | E58: =E59/(1+(C59/100)) -> 145.25695 | F58: 104.556 | H58: - | I58: - | J58: =F58 -> 104.556 | K58: =(K57+K59)/2 -> -5.4193085 | L58: =(J58/E58)*100 -> 71.980031 | M58: =((L58/L57)-1)*100 -> 0.94009477 | N58: =(J58/'EU Pob'!B58)*1000000 -> 855.29879 | O58: =((N58/N57)-1)*100 -> 6.3156076
A59: 1930 | B59: - | C59: -8.5 | D59: =C59 -> -8.5 | E59: =E60/(1+(C60/100)) -> 132.91011 | F59: 92.16 | G59: =((F59/F58)-1)*100 -> -11.855848 | H59: - | I59: - | J59: =F59 -> 92.16 | K59: =G59 -> -11.855848 | L59: =(J59/E59)*100 -> 69.340097 | M59: =((L59/L58)-1)*100 -> -3.667593 | N59: =(J59/'EU Pob'!B59)*1000000 -> 748.12482 | O59: =((N59/N58)-1)*100 -> -12.530588
A60: 1931 | B60: - | C60: -6.4 | D60: =C60 -> -6.4 | E60: =E61/(1+(C61/100)) -> 124.40386 | F60: 77.391 | G60: =((F60/F59)-1)*100 -> -16.025391 | H60: - | I60: - | J60: =F60 -> 77.391 | K60: =G60 -> -16.025391 | L60: =(J60/E60)*100 -> 62.209482 | M60: =((L60/L59)-1)*100 -> -10.283537 | N60: =(J60/'EU Pob'!B60)*1000000 -> 623.37192 | O60: =((N60/N59)-1)*100 -> -16.675413
A61: 1932 | B61: - | C61: -12.9 | D61: =C61 -> -12.9 | E61: =E62/(1+(C62/100)) -> 108.35577 | F61: 59.522 | G61: =((F61/F60)-1)*100 -> -23.089248 | H61: - | I61: - | J61: =F61 -> 59.522 | K61: =G61 -> -23.089248 | L61: =(J61/E61)*100 -> 54.93201 | M61: =((L61/L60)-1)*100 -> -11.698333 | N61: =(J61/'EU Pob'!B61)*1000000 -> 476.37036 | O61: =((N61/N60)-1)*100 -> -23.581678
A62: 1933 | B62: - | C62: -1.2 | D62: =C62 -> -1.2 | E62: =E63/(1+(C63/100)) -> 107.0555 | F62: 57.154 | G62: =((F62/F61)-1)*100 -> -3.9783609 | H62: - | I62: - | J62: =F62 -> 57.154 | K62: =G62 -> -3.9783609 | L62: =(J62/E62)*100 -> 53.387263 | M62: =((L62/L61)-1)*100 -> -2.8121062 | N62: =(J62/'EU Pob'!B62)*1000000 -> 454.72193 | O62: =((N62/N61)-1)*100 -> -4.5444524
A63: 1934 | B63: - | C63: 10.8 | D63: =C63 -> 10.8 | E63: =E64/(1+(C64/100)) -> 118.61749 | F63: 66.8 | G63: =((F63/F62)-1)*100 -> 16.877209 | H63: - | I63: - | J63: =F63 -> 66.8 | K63: =G63 -> 16.877209 | L63: =(J63/E63)*100 -> 56.315472 | M63: =((L63/L62)-1)*100 -> 5.4848456 | N63: =(J63/'EU Pob'!B63)*1000000 -> 528.12586 | O63: =((N63/N62)-1)*100 -> 16.142597
A64: 1935 | B64: - | C64: 8.9 | D64: =C64 -> 8.9 | E64: =E65/(1+(C65/100)) -> 129.17445 | F64: 74.241 | G64: =((F64/F63)-1)*100 -> 11.139222 | H64: - | I64: - | J64: =F64 -> 74.241 | K64: =G64 -> 11.139222 | L64: =(J64/E64)*100 -> 57.473441 | M64: =((L64/L63)-1)*100 -> 2.0562181 | N64: =(J64/'EU Pob'!B64)*1000000 -> 582.91327 | O64: =((N64/N63)-1)*100 -> 10.37393
A65: 1936 | B65: - | C65: 12.9 | D65: =C65 -> 12.9 | E65: =E66/(1+(C66/100)) -> 145.83795 | F65: 84.83 | G65: =((F65/F64)-1)*100 -> 14.263008 | H65: - | I65: - | J65: =F65 -> 84.83 | K65: =G65 -> 14.263008 | L65: =(J65/E65)*100 -> 58.167301 | M65: =((L65/L64)-1)*100 -> 1.2072704 | N65: =(J65/'EU Pob'!B65)*1000000 -> 661.79855 | O65: =((N65/N64)-1)*100 -> 13.532936
A66: 1937 | B66: - | C66: 5.1 | D66: =C66 -> 5.1 | E66: =E67/(1+(C67/100)) -> 153.27569 | F66: 93.003 | G66: =((F66/F65)-1)*100 -> 9.6345632 | H66: - | I66: - | J66: =F66 -> 93.003 | K66: =G66 -> 9.6345632 | L66: =(J66/E66)*100 -> 60.676942 | M66: =((L66/L65)-1)*100 -> 4.3145226 | N66: =(J66/'EU Pob'!B66)*1000000 -> 721.17152 | O66: =((N66/N65)-1)*100 -> 8.9714561
A67: 1938 | B67: - | C67: -3.3 | D67: =C67 -> -3.3 | E67: =E68/(1+(C68/100)) -> 148.21759 | F67: 87.352 | G67: =((F67/F66)-1)*100 -> -6.0761481 | H67: - | I67: - | J67: =F67 -> 87.352 | K67: =G67 -> -6.0761481 | L67: =(J67/E67)*100 -> 58.934976 | M67: =((L67/L66)-1)*100 -> -2.8708874 | N67: =(J67/'EU Pob'!B67)*1000000 -> 672.09873 | O67: =((N67/N66)-1)*100 -> -6.8045929
A68: 1939 | B68: - | C68: 8 | D68: =C68 -> 8 | E68: =E69/(1+(C69/100)) -> 160.075 | F68: 93.437 | G68: =((F68/F67)-1)*100 -> 6.9660683 | H68: - | I68: - | J68: =F68 -> 93.437 | K68: =G68 -> 6.9660683 | L68: =(J68/E68)*100 -> 58.370765 | M68: =((L68/L67)-1)*100 -> -0.95734415 | N68: =(J68/'EU Pob'!B68)*1000000 -> 713.10712 | O68: =((N68/N67)-1)*100 -> 6.1015427
A69: 1940 | B69: - | C69: 8.8 | D69: =C69 -> 8.8 | E69: =E70/(1+(C70/100)) -> 174.1616 | F69: 102.899 | G69: =((F69/F68)-1)*100 -> 10.126609 | H69: - | I69: - | J69: =F69 -> 102.899 | K69: =G69 -> 10.126609 | L69: =(J69/E69)*100 -> 59.082486 | M69: =((L69/L68)-1)*100 -> 1.2193101 | N69: =(J69/'EU Pob'!B69)*1000000 -> 778.81806 | O69: =((N69/N68)-1)*100 -> 9.2147362
A70: 1941 | B70: - | C70: 17.7 | D70: =C70 -> 17.7 | E70: =E71/(1+(C71/100)) -> 204.9882 | F70: 129.309 | G70: =((F70/F69)-1)*100 -> 25.665944 | H70: - | I70: - | J70: =F70 -> 129.309 | K70: =G70 -> 25.665944 | L70: =(J70/E70)*100 -> 63.081193 | M70: =((L70/L69)-1)*100 -> 6.768007 | N70: =(J70/'EU Pob'!B70)*1000000 -> 969.3183 | O70: =((N70/N69)-1)*100 -> 24.460172
... A75: 1946 | B75: - | C75: -11.6 | D75: =C75 -> -11.6 | E75: =E76/(1+(C76/100)) -> 269.53042 | F75: 227.535 | G75: =((F75/F74)-1)*100 -> -0.20701119 | H75: - | I75: - | J75: =F75 -> 227.535 | K75: =G75 -> -0.20701119 | L75: =(J75/E75)*100 -> 84.419042 | M75: =((L75/L74)-1)*100 -> 12.887996 | N75: =(J75/'EU Pob'!B75)*1000000 -> 1609.2836 | O75: =((N75/N74)-1)*100 -> -1.2381915
A76: 1947 | B76: - | C76: -1.1 | D76: =C76 -> -1.1 | E76: =E77/(1+(B77/100)) -> 266.56559 | F76: 249.616 | G76: =((F76/F75)-1)*100 -> 9.7044411 | H76: - | I76: - | J76: =F76 -> 249.616 | K76: =G76 -> 9.7044411 | L76: =(J76/E76)*100 -> 93.641495 | M76: =((L76/L75)-1)*100 -> 10.924612 | N76: =(J76/'EU Pob'!B76)*1000000 -> 1731.929 | O76: =((N76/N75)-1)*100 -> 7.6211178
A77: 1948 | B77: 4.1 | C77: - | D77: =B77 -> 4.1 | E77: =E78/(1+(B78/100)) -> 277.49478 | F77: 274.468 | G77: =((F77/F76)-1)*100 -> 9.9560926 | H77: - | I77: - | J77: =F77 -> 274.468 | K77: =G77 -> 9.9560926 | L77: =(J77/E77)*100 -> 98.90925 | M77: =((L77/L76)-1)*100 -> 5.6254491 | N77: =(J77/'EU Pob'!B77)*1000000 -> 1871.8279 | O77: =((N77/N76)-1)*100 -> 8.0776357
A78: 1949 | B78: -0.6 | C78: - | D78: =B78 -> -0.6 | E78: =E79/(1+(B79/100)) -> 275.82981 | F78: 272.475 | G78: =((F78/F77)-1)*100 -> -0.72613201 | H78: - | I78: - | J78: =F78 -> 272.475 | K78: =G78 -> -0.72613201 | L78: =(J78/E78)*100 -> 98.78374 | M78: =((L78/L77)-1)*100 -> -0.12689337 | N78: =(J78/'EU Pob'!B78)*1000000 -> 1826.3868 | O78: =((N78/N77)-1)*100 -> -2.4276313
A79: 1950 | B79: 8.7 | C79: - | D79: =B79 -> 8.7 | E79: =F79 -> 299.827 | F79: 299.827 | G79: =((F79/F78)-1)*100 -> 10.038352 | H79: - | I79: - | J79: =F79 -> 299.827 | K79: =G79 -> 10.038352 | L79: =(J79/E79)*100 -> 100 | M79: =((L79/L78)-1)*100 -> 1.2312347 | N79: =(J79/'EU Pob'!B79)*1000000 -> 1976.6554 | O79: =((N79/N78)-1)*100 -> 8.2276422
A80: 1951 | B80: 8 | C80: - | D80: =B80 -> 8 | E80: =E79*(1+(B80/100)) -> 323.81316 | F80: 346.914 | G80: =((F80/F79)-1)*100 -> 15.704723 | H80: - | I80: - | J80: =F80 -> 346.914 | K80: =G80 -> 15.704723 | L80: =(J80/E80)*100 -> 107.134 | M80: =((L80/L79)-1)*100 -> 7.1340028 | N80: =(J80/'EU Pob'!B80)*1000000 -> 2248.4979 | O80: =((N80/N79)-1)*100 -> 13.752651
A81: 1952 | B81: 4.1 | C81: - | D81: =B81 -> 4.1 | E81: =E80*(1+(B81/100)) -> 337.0895 | F81: 367.341 | G81: =((F81/F80)-1)*100 -> 5.8882028 | H81: - | I81: - | J81: =F81 -> 367.341 | K81: =G81 -> 5.8882028 | L81: =(J81/E81)*100 -> 108.97432 | M81: =((L81/L80)-1)*100 -> 1.7177741 | N81: =(J81/'EU Pob'!B81)*1000000 -> 2340.4373 | O81: =((N81/N80)-1)*100 -> 4.0889251
A82: 1953 | B82: 4.7 | C82: - | D82: =B82 -> 4.7 | E82: =E81*(1+(B82/100)) -> 352.93271 | F82: 389.218 | G82: =((F82/F81)-1)*100 -> 5.9555018 | H82: - | I82: - | J82: =F82 -> 389.218 | K82: =G82 -> 5.9555018 | L82: =(J82/E82)*100 -> 110.28108 | M82: =((L82/L81)-1)*100 -> 1.1991422 | N82: =(J82/'EU Pob'!B82)*1000000 -> 2439.2442 | O82: =((N82/N81)-1)*100 -> 4.2217268
A83: 1954 | B83: -0.6 | C83: - | D83: =B83 -> -0.6 | E83: =E82*(1+(B83/100)) -> 350.81511 | F83: 390.549 | G83: =((F83/F82)-1)*100 -> 0.34196774 | H83: - | I83: - | J83: =F83 -> 390.549 | K83: =G83 -> 0.34196774 | L83: =(J83/E83)*100 -> 111.32616 | M83: =((L83/L82)-1)*100 -> 0.94765366 | N83: =(J83/'EU Pob'!B83)*1000000 -> 2404.9917 | O83: =((N83/N82)-1)*100 -> -1.4042276
A84: 1955 | B84: 7.1 | C84: - | D84: =B84 -> 7.1 | E84: =E83*(1+(B84/100)) -> 375.72298 | F84: 425.478 | G84: =((F84/F83)-1)*100 -> 8.9435641 | H84: - | I84: - | J84: =F84 -> 425.478 | K84: =G84 -> 8.9435641 | L84: =(J84/E84)*100 -> 113.24247 | M84: =((L84/L83)-1)*100 -> 1.7213483 | N84: =(J84/'EU Pob'!B84)*1000000 -> 2574.3639 | O84: =((N84/N83)-1)*100 -> 7.042531
A85: 1956 | B85: 2.1 | C85: - | D85: =B85 -> 2.1 | E85: =E84*(1+(B85/100)) -> 383.61317 | F85: 449.353 | G85: =((F85/F84)-1)*100 -> 5.611336 | H85: - | I85: - | J85: =F85 -> 449.353 | K85: =G85 -> 5.611336 | L85: =(J85/E85)*100 -> 117.13701 | M85: =((L85/L84)-1)*100 -> 3.4391146 | N85: =(J85/'EU Pob'!B85)*1000000 -> 2671.2063 | O85: =((N85/N84)-1)*100 -> 3.7617988
A86: 1957 | B86: 2.1 | C86: - | D86: =B86 -> 2.1 | E86: =E85*(1+(B86/100)) -> 391.66904 | F86: 474.039 | G86: =((F86/F85)-1)*100 -> 5.4936765 | H86: - | I86: - | J86: =F86 -> 474.039 | K86: =G86 -> 5.4936765 | L86: =(J86/E86)*100 -> 121.0305 | M86: =((L86/L85)-1)*100 -> 3.3238751 | N86: =(J86/'EU Pob'!B86)*1000000 -> 2767.7231 | O86: =((N86/N85)-1)*100 -> 3.6132265
A87: 1958 | B87: -0.7 | C87: - | D87: =B87 -> -0.7 | E87: =E86*(1+(B87/100)) -> 388.92736 | F87: 481.229 | G87: =((F87/F86)-1)*100 -> 1.5167528 | H87: - | I87: - | J87: =F87 -> 481.229 | K87: =G87 -> 1.5167528 | L87: =(J87/E87)*100 -> 123.73236 | M87: =((L87/L86)-1)*100 -> 2.2323795 | N87: =(J87/'EU Pob'!B87)*1000000 -> 2763.4446 | O87: =((N87/N86)-1)*100 -> -0.1545855
A88: 1959 | B88: 6.9 | C88: - | D88: =B88 -> 6.9 | E88: =E87*(1+(B88/100)) -> 415.76335 | F88: 521.654 | G88: =((F88/F87)-1)*100 -> 8.4003666 | H88: - | I88: - | J88: =F88 -> 521.654 | K88: =G88 -> 8.4003666 | L88: =(J88/E88)*100 -> 125.46897 | M88: =((L88/L87)-1)*100 -> 1.4035234 | N88: =(J88/'EU Pob'!B88)*1000000 -> 2945.0347 | O88: =((N88/N87)-1)*100 -> 6.5711524
A89: 1960 | B89: 2.6 | C89: - | D89: =B89 -> 2.6 | E89: =E88*(1+(B89/100)) -> 426.57319 | F89: 542.382 | G89: =((F89/F88)-1)*100 -> 3.973515 | H89: - | I89: - | J89: =F89 -> 542.382 | K89: =G89 -> 3.973515 | L89: =(J89/E89)*100 -> 127.14864 | M89: =((L89/L88)-1)*100 -> 1.3387086 | N89: =(J89/'EU Pob'!B89)*1000000 -> 3000.5643 | O89: =((N89/N88)-1)*100 -> 1.8855317
A90: 1961 | B90: 2.6 | C90: - | D90: =B90 -> 2.6 | E90: =E89*(1+(B90/100)) -> 437.6641 | F90: 562.209 | G90: =((F90/F89)-1)*100 -> 3.6555417 | H90: - | I90: - | J90: =F90 -> 562.209 | K90: =G90 -> 3.6555417 | L90: =(J90/E90)*100 -> 128.45673 | M90: =((L90/L89)-1)*100 -> 1.028793 | N90: =(J90/'EU Pob'!B90)*1000000 -> 3059.774 | O90: =((N90/N89)-1)*100 -> 1.9732871
A91: 1962 | B91: 6.1 | C91: - | D91: =B91 -> 6.1 | E91: =E90*(1+(B91/100)) -> 464.36161 | F91: 603.922 | G91: =((F91/F90)-1)*100 -> 7.4194828 | H91: - | I91: - | J91: =F91 -> 603.922 | K91: =G91 -> 7.4194828 | L91: =(J91/E91)*100 -> 130.05425 | M91: =((L91/L90)-1)*100 -> 1.2436219 | N91: =(J91/'EU Pob'!B91)*1000000 -> 3236.6258 | O91: =((N91/N90)-1)*100 -> 5.779895
... A139: 2010 | B139: 2.6951926 | C139: - | D139: =B139 -> 2.6951926 | E139: =E138*(1+(B139/100)) -> 2049.0612 | F139: 15048.971 | G139: =((F139/F138)-1)*100 -> 3.9432336 | H139: - | I139: - | J139: =F139 -> 15048.971 | K139: =G139 -> 3.9432336 | L139: =(J139/E139)*100 -> 734.43248 | M139: =((L139/L138)-1)*100 -> 1.2152867 | N139: =(J139/'EU Pob'!B139)*1000000 -> 48650.664 | O139: =((N139/N138)-1)*100 -> 3.0844703
A141: PIBR en miles de millones de dólares, 1950=100
A142: Pib nominal en miles de millones de dólares corrientes
A143: Deflactor del PIB calculado PIB Nominal/PIB Real
A144: Federal Reserve Economic Data, FRED (2024), Economic Research Division. https://fred.stlouisfed.org/series/GDPCA. https://fred.stlouisfed.org/series/GDPA

Sheet EU INF
B1: Series de Fred con distintas bases | F1: Tasas de crecimiento de las series Fred con distintas bases | K1: Precios mayoreo 1886-1912 y Precios consumidor 1913-2010 | R1: Índices de precios anuales mayoreo/menudeo, 1886-2010 | X1: Índices de precios anuales mayoreo/menudeo, 1876-2010 | AD1: 1872-1939 | AG1: Index of the General Price Level for United States (M04051USM324NNBR)
A2: Mes/Año | B2: Fred Base 1910-1914 = 100 (1) | C2: Fred Base 1926=100 (2) | D2: Fred Base 1982-1984 = 100 (3) | F2: t/c (1) | G2: t/c (2) | H2: t/c (3) | I2: t/c compuesta | K2: Índice de precios mixta de Fred Base Julio 1950 = 100 | L2: Índice de precios mixta de Fred Base t/c mensual | M2: Índice de precios mixta de Fred Base t/c anual | O2: Mes/Año | P2: Índice de precios mixta de Fred Base Julio 1950 = 100 | R2: Año | S2: Índice de precios promedio de Fred Base 1950 = 100 | T2: Ínflación promedio de Fred t/c | U2: Índice de precios fin de Fred Base 1950 | V2: Ínflación fin de Fred t/c | X2: Año | Y2: Índice de precios promedio de Fred Base 1950 = 100 | Z2: Ínflación promedio de Fred t/c | AA2: Índice de precios fin de Fred Base 1950 | AB2: Ínflación fin de Fred t/c | AD2: Mes/Año | AE2: Índice de precios Fred Base 1913 = 100 | AG2: Año | AH2: Índice de precios promedio de Fred Base 1913 = 100 | AI2: Ínflación promedio de Fred t/c | AJ2: Índice de precios fin de Fred Base 1913 | AK2: Ínflación fin de Fred t/c
A5: 1/1/1885 | B5: - | C5: - | D5: - | F5: - | G5: - | H5: - | I5: - | K5: - | L5: - | M5: - | O5: 1/1/1885 | P5: - | R5: - | S5: - | T5: - | U5: - | V5: - | X5: 1876 | Y5: 36.717344 | Z5: -5.5906222 | AA5: - | AB5: - | AD5: 1/1/1872 | AE5: - | AG5: - | AH5: - | AI5: - | AJ5: - | AK5: -
A6: 2/1/1885 | B6: - | C6: - | D6: - | F6: - | G6: - | H6: - | I6: - | K6: - | L6: - | M6: - | O6: 2/1/1885 | P6: - | R6: 1886 | S6: =AVERAGE(P20:P28) -> 31.947947 | T6: - | U6: =P28 -> 32.43134 | V6: - | X6: 1877 | Y6: 35.349649 | Z6: =((Y6/Y5)-1)*100 -> -3.7249284 | AA6: - | AB6: - | AD6: 2/1/1872 | AE6: - | AG6: 1873 | AH6: =AVERAGE(AE17:AE28) -> 100 | AI6: - | AJ6: =AE28 -> 98 | AK6: -
A7: 3/1/1885 | B7: - | C7: - | D7: - | F7: - | G7: - | H7: - | I7: - | K7: - | L7: - | M7: - | O7: 3/1/1885 | P7: - | R7: 1887 | S7: =AVERAGE(P29:P40) -> 33.420101 | T7: =((S7/S6)-1)*100 -> 4.607978 | U7: =P40 -> 34.408861 | V7: =((U7/U6)-1)*100 -> 6.097561 | X7: 1878 | Y7: 32.614259 | Z7: =((Y7/Y6)-1)*100 -> -7.7380952 | AA7: - | AB7: - | AD7: 3/1/1872 | AE7: - | AG7: 1874 | AH7: =AVERAGE(AE29:AE40) -> 95.666667 | AI7: =((AH7/AH6)-1)*100 -> -4.3333333 | AJ7: =AE40 -> 94 | AK7: =((AJ7/AJ6)-1)*100 -> -4.0816327
A8: 4/1/1885 | B8: - | C8: - | D8: - | F8: - | G8: - | H8: - | I8: - | K8: - | L8: - | M8: - | O8: 4/1/1885 | P8: - | R8: 1888 | S8: =AVERAGE(P41:P52) -> 34.013357 | T8: =((S8/S7)-1)*100 -> 1.7751479 | U8: =P52 -> 34.408861 | V8: =((U8/U7)-1)*100 -> 2.220446e-14 | X8: 1879 | Y8: 32.333707 | Z8: =((Y8/Y7)-1)*100 -> -0.86021505 | AA8: - | AB8: - | AD8: 4/1/1872 | AE8: - | AG8: 1875 | AH8: =AVERAGE(AE41:AE52) -> 92.416667 | AI8: =((AH8/AH7)-1)*100 -> -3.3972125 | AJ8: =AE52 -> 90 | AK8: =((AJ8/AJ7)-1)*100 -> -4.2553191
A9: 5/1/1885 | B9: - | C9: - | D9: - | F9: - | G9: - | H9: - | I9: - | K9: - | L9: - | M9: - | O9: 5/1/1885 | P9: - | R9: 1889 | S9: =AVERAGE(P53:P64) -> 32.167671 | T9: =((S9/S8)-1)*100 -> -5.4263566 | U9: =P64 -> 32.43134 | V9: =((U9/U8)-1)*100 -> -5.7471264 | X9: 1880 | Y9: 34.753474 | Z9: =((Y9/Y8)-1)*100 -> 7.483731 | AA9: - | AB9: - | AD9: 5/1/1872 | AE9: - | AG9: 1876 | AH9: =AVERAGE(AE53:AE64) -> 87.25 | AI9: =((AH9/AH8)-1)*100 -> -5.5906222 | AJ9: =AE64 -> 88 | AK9: =((AJ9/AJ8)-1)*100 -> -2.2222222
A10: 6/1/1885 | B10: - | C10: - | D10: - | F10: - | G10: - | H10: - | I10: - | K10: - | L10: - | M10: - | O10: 6/1/1885 | P10: - | R10: 1890 | S10: =AVERAGE(P65:P76) -> 32.503163 | T10: =((S10/S9)-1)*100 -> 1.0429466 | U10: =P76 -> 32.739357 | V10: =((U10/U9)-1)*100 -> 0.94974807 | X10: 1881 | Y10: 35.805547 | Z10: =((Y10/Y9)-1)*100 -> 3.0272452 | AA10: - | AB10: - | AD10: 6/1/1872 | AE10: - | AG10: 1877 | AH10: =AVERAGE(AE65:AE76) -> 84 | AI10: =((AH10/AH9)-1)*100 -> -3.7249284 | AJ10: =AE76 -> 81 | AK10: =((AJ10/AJ9)-1)*100 -> -7.9545455
A11: 7/1/1885 | B11: - | C11: - | D11: - | F11: - | G11: - | H11: - | I11: - | K11: - | L11: - | M11: - | O11: 7/1/1885 | P11: - | R11: 1891 | S11: =AVERAGE(P77:P88) -> 32.315172 | T11: =((S11/S10)-1)*100 -> -0.57837758 | U11: =P88 -> 31.119742 | V11: =((U11/U10)-1)*100 -> -4.9469965 | X11: 1882 | Y11: 36.892689 | Z11: =((Y11/Y10)-1)*100 -> 3.036239 | AA11: - | AB11: - | AD11: 7/1/1872 | AE11: - | AG11: 1878 | AH11: =AVERAGE(AE77:AE88) -> 77.5 | AI11: =((AH11/AH10)-1)*100 -> -7.7380952 | AJ11: =AE88 -> 76 | AK11: =((AJ11/AJ10)-1)*100 -> -6.1728395
A12: 8/1/1885 | B12: - | C12: - | D12: - | F12: - | G12: - | H12: - | I12: - | K12: - | L12: - | M12: - | O12: 8/1/1885 | P12: - | R12: 1892 | S12: =AVERAGE(P89:P100) -> 30.247271 | T12: =((S12/S11)-1)*100 -> -6.3991647 | U12: =P100 -> 31.813862 | V12: =((U12/U11)-1)*100 -> 2.2304833 | X12: 1883 | Y12: 35.31458 | Z12: =((Y12/Y11)-1)*100 -> -4.2775665 | AA12: - | AB12: - | AD12: 8/1/1872 | AE12: - | AG12: 1879 | AH12: =AVERAGE(AE89:AE100) -> 76.833333 | AI12: =((AH12/AH11)-1)*100 -> -0.86021505 | AJ12: =AE100 -> 82 | AK12: =((AJ12/AJ11)-1)*100 -> 7.8947368
A13: 9/1/1885 | B13: - | C13: - | D13: - | F13: - | G13: - | H13: - | I13: - | K13: - | L13: - | M13: - | O13: 9/1/1885 | P13: - | R13: 1893 | S13: =AVERAGE(P101:P112) -> 30.970313 | T13: =((S13/S12)-1)*100 -> 2.3904382 | U13: =P112 -> 29.153067 | V13: =((U13/U12)-1)*100 -> -8.3636364 | X13: 1884 | Y13: 33.490987 | Z13: =((Y13/Y12)-1)*100 -> -5.163853 | AA13: - | AB13: - | AD13: 9/1/1872 | AE13: - | AG13: 1880 | AH13: =AVERAGE(AE101:AE112) -> 82.583333 | AI13: =((AH13/AH12)-1)*100 -> 7.483731 | AJ13: =AE112 -> 83 | AK13: =((AJ13/AJ12)-1)*100 -> 1.2195122
A14: 10/1/1885 | B14: - | C14: - | D14: - | F14: - | G14: - | H14: - | I14: - | K14: - | L14: - | M14: - | O14: 10/1/1885 | P14: - | R14: 1894 | S14: =AVERAGE(P113:P124) -> 27.774466 | T14: =((S14/S13)-1)*100 -> -10.319066 | U14: =P124 -> 27.475608 | V14: =((U14/U13)-1)*100 -> -5.7539683 | X14: 1885 | Y14: 32.333707 | Z14: =((Y14/Y13)-1)*100 -> -3.4554974 | AA14: - | AB14: - | AD14: 10/1/1872 | AE14: - | AG14: 1881 | AH14: =AVERAGE(AE113:AE124) -> 85.083333 | AI14: =((AH14/AH13)-1)*100 -> 3.0272452 | AJ14: =AE124 -> 87 | AK14: =((AJ14/AJ13)-1)*100 -> 4.8192771
A15: 11/1/1885 | B15: - | C15: - | D15: - | F15: - | G15: - | H15: - | I15: - | K15: - | L15: - | M15: - | O15: 11/1/1885 | P15: - | R15: 1895 | S15: =AVERAGE(P125:P136) -> 28.275775 | T15: =((S15/S14)-1)*100 -> 1.8049288 | U15: =P136 -> 27.938355 | V15: =((U15/U14)-1)*100 -> 1.6842105 | X15: 1886 | Y15: =S6 -> 31.947947 | Z15: =((Y15/Y14)-1)*100 -> -1.1930586 | AA15: =U6 -> 32.43134 | AB15: - | AD15: 11/1/1872 | AE15: - | AG15: 1882 | AH15: =AVERAGE(AE125:AE136) -> 87.666667 | AI15: =((AH15/AH14)-1)*100 -> 3.036239 | AJ15: =AE136 -> 86 | AK15: =((AJ15/AJ14)-1)*100 -> -1.1494253
A16: 12/1/1885 | B16: - | C16: - | D16: - | F16: - | G16: - | H16: - | I16: - | K16: - | L16: - | M16: - | O16: 12/1/1885 | P16: - | R16: 1896 | S16: =AVERAGE(P137:P148) -> 26.916456 | T16: =((S16/S15)-1)*100 -> -4.8073645 | U16: =P148 -> 27.533452 | V16: =((U16/U15)-1)*100 -> -1.4492754 | X16: 1887 | Y16: =S7 -> 33.420101 | Z16: =((Y16/Y15)-1)*100 -> 4.607978 | AA16: =U7 -> 34.408861 | AB16: =((AA16/AA15)-1)*100 -> 6.097561 | AD16: 12/1/1872 | AE16: - | AG16: 1883 | AH16: =AVERAGE(AE137:AE148) -> 83.916667 | AI16: =((AH16/AH15)-1)*100 -> -4.2775665 | AJ16: =AE148 -> 82 | AK16: =((AJ16/AJ15)-1)*100 -> -4.6511628
A17: 1/1/1886 | B17: - | C17: - | D17: - | F17: - | G17: - | H17: - | I17: - | K17: - | L17: - | M17: - | O17: 1/1/1886 | P17: - | R17: 1897 | S17: =AVERAGE(P149:P160) -> 27.022502 | T17: =((S17/S16)-1)*100 -> 0.39398281 | U17: =P160 -> 27.822669 | V17: =((U17/U16)-1)*100 -> 1.0504202 | X17: 1888 | Y17: =S8 -> 34.013357 | Z17: =((Y17/Y16)-1)*100 -> 1.7751479 | AA17: =U8 -> 34.408861 | AB17: =((AA17/AA16)-1)*100 -> 2.220446e-14 | AD17: 1/1/1873 | AE17: 102 | AG17: 1884 | AH17: =AVERAGE(AE149:AE160) -> 79.583333 | AI17: =((AH17/AH16)-1)*100 -> -5.163853 | AJ17: =AE160 -> 77 | AK17: =((AJ17/AJ16)-1)*100 -> -6.097561
A18: 2/1/1886 | B18: - | C18: - | D18: - | F18: - | G18: - | H18: - | I18: - | K18: - | L18: - | M18: - | O18: 2/1/1886 | P18: - | R18: 1898 | S18: =AVERAGE(P161:P172) -> 28.063683 | T18: =((S18/S17)-1)*100 -> 3.8530146 | U18: =P172 -> 27.938355 | V18: =((U18/U17)-1)*100 -> 0.41580042 | X18: 1889 | Y18: =S9 -> 32.167671 | Z18: =((Y18/Y17)-1)*100 -> -5.4263566 | AA18: =U9 -> 32.43134 | AB18: =((AA18/AA17)-1)*100 -> -5.7471264 | AD18: 2/1/1873 | AE18: 103 | AG18: 1885 | AH18: =AVERAGE(AE161:AE172) -> 76.833333 | AI18: =((AH18/AH17)-1)*100 -> -3.4554974 | AJ18: =AE172 -> 78 | AK18: =((AJ18/AJ17)-1)*100 -> 1.2987013
A19: 3/1/1886 | B19: 83 | C19: - | D19: - | F19: - | G19: - | H19: - | I19: - | K19: - | L19: - | M19: - | O19: 3/1/1886 | P19: - | R19: 1899 | S19: =AVERAGE(P173:P184) -> 30.290653 | T19: =((S19/S18)-1)*100 -> 7.9354174 | U19: =P184 -> 32.7972 | V19: =((U19/U18)-1)*100 -> 17.391304 | X19: 1890 | Y19: =S10 -> 32.503163 | Z19: =((Y19/Y18)-1)*100 -> 1.0429466 | AA19: =U10 -> 32.739357 | AB19: =((AA19/AA18)-1)*100 -> 0.94974807 | AD19: 3/1/1873 | AE19: 103 | AG19: 1886 | AH19: =AVERAGE(AE173:AE184) -> 75.916667 | AI19: =((AH19/AH18)-1)*100 -> -1.1930586 | AJ19: =AE184 -> 76 | AK19: =((AJ19/AJ18)-1)*100 -> -2.5641026
A20: 4/1/1886 | B20: 82 | C20: - | D20: - | F20: =((B20/B19)-1)*100 -> -1.2048193 | G20: - | H20: - | I20: =F20 -> -1.2048193 | K20: =K21/(1+(I21/100)) -> 32.43134 | L20: - | M20: - | O20: 4/1/1886 | P20: =K20 -> 32.43134 | R20: 1900 | S20: =AVERAGE(P185:P196) -> 32.479061 | T20: =((S20/S19)-1)*100 -> 7.2246976 | U20: =P196 -> 31.871706 | V20: =((U20/U19)-1)*100 -> -2.8218695 | X20: 1891 | Y20: =S11 -> 32.315172 | Z20: =((Y20/Y19)-1)*100 -> -0.57837758 | AA20: =U11 -> 31.119742 | AB20: =((AA20/AA19)-1)*100 -> -4.9469965 | AD20: 4/1/1873 | AE20: 103 | AG20: 1887 | AH20: =AVERAGE(AE185:AE196) -> 76.916667 | AI20: =((AH20/AH19)-1)*100 -> 1.3172338 | AJ20: =AE196 -> 78 | AK20: =((AJ20/AJ19)-1)*100 -> 2.6315789
A21: 5/1/1886 | B21: 80 | C21: - | D21: - | F21: =((B21/B20)-1)*100 -> -2.4390244 | G21: - | H21: - | I21: =F21 -> -2.4390244 | K21: =K22/(1+(I22/100)) -> 31.640332 | L21: =((K21/K20)-1)*100 -> -2.4390244 | M21: - | O21: 5/1/1886 | P21: =K21 -> 31.640332 | R21: 1901 | S21: =AVERAGE(P197:P208) -> 31.977752 | T21: =((S21/S20)-1)*100 -> -1.5434847 | U21: =P208 -> 33.375634 | V21: =((U21/U20)-1)*100 -> 4.7186933 | X21: 1892 | Y21: =S12 -> 30.247271 | Z21: =((Y21/Y20)-1)*100 -> -6.3991647 | AA21: =U12 -> 31.813862 | AB21: =((AA21/AA20)-1)*100 -> 2.2304833 | AD21: 5/1/1873 | AE21: 101 | AG21: 1888 | AH21: =AVERAGE(AE197:AE208) -> 77.916667 | AI21: =((AH21/AH20)-1)*100 -> 1.3001083 | AJ21: =AE208 -> 78 | AK21: =((AJ21/AJ20)-1)*100 -> 0
A22: 6/1/1886 | B22: 79 | C22: - | D22: - | F22: =((B22/B21)-1)*100 -> -1.25 | G22: - | H22: - | I22: =F22 -> -1.25 | K22: =K23/(1+(I23/100)) -> 31.244828 | L22: =((K22/K21)-1)*100 -> -1.25 | M22: - | O22: 6/1/1886 | P22: =K22 -> 31.244828 | R22: 1902 | S22: =AVERAGE(P209:P220) -> 34.016731 | T22: =((S22/S21)-1)*100 -> 6.3762436 | U22: =P220 -> 35.573682 | V22: =((U22/U21)-1)*100 -> 6.5857886 | X22: 1893 | Y22: =S13 -> 30.970313 | Z22: =((Y22/Y21)-1)*100 -> 2.3904382 | AA22: =U13 -> 29.153067 | AB22: =((AA22/AA21)-1)*100 -> -8.3636364 | AD22: 6/1/1873 | AE22: 99 | AG22: 1889 | AH22: =AVERAGE(AE209:AE220) -> 77.083333 | AI22: =((AH22/AH21)-1)*100 -> -1.0695187 | AJ22: =AE220 -> 77 | AK22: =((AJ22/AJ21)-1)*100 -> -1.2820513
A23: 7/1/1886 | B23: 80 | C23: - | D23: - | F23: =((B23/B22)-1)*100 -> 1.2658228 | G23: - | H23: - | I23: =F23 -> 1.2658228 | K23: =K24/(1+(I24/100)) -> 31.640332 | L23: =((K23/K22)-1)*100 -> 1.2658228 | M23: - | O23: 7/1/1886 | P23: =K23 -> 31.640332 | R23: 1903 | S23: =AVERAGE(P221:P232) -> 34.465018 | T23: =((S23/S22)-1)*100 -> 1.3178404 | U23: =P232 -> 33.664851 | V23: =((U23/U22)-1)*100 -> -5.3658537 | X23: 1894 | Y23: =S14 -> 27.774466 | Z23: =((Y23/Y22)-1)*100 -> -10.319066 | AA23: =U14 -> 27.475608 | AB23: =((AA23/AA22)-1)*100 -> -5.7539683 | AD23: 7/1/1873 | AE23: 99 | AG23: 1890 | AH23: =AVERAGE(AE221:AE232) -> 77.5 | AI23: =((AH23/AH22)-1)*100 -> 0.54054054 | AJ23: =AE232 -> 77 | AK23: =((AJ23/AJ22)-1)*100 -> 0
A24: 8/1/1886 | B24: 81 | C24: - | D24: - | F24: =((B24/B23)-1)*100 -> 1.25 | G24: - | H24: - | I24: =F24 -> 1.25 | K24: =K25/(1+(I25/100)) -> 32.035836 | L24: =((K24/K23)-1)*100 -> 1.25 | M24: - | O24: 8/1/1886 | P24: =K24 -> 32.035836 | R24: 1904 | S24: =AVERAGE(P233:P244) -> 34.527681 | T24: =((S24/S23)-1)*100 -> 0.18181818 | U24: =P244 -> 35.342309 | V24: =((U24/U23)-1)*100 -> 4.9828179 | X24: 1895 | Y24: =S15 -> 28.275775 | Z24: =((Y24/Y23)-1)*100 -> 1.8049288 | AA24: =U15 -> 27.938355 | AB24: =((AA24/AA23)-1)*100 -> 1.6842105 | AD24: 8/1/1873 | AE24: 99 | AG24: 1891 | AH24: =AVERAGE(AE233:AE244) -> 76.75 | AI24: =((AH24/AH23)-1)*100 -> -0.96774194 | AJ24: =AE244 -> 76 | AK24: =((AJ24/AJ23)-1)*100 -> -1.2987013
A25: 9/1/1886 | B25: 81 | C25: - | D25: - | F25: =((B25/B24)-1)*100 -> 0 | G25: - | H25: - | I25: =F25 -> 0 | K25: =K26/(1+(I26/100)) -> 32.035836 | L25: =((K25/K24)-1)*100 -> 0 | M25: - | O25: 9/1/1886 | P25: =K25 -> 32.035836 | R25: 1905 | S25: =AVERAGE(P245:P256) -> 34.754234 | T25: =((S25/S24)-1)*100 -> 0.65614966 | U25: =P256 -> 35.284466 | V25: =((U25/U24)-1)*100 -> -0.16366612 | X25: 1896 | Y25: =S16 -> 26.916456 | Z25: =((Y25/Y24)-1)*100 -> -4.8073645 | AA25: =U16 -> 27.533452 | AB25: =((AA25/AA24)-1)*100 -> -1.4492754 | AD25: 9/1/1873 | AE25: 99 | AG25: 1892 | AH25: =AVERAGE(AE245:AE256) -> 75.75 | AI25: =((AH25/AH24)-1)*100 -> -1.3029316 | AJ25: =AE256 -> 77 | AK25: =((AJ25/AJ24)-1)*100 -> 1.3157895
A26: 10/1/1886 | B26: 81 | C26: - | D26: - | F26: =((B26/B25)-1)*100 -> 0 | G26: - | H26: - | I26: =F26 -> 0 | K26: =K27/(1+(I27/100)) -> 32.035836 | L26: =((K26/K25)-1)*100 -> 0 | M26: - | O26: 10/1/1886 | P26: =K26 -> 32.035836 | R26: 1906 | S26: =AVERAGE(P257:P268) -> 35.645987 | T26: =((S26/S25)-1)*100 -> 2.5658807 | U26: =P268 -> 37.193297 | V26: =((U26/U25)-1)*100 -> 5.4098361 | X26: 1897 | Y26: =S17 -> 27.022502 | Z26: =((Y26/Y25)-1)*100 -> 0.39398281 | AA26: =U17 -> 27.822669 | AB26: =((AA26/AA25)-1)*100 -> 1.0504202 | AD26: 10/1/1873 | AE26: 98 | AG26: 1893 | AH26: =AVERAGE(AE257:AE268) -> 75.25 | AI26: =((AH26/AH25)-1)*100 -> -0.66006601 | AJ26: =AE268 -> 73 | AK26: =((AJ26/AJ25)-1)*100 -> -5.1948052
A27: 11/1/1886 | B27: 81 | C27: - | D27: - | F27: =((B27/B26)-1)*100 -> 0 | G27: - | H27: - | I27: =F27 -> 0 | K27: =K28/(1+(I28/100)) -> 32.035836 | L27: =((K27/K26)-1)*100 -> 0 | M27: - | O27: 11/1/1886 | P27: =K27 -> 32.035836 | R27: 1907 | S27: =AVERAGE(P269:P280) -> 37.733169 | T27: =((S27/S26)-1)*100 -> 5.8553076 | U27: =P280 -> 36.55702 | V27: =((U27/U26)-1)*100 -> -1.7107309 | X27: 1898 | Y27: =S18 -> 28.063683 | Z27: =((Y27/Y26)-1)*100 -> 3.8530146 | AA27: =U18 -> 27.938355 | AB27: =((AA27/AA26)-1)*100 -> 0.41580042 | AD27: 11/1/1873 | AE27: 96 | AG27: 1894 | AH27: =AVERAGE(AE269:AE280) -> 71.083333 | AI27: =((AH27/AH26)-1)*100 -> -5.5370986 | AJ27: =AE280 -> 71 | AK27: =((AJ27/AJ26)-1)*100 -> -2.739726
A28: 12/1/1886 | B28: 82 | C28: - | D28: - | F28: =((B28/B27)-1)*100 -> 1.2345679 | G28: - | H28: - | I28: =F28 -> 1.2345679 | K28: =K29/(1+(I29/100)) -> 32.43134 | L28: =((K28/K27)-1)*100 -> 1.2345679 | M28: - | O28: 12/1/1886 | P28: =K28 -> 32.43134 | R28: 1908 | S28: =AVERAGE(P281:P292) -> 36.359388 | T28: =((S28/S27)-1)*100 -> -3.6407767 | U28: =P292 -> 37.482514 | V28: =((U28/U27)-1)*100 -> 2.5316456 | X28: 1899 | Y28: =S19 -> 30.290653 | Z28: =((Y28/Y27)-1)*100 -> 7.9354174 | AA28: =U19 -> 32.7972 | AB28: =((AA28/AA27)-1)*100 -> 17.391304 | AD28: 12/1/1873 | AE28: 98 | AG28: 1895 | AH28: =AVERAGE(AE281:AE292) -> 72.25 | AI28: =((AH28/AH27)-1)*100 -> 1.6412661 | AJ28: =AE292 -> 72 | AK28: =((AJ28/AJ27)-1)*100 -> 1.4084507
A29: 1/1/1887 | B29: 84 | C29: - | D29: - | F29: =((B29/B28)-1)*100 -> 2.4390244 | G29: - | H29: - | I29: =F29 -> 2.4390244 | K29: =K30/(1+(I30/100)) -> 33.222349 | L29: =((K29/K28)-1)*100 -> 2.4390244 | M29: - | O29: 1/1/1887 | P29: =K29 -> 33.222349 | R29: 1909 | S29: =AVERAGE(P293:P304) -> 39.222636 | T29: =((S29/S28)-1)*100 -> 7.8748509 | U29: =P304 -> 41.415864 | V29: =((U29/U28)-1)*100 -> 10.493827 | X29: 1900 | Y29: =S20 -> 32.479061 | Z29: =((Y29/Y28)-1)*100 -> 7.2246976 | AA29: =U20 -> 31.871706 | AB29: =((AA29/AA28)-1)*100 -> -2.8218695 | AD29: 1/1/1874 | AE29: 98 | AG29: 1896 | AH29: =AVERAGE(AE293:AE304) -> 71.166667 | AI29: =((AH29/AH28)-1)*100 -> -1.4994233 | AJ29: =AE304 -> 72 | AK29: =((AJ29/AJ28)-1)*100 -> 0
A30: 2/1/1887 | B30: 85 | C30: - | D30: - | F30: =((B30/B29)-1)*100 -> 1.1904762 | G30: - | H30: - | I30: =F30 -> 1.1904762 | K30: =K31/(1+(I31/100)) -> 33.617853 | L30: =((K30/K29)-1)*100 -> 1.1904762 | M30: - | O30: 2/1/1887 | P30: =K30 -> 33.617853 | R30: 1910 | S30: =AVERAGE(P305:P316) -> 40.702463 | T30: =((S30/S29)-1)*100 -> 3.7728893 | U30: =P316 -> 38.523695 | V30: =((U30/U29)-1)*100 -> -6.9832402 | X30: 1901 | Y30: =S21 -> 31.977752 | Z30: =((Y30/Y29)-1)*100 -> -1.5434847 | AA30: =U21 -> 33.375634 | AB30: =((AA30/AA29)-1)*100 -> 4.7186933 | AD30: 2/1/1874 | AE30: 97 | AG30: 1897 | AH30: =AVERAGE(AE305:AE316) -> 71.75 | AI30: =((AH30/AH29)-1)*100 -> 0.81967213 | AJ30: =AE316 -> 73 | AK30: =((AJ30/AJ29)-1)*100 -> 1.3888889
A31: 3/1/1887 | B31: 85 | C31: - | D31: - | F31: =((B31/B30)-1)*100 -> 0 | G31: - | H31: - | I31: =F31 -> 0 | K31: =K32/(1+(I32/100)) -> 33.617853 | L31: =((K31/K30)-1)*100 -> 0 | M31: - | O31: 3/1/1887 | P31: =K31 -> 33.617853 | R31: 1911 | S31: =AVERAGE(P317:P328) -> 37.472874 | T31: =((S31/S30)-1)*100 -> -7.9346281 | U31: =P328 -> 37.771731 | V31: =((U31/U30)-1)*100 -> -1.951952 | X31: 1902 | Y31: =S22 -> 34.016731 | Z31: =((Y31/Y30)-1)*100 -> 6.3762436 | AA31: =U22 -> 35.573682 | AB31: =((AA31/AA30)-1)*100 -> 6.5857886 | AD31: 3/1/1874 | AE31: 97 | AG31: 1898 | AH31: =AVERAGE(AE317:AE328) -> 73.416667 | AI31: =((AH31/AH30)-1)*100 -> 2.3228804 | AJ31: =AE328 -> 74 | AK31: =((AJ31/AJ30)-1)*100 -> 1.369863
A32: 4/1/1887 | B32: 85 | C32: - | D32: - | F32: =((B32/B31)-1)*100 -> 0 | G32: - | H32: - | I32: =F32 -> 0 | K32: =K33/(1+(I33/100)) -> 33.617853 | L32: =((K32/K31)-1)*100 -> 0 | M32: =((K32/K20)-1)*100 -> 3.6585366 | O32: 4/1/1887 | P32: =K32 -> 33.617853 | R32: 1912 | S32: =AVERAGE(P329:P340) -> 39.964959 | T32: =((S32/S31)-1)*100 -> 6.650373 | U32: =P340 -> 40.548214 | V32: =((U32/U31)-1)*100 -> 7.3506891 | X32: 1903 | Y32: =S23 -> 34.465018 | Z32: =((Y32/Y31)-1)*100 -> 1.3178404 | AA32: =U23 -> 33.664851 | AB32: =((AA32/AA31)-1)*100 -> -5.3658537 | AD32: 4/1/1874 | AE32: 97 | AG32: 1899 | AH32: =AVERAGE(AE329:AE340) -> 77.083333 | AI32: =((AH32/AH31)-1)*100 -> 4.9943246 | AJ32: =AE340 -> 79 | AK32: =((AJ32/AJ31)-1)*100 -> 6.7567568
A33: 5/1/1887 | B33: 85 | C33: - | D33: - | F33: =((B33/B32)-1)*100 -> 0 | G33: - | H33: - | I33: =F33 -> 0 | K33: =K34/(1+(I34/100)) -> 33.617853 | L33: =((K33/K32)-1)*100 -> 0 | M33: =((K33/K21)-1)*100 -> 6.25 | O33: 5/1/1887 | P33: =K33 -> 33.617853 | R33: 1913 | S33: =AVERAGE(P341:P352) -> 41.009682 | T33: =((S33/S32)-1)*100 -> 2.6140959 | U33: =P352 -> 41.493776 | V33: =((U33/U32)-1)*100 -> 2.3319456 | X33: 1904 | Y33: =S24 -> 34.527681 | Z33: =((Y33/Y32)-1)*100 -> 0.18181818 | AA33: =U24 -> 35.342309 | AB33: =((AA33/AA32)-1)*100 -> 4.9828179 | AD33: 5/1/1874 | AE33: 97 | AG33: 1900 | AH33: =AVERAGE(AE341:AE352) -> 79.583333 | AI33: =((AH33/AH32)-1)*100 -> 3.2432432 | AJ33: =AE352 -> 80 | AK33: =((AJ33/AJ32)-1)*100 -> 1.2658228
A34: 6/1/1887 | B34: 84 | C34: - | D34: - | F34: =((B34/B33)-1)*100 -> -1.1764706 | G34: - | H34: - | I34: =F34 -> -1.1764706 | K34: =K35/(1+(I35/100)) -> 33.222349 | L34: =((K34/K33)-1)*100 -> -1.1764706 | M34: =((K34/K22)-1)*100 -> 6.3291139 | O34: 6/1/1887 | P34: =K34 -> 33.222349 | R34: 1914 | S34: =AVERAGE(P353:P364) -> 41.562932 | T34: =((S34/S33)-1)*100 -> 1.3490725 | U34: =P364 -> 41.908714 | V34: =((U34/U33)-1)*100 -> 1 | X34: 1905 | Y34: =S25 -> 34.754234 | Z34: =((Y34/Y33)-1)*100 -> 0.65614966 | AA34: =U25 -> 35.284466 | AB34: =((AA34/AA33)-1)*100 -> -0.16366612 | AD34: 6/1/1874 | AE34: 95 | AG34: 1901 | AH34: =AVERAGE(AE353:AE364) -> 81.083333 | AI34: =((AH34/AH33)-1)*100 -> 1.8848168 | AJ34: =AE364 -> 83 | AK34: =((AJ34/AJ33)-1)*100 -> 3.75
A35: 7/1/1887 | B35: 83 | C35: - | D35: - | F35: =((B35/B34)-1)*100 -> -1.1904762 | G35: - | H35: - | I35: =F35 -> -1.1904762 | K35: =K36/(1+(I36/100)) -> 32.826845 | L35: =((K35/K34)-1)*100 -> -1.1904762 | M35: =((K35/K23)-1)*100 -> 3.75 | O35: 7/1/1887 | P35: =K35 -> 32.826845 | R35: 1915 | S35: =AVERAGE(P365:P376) -> 41.943292 | T35: =((S35/S34)-1)*100 -> 0.91514143 | U35: =P376 -> 42.738589 | V35: =((U35/U34)-1)*100 -> 1.980198 | X35: 1906 | Y35: =S26 -> 35.645987 | Z35: =((Y35/Y34)-1)*100 -> 2.5658807 | AA35: =U26 -> 37.193297 | AB35: =((AA35/AA34)-1)*100 -> 5.4098361 | AD35: 7/1/1874 | AE35: 96 | AG35: 1902 | AH35: =AVERAGE(AE365:AE376) -> 84 | AI35: =((AH35/AH34)-1)*100 -> 3.5971223 | AJ35: =AE376 -> 86 | AK35: =((AJ35/AJ34)-1)*100 -> 3.6144578
A36: 8/1/1887 | B36: 84 | C36: - | D36: - | F36: =((B36/B35)-1)*100 -> 1.2048193 | G36: - | H36: - | I36: =F36 -> 1.2048193 | K36: =K37/(1+(I37/100)) -> 33.222349 | L36: =((K36/K35)-1)*100 -> 1.2048193 | M36: =((K36/K24)-1)*100 -> 3.7037037 | O36: 8/1/1887 | P36: =K36 -> 33.222349 | R36: 1916 | S36: =AVERAGE(P377:P388) -> 45.159059 | T36: =((S36/S35)-1)*100 -> 7.6669415 | U36: =P388 -> 48.13278 | V36: =((U36/U35)-1)*100 -> 12.621359 | X36: 1907 | Y36: =S27 -> 37.733169 | Z36: =((Y36/Y35)-1)*100 -> 5.8553076 | AA36: =U27 -> 36.55702 | AB36: =((AA36/AA35)-1)*100 -> -1.7107309 | AD36: 8/1/1874 | AE36: 95 | AG36: 1903 | AH36: =AVERAGE(AE377:AE388) -> 85.416667 | AI36: =((AH36/AH35)-1)*100 -> 1.6865079 | AJ36: =AE388 -> 84 | AK36: =((AJ36/AJ35)-1)*100 -> -2.3255814
A37: 9/1/1887 | B37: 83 | C37: - | D37: - | F37: =((B37/B36)-1)*100 -> -1.1904762 | G37: - | H37: - | I37: =F37 -> -1.1904762 | K37: =K38/(1+(I38/100)) -> 32.826845 | L37: =((K37/K36)-1)*100 -> -1.1904762 | M37: =((K37/K25)-1)*100 -> 2.4691358 | O37: 9/1/1887 | P37: =K37 -> 32.826845 | R37: 1917 | S37: =AVERAGE(P389:P400) -> 53.215768 | T37: =((S37/S36)-1)*100 -> 17.840735 | U37: =P400 -> 56.846473 | V37: =((U37/U36)-1)*100 -> 18.103448 | X37: 1908 | Y37: =S28 -> 36.359388 | Z37: =((Y37/Y36)-1)*100 -> -3.6407767 | AA37: =U28 -> 37.482514 | AB37: =((AA37/AA36)-1)*100 -> 2.5316456 | AD37: 9/1/1874 | AE37: 95 | AG37: 1904 | AH37: =AVERAGE(AE389:AE400) -> 85.916667 | AI37: =((AH37/AH36)-1)*100 -> 0.58536585 | AJ37: =AE400 -> 87 | AK37: =((AJ37/AJ36)-1)*100 -> 3.5714286
A38: 10/1/1887 | B38: 84 | C38: - | D38: - | F38: =((B38/B37)-1)*100 -> 1.2048193 | G38: - | H38: - | I38: =F38 -> 1.2048193 | K38: =K39/(1+(I39/100)) -> 33.222349 | L38: =((K38/K37)-1)*100 -> 1.2048193 | M38: =((K38/K26)-1)*100 -> 3.7037037 | O38: 10/1/1887 | P38: =K38 -> 33.222349 | R38: 1918 | S38: =AVERAGE(P401:P412) -> 62.413555 | T38: =((S38/S37)-1)*100 -> 17.283951 | U38: =P412 -> 68.46473 | V38: =((U38/U37)-1)*100 -> 20.437956 | X38: 1909 | Y38: =S29 -> 39.222636 | Z38: =((Y38/Y37)-1)*100 -> 7.8748509 | AA38: =U29 -> 41.415864 | AB38: =((AA38/AA37)-1)*100 -> 10.493827 | AD38: 10/1/1874 | AE38: 94 | AG38: 1905 | AH38: =AVERAGE(AE401:AE412) -> 88.166667 | AI38: =((AH38/AH37)-1)*100 -> 2.6188167 | AJ38: =AE412 -> 89 | AK38: =((AJ38/AJ37)-1)*100 -> 2.2988506
A39: 11/1/1887 | B39: 85 | C39: - | D39: - | F39: =((B39/B38)-1)*100 -> 1.1904762 | G39: - | H39: - | I39: =F39 -> 1.1904762 | K39: =K40/(1+(I40/100)) -> 33.617853 | L39: =((K39/K38)-1)*100 -> 1.1904762 | M39: =((K39/K27)-1)*100 -> 4.9382716 | O39: 11/1/1887 | P39: =K39 -> 33.617853 | R39: 1919 | S39: =AVERAGE(P413:P424) -> 71.922545 | T39: =((S39/S38)-1)*100 -> 15.235457 | U39: =P424 -> 78.423237 | V39: =((U39/U38)-1)*100 -> 14.545455 | X39: 1910 | Y39: =S30 -> 40.702463 | Z39: =((Y39/Y38)-1)*100 -> 3.7728893 | AA39: =U30 -> 38.523695 | AB39: =((AA39/AA38)-1)*100 -> -6.9832402 | AD39: 11/1/1874 | AE39: 93 | AG39: 1906 | AH39: =AVERAGE(AE413:AE424) -> 90.666667 | AI39: =((AH39/AH38)-1)*100 -> 2.8355388 | AJ39: =AE424 -> 93 | AK39: =((AJ39/AJ38)-1)*100 -> 4.494382
A40: 12/1/1887 | B40: 87 | C40: - | D40: - | F40: =((B40/B39)-1)*100 -> 2.3529412 | G40: - | H40: - | I40: =F40 -> 2.3529412 | K40: =K41/(1+(I41/100)) -> 34.408861 | L40: =((K40/K39)-1)*100 -> 2.3529412 | M40: =((K40/K28)-1)*100 -> 6.097561 | O40: 12/1/1887 | P40: =K40 -> 34.408861 | R40: 1920 | S40: =AVERAGE(P425:P436) -> 83.160443 | T40: =((S40/S39)-1)*100 -> 15.625 | U40: =P436 -> 80.497925 | V40: =((U40/U39)-1)*100 -> 2.6455026 | X40: 1911 | Y40: =S31 -> 37.472874 | Z40: =((Y40/Y39)-1)*100 -> -7.9346281 | AA40: =U31 -> 37.771731 | AB40: =((AA40/AA39)-1)*100 -> -1.951952 | AD40: 12/1/1874 | AE40: 94 | AG40: 1907 | AH40: =AVERAGE(AE425:AE436) -> 92.75 | AI40: =((AH40/AH39)-1)*100 -> 2.2977941 | AJ40: =AE436 -> 91 | AK40: =((AJ40/AJ39)-1)*100 -> -2.1505376
A41: 1/1/1888 | B41: 88 | C41: - | D41: - | F41: =((B41/B40)-1)*100 -> 1.1494253 | G41: - | H41: - | I41: =F41 -> 1.1494253 | K41: =K42/(1+(I42/100)) -> 34.804365 | L41: =((K41/K40)-1)*100 -> 1.1494253 | M41: =((K41/K29)-1)*100 -> 4.7619048 | O41: 1/1/1888 | P41: =K41 -> 34.804365 | R41: 1921 | S41: =AVERAGE(P437:P448) -> 74.06639 | T41: =((S41/S40)-1)*100 -> -10.935551 | U41: =P448 -> 71.784232 | V41: =((U41/U40)-1)*100 -> -10.824742 | X41: 1912 | Y41: =S32 -> 39.964959 | Z41: =((Y41/Y40)-1)*100 -> 6.650373 | AA41: =U32 -> 40.548214 | AB41: =((AA41/AA40)-1)*100 -> 7.3506891 | AD41: 1/1/1875 | AE41: 94 | AG41: 1908 | AH41: =AVERAGE(AE437:AE448) -> 90.916667 | AI41: =((AH41/AH40)-1)*100 -> -1.9766397 | AJ41: =AE448 -> 92 | AK41: =((AJ41/AJ40)-1)*100 -> 1.0989011
A42: 2/1/1888 | B42: 87 | C42: - | D42: - | F42: =((B42/B41)-1)*100 -> -1.1363636 | G42: - | H42: - | I42: =F42 -> -1.1363636 | K42: =K43/(1+(I43/100)) -> 34.408861 | L42: =((K42/K41)-1)*100 -> -1.1363636 | M42: =((K42/K30)-1)*100 -> 2.3529412 | O42: 2/1/1888 | P42: =K42 -> 34.408861 | R42: 1922 | S42: =AVERAGE(P449:P460) -> 69.502075 | T42: =((S42/S41)-1)*100 -> -6.162465 | U42: =P460 -> 70.124481 | V42: =((U42/U41)-1)*100 -> -2.3121387 | X42: 1913 | Y42: =S33 -> 41.009682 | Z42: =((Y42/Y41)-1)*100 -> 2.6140959 | AA42: =U33 -> 41.493776 | AB42: =((AA42/AA41)-1)*100 -> 2.3319456 | AD42: 2/1/1875 | AE42: 94 | AG42: 1909 | AH42: =AVERAGE(AE449:AE460) -> 94.666667 | AI42: =((AH42/AH41)-1)*100 -> 4.1246563 | AJ42: =AE460 -> 97 | AK42: =((AJ42/AJ41)-1)*100 -> 5.4347826
A43: 3/1/1888 | B43: 87 | C43: - | D43: - | F43: =((B43/B42)-1)*100 -> 0 | G43: - | H43: - | I43: =F43 -> 0 | K43: =K44/(1+(I44/100)) -> 34.408861 | L43: =((K43/K42)-1)*100 -> 0 | M43: =((K43/K31)-1)*100 -> 2.3529412 | O43: 3/1/1888 | P43: =K43 -> 34.408861 | R43: 1923 | S43: =AVERAGE(P461:P472) -> 70.746888 | T43: =((S43/S42)-1)*100 -> 1.7910448 | U43: =P472 -> 71.784232 | V43: =((U43/U42)-1)*100 -> 2.3668639 | X43: 1914 | Y43: =S34 -> 41.562932 | Z43: =((Y43/Y42)-1)*100 -> 1.3490725 | AA43: =U34 -> 41.908714 | AB43: =((AA43/AA42)-1)*100 -> 1 | AD43: 3/1/1875 | AE43: 94 | AG43: 1910 | AH43: =AVERAGE(AE461:AE472) -> 97 | AI43: =((AH43/AH42)-1)*100 -> 2.4647887 | AJ43: =AE472 -> 96 | AK43: =((AJ43/AJ42)-1)*100 -> -1.0309278
A44: 4/1/1888 | B44: 86 | C44: - | D44: - | F44: =((B44/B43)-1)*100 -> -1.1494253 | G44: - | H44: - | I44: =F44 -> -1.1494253 | K44: =K45/(1+(I45/100)) -> 34.013357 | L44: =((K44/K43)-1)*100 -> -1.1494253 | M44: =((K44/K32)-1)*100 -> 1.1764706 | O44: 4/1/1888 | P44: =K44 -> 34.013357 | R44: 1924 | S44: =AVERAGE(P473:P484) -> 71.058091 | T44: =((S44/S43)-1)*100 -> 0.4398827 | U44: =P484 -> 71.784232 | V44: =((U44/U43)-1)*100 -> 0 | X44: 1915 | Y44: =S35 -> 41.943292 | Z44: =((Y44/Y43)-1)*100 -> 0.91514143 | AA44: =U35 -> 42.738589 | AB44: =((AA44/AA43)-1)*100 -> 1.980198 | AD44: 4/1/1875 | AE44: 94 | AG44: 1911 | AH44: =AVERAGE(AE473:AE484) -> 96.166667 | AI44: =((AH44/AH43)-1)*100 -> -0.85910653 | AJ44: =AE484 -> 97 | AK44: =((AJ44/AJ43)-1)*100 -> 1.0416667
A45: 5/1/1888 | B45: 85 | C45: - | D45: - | F45: =((B45/B44)-1)*100 -> -1.1627907 | G45: - | H45: - | I45: =F45 -> -1.1627907 | K45: =K46/(1+(I46/100)) -> 33.617853 | L45: =((K45/K44)-1)*100 -> -1.1627907 | M45: =((K45/K33)-1)*100 -> 2.220446e-14 | O45: 5/1/1888 | P45: =K45 -> 33.617853 | R45: 1925 | S45: =AVERAGE(P485:P496) -> 72.786999 | T45: =((S45/S44)-1)*100 -> 2.43309 | U45: =P496 -> 74.273859 | V45: =((U45/U44)-1)*100 -> 3.4682081 | X45: 1916 | Y45: =S36 -> 45.159059 | Z45: =((Y45/Y44)-1)*100 -> 7.6669415 | AA45: =U36 -> 48.13278 | AB45: =((AA45/AA44)-1)*100 -> 12.621359 | AD45: 5/1/1875 | AE45: 93 | AG45: 1912 | AH45: =AVERAGE(AE485:AE496) -> 99.583333 | AI45: =((AH45/AH44)-1)*100 -> 3.5528596 | AJ45: =AE496 -> 100 | AK45: =((AJ45/AJ44)-1)*100 -> 3.0927835
A46: 6/1/1888 | B46: 84 | C46: - | D46: - | F46: =((B46/B45)-1)*100 -> -1.1764706 | G46: - | H46: - | I46: =F46 -> -1.1764706 | K46: =K47/(1+(I47/100)) -> 33.222349 | L46: =((K46/K45)-1)*100 -> -1.1764706 | M46: =((K46/K34)-1)*100 -> 2.220446e-14 | O46: 6/1/1888 | P46: =K46 -> 33.222349 | R46: 1926 | S46: =AVERAGE(P497:P508) -> 73.443983 | T46: =((S46/S45)-1)*100 -> 0.90261283 | U46: =P508 -> 73.443983 | V46: =((U46/U45)-1)*100 -> -1.1173184 | X46: 1917 | Y46: =S37 -> 53.215768 | Z46: =((Y46/Y45)-1)*100 -> 17.840735 | AA46: =U37 -> 56.846473 | AB46: =((AA46/AA45)-1)*100 -> 18.103448 | AD46: 6/1/1875 | AE46: 92 | AG46: 1913 | AH46: =AVERAGE(AE497:AE508) -> 100.08333 | AI46: =((AH46/AH45)-1)*100 -> 0.50209205 | AJ46: =AE508 -> 100 | AK46: =((AJ46/AJ45)-1)*100 -> 0
A47: 7/1/1888 | B47: 85 | C47: - | D47: - | F47: =((B47/B46)-1)*100 -> 1.1904762 | G47: - | H47: - | I47: =F47 -> 1.1904762 | K47: =K48/(1+(I48/100)) -> 33.617853 | L47: =((K47/K46)-1)*100 -> 1.1904762 | M47: =((K47/K35)-1)*100 -> 2.4096386 | O47: 7/1/1888 | P47: =K47 -> 33.617853 | R47: 1927 | S47: =AVERAGE(P509:P520) -> 72.026279 | T47: =((S47/S46)-1)*100 -> -1.9303202 | U47: =P520 -> 71.784232 | V47: =((U47/U46)-1)*100 -> -2.259887 | X47: 1918 | Y47: =S38 -> 62.413555 | Z47: =((Y47/Y46)-1)*100 -> 17.283951 | AA47: =U38 -> 68.46473 | AB47: =((AA47/AA46)-1)*100 -> 20.437956 | AD47: 7/1/1875 | AE47: 92 | AG47: 1914 | AH47: =AVERAGE(AE509:AE520) -> 100.08333 | AI47: =((AH47/AH46)-1)*100 -> 0 | AJ47: =AE520 -> 100 | AK47: =((AJ47/AJ46)-1)*100 -> 0
A48: 8/1/1888 | B48: 85 | C48: - | D48: - | F48: =((B48/B47)-1)*100 -> 0 | G48: - | H48: - | I48: =F48 -> 0 | K48: =K49/(1+(I49/100)) -> 33.617853 | L48: =((K48/K47)-1)*100 -> 0 | M48: =((K48/K36)-1)*100 -> 1.1904762 | O48: 8/1/1888 | P48: =K48 -> 33.617853 | R48: 1928 | S48: =AVERAGE(P521:P532) -> 71.196404 | T48: =((S48/S47)-1)*100 -> -1.1521843 | U48: =P532 -> 70.954357 | V48: =((U48/U47)-1)*100 -> -1.1560694 | X48: 1919 | Y48: =S39 -> 71.922545 | Z48: =((Y48/Y47)-1)*100 -> 15.235457 | AA48: =U39 -> 78.423237 | AB48: =((AA48/AA47)-1)*100 -> 14.545455 | AD48: 8/1/1875 | AE48: 92 | AG48: 1915 | AH48: =AVERAGE(AE521:AE532) -> 102.83333 | AI48: =((AH48/AH47)-1)*100 -> 2.7477102 | AJ48: =AE532 -> 108 | AK48: =((AJ48/AJ47)-1)*100 -> 8
A49: 9/1/1888 | B49: 85 | C49: - | D49: - | F49: =((B49/B48)-1)*100 -> 0 | G49: - | H49: - | I49: =F49 -> 0 | K49: =K50/(1+(I50/100)) -> 33.617853 | L49: =((K49/K48)-1)*100 -> 0 | M49: =((K49/K37)-1)*100 -> 2.4096386 | O49: 9/1/1888 | P49: =K49 -> 33.617853 | R49: 1929 | S49: =AVERAGE(P533:P544) -> 71.196404 | T49: =((S49/S48)-1)*100 -> 2.220446e-14 | U49: =P544 -> 71.369295 | V49: =((U49/U48)-1)*100 -> 0.58479532 | X49: 1920 | Y49: =S40 -> 83.160443 | Z49: =((Y49/Y48)-1)*100 -> 15.625 | AA49: =U40 -> 80.497925 | AB49: =((AA49/AA48)-1)*100 -> 2.6455026 | AD49: 9/1/1875 | AE49: 92 | AG49: 1916 | AH49: =AVERAGE(AE533:AE544) -> 117 | AI49: =((AH49/AH48)-1)*100 -> 13.776337 | AJ49: =AE544 -> 127 | AK49: =((AJ49/AJ48)-1)*100 -> 17.592593
A50: 10/1/1888 | B50: 86 | C50: - | D50: - | F50: =((B50/B49)-1)*100 -> 1.1764706 | G50: - | H50: - | I50: =F50 -> 1.1764706 | K50: =K51/(1+(I51/100)) -> 34.013357 | L50: =((K50/K49)-1)*100 -> 1.1764706 | M50: =((K50/K38)-1)*100 -> 2.3809524 | O50: 10/1/1888 | P50: =K50 -> 34.013357 | R50: 1930 | S50: =AVERAGE(P545:P556) -> 69.294606 | T50: =((S50/S49)-1)*100 -> -2.6711996 | U50: =P556 -> 66.804979 | V50: =((U50/U49)-1)*100 -> -6.3953488 | X50: 1921 | Y50: =S41 -> 74.06639 | Z50: =((Y50/Y49)-1)*100 -> -10.935551 | AA50: =U41 -> 71.784232 | AB50: =((AA50/AA49)-1)*100 -> -10.824742 | AD50: 10/1/1875 | AE50: 91 | AG50: 1917 | AH50: =AVERAGE(AE545:AE556) -> 138.16667 | AI50: =((AH50/AH49)-1)*100 -> 18.091168 | AJ50: =AE556 -> 143 | AK50: =((AJ50/AJ49)-1)*100 -> 12.598425
A51: 11/1/1888 | B51: 87 | C51: - | D51: - | F51: =((B51/B50)-1)*100 -> 1.1627907 | G51: - | H51: - | I51: =F51 -> 1.1627907 | K51: =K52/(1+(I52/100)) -> 34.408861 | L51: =((K51/K50)-1)*100 -> 1.1627907 | M51: =((K51/K39)-1)*100 -> 2.3529412 | O51: 11/1/1888 | P51: =K51 -> 34.408861 | R51: 1931 | S51: =AVERAGE(P557:P568) -> 63.105118 | T51: =((S51/S50)-1)*100 -> -8.9321357 | U51: =P568 -> 60.580913 | V51: =((U51/U50)-1)*100 -> -9.3167702 | X51: 1922 | Y51: =S42 -> 69.502075 | Z51: =((Y51/Y50)-1)*100 -> -6.162465 | AA51: =U42 -> 70.124481 | AB51: =((AA51/AA50)-1)*100 -> -2.3121387 | AD51: 11/1/1875 | AE51: 91 | AG51: 1918 | AH51: =AVERAGE(AE557:AE568) -> 154.25 | AI51: =((AH51/AH50)-1)*100 -> 11.640531 | AJ51: =AE568 -> 164 | AK51: =((AJ51/AJ50)-1)*100 -> 14.685315
A52: 12/1/1888 | B52: 87 | C52: - | D52: - | F52: =((B52/B51)-1)*100 -> 0 | G52: - | H52: - | I52: =F52 -> 0 | K52: =K53/(1+(I53/100)) -> 34.408861 | L52: =((K52/K51)-1)*100 -> 0 | M52: =((K52/K40)-1)*100 -> 2.220446e-14 | O52: 12/1/1888 | P52: =K52 -> 34.408861 | R52: 1932 | S52: =AVERAGE(P569:P580) -> 56.604426 | T52: =((S52/S51)-1)*100 -> -10.30137 | U52: =P580 -> 54.356846 | V52: =((U52/U51)-1)*100 -> -10.273973 | X52: 1923 | Y52: =S43 -> 70.746888 | Z52: =((Y52/Y51)-1)*100 -> 1.7910448 | AA52: =U43 -> 71.784232 | AB52: =((AA52/AA51)-1)*100 -> 2.3668639 | AD52: 12/1/1875 | AE52: 90 | AG52: 1919 | AH52: =AVERAGE(AE569:AE580) -> 171.33333 | AI52: =((AH52/AH51)-1)*100 -> 11.075095 | AJ52: =AE580 -> 184 | AK52: =((AJ52/AJ51)-1)*100 -> 12.195122
A53: 1/1/18889 | B53: 84 | C53: - | D53: - | F53: =((B53/B52)-1)*100 -> -3.4482759 | G53: - | H53: - | I53: =F53 -> -3.4482759 | K53: =K54/(1+(I54/100)) -> 33.222349 | L53: =((K53/K52)-1)*100 -> -3.4482759 | M53: =((K53/K41)-1)*100 -> -4.5454545 | O53: 1/1/18889 | P53: =K53 -> 33.222349 | R53: 1933 | S53: =AVERAGE(P581:P592) -> 53.665284 | T53: =((S53/S52)-1)*100 -> -5.1924252 | U53: =P592 -> 54.771784 | V53: =((U53/U52)-1)*100 -> 0.76335878 | X53: 1924 | Y53: =S44 -> 71.058091 | Z53: =((Y53/Y52)-1)*100 -> 0.4398827 | AA53: =U44 -> 71.784232 | AB53: =((AA53/AA52)-1)*100 -> 0 | AD53: 1/1/1876 | AE53: 90 | AG53: 1920 | AH53: =AVERAGE(AE581:AE592) -> 192.41667 | AI53: =((AH53/AH52)-1)*100 -> 12.305447 | AJ53: =AE592 -> 180 | AK53: =((AJ53/AJ52)-1)*100 -> -2.173913
A54: 2/1/1889 | B54: 83 | C54: - | D54: - | F54: =((B54/B53)-1)*100 -> -1.1904762 | G54: - | H54: - | I54: =F54 -> -1.1904762 | K54: =K55/(1+(I55/100)) -> 32.826845 | L54: =((K54/K53)-1)*100 -> -1.1904762 | M54: =((K54/K42)-1)*100 -> -4.5977011 | O54: 2/1/1889 | P54: =K54 -> 32.826845 | R54: 1934 | S54: =AVERAGE(P593:P604) -> 55.532503 | T54: =((S54/S53)-1)*100 -> 3.4793814 | U54: =P604 -> 55.60166 | V54: =((U54/U53)-1)*100 -> 1.5151515 | X54: 1925 | Y54: =S45 -> 72.786999 | Z54: =((Y54/Y53)-1)*100 -> 2.43309 | AA54: =U45 -> 74.273859 | AB54: =((AA54/AA53)-1)*100 -> 3.4682081 | AD54: 2/1/1876 | AE54: 90 | AG54: 1921 | AH54: =AVERAGE(AE593:AE604) -> 163.91667 | AI54: =((AH54/AH53)-1)*100 -> -14.811607 | AJ54: =AE604 -> 158 | AK54: =((AJ54/AJ53)-1)*100 -> -12.222222
A55: 3/1/1889 | B55: 82 | C55: - | D55: - | F55: =((B55/B54)-1)*100 -> -1.2048193 | G55: - | H55: - | I55: =F55 -> -1.2048193 | K55: =K56/(1+(I56/100)) -> 32.43134 | L55: =((K55/K54)-1)*100 -> -1.2048193 | M55: =((K55/K43)-1)*100 -> -5.7471264 | O55: 3/1/1889 | P55: =K55 -> 32.43134 | R55: 1935 | S55: =AVERAGE(P605:P616) -> 56.950207 | T55: =((S55/S54)-1)*100 -> 2.5529265 | U55: =P616 -> 57.261411 | V55: =((U55/U54)-1)*100 -> 2.9850746 | X55: 1926 | Y55: =S46 -> 73.443983 | Z55: =((Y55/Y54)-1)*100 -> 0.90261283 | AA55: =U46 -> 73.443983 | AB55: =((AA55/AA54)-1)*100 -> -1.1173184 | AD55: 3/1/1876 | AE55: 89 | AG55: 1922 | AH55: =AVERAGE(AE605:AE616) -> 158.58333 | AI55: =((AH55/AH54)-1)*100 -> -3.2536858 | AJ55: =AE616 -> 163 | AK55: =((AJ55/AJ54)-1)*100 -> 3.164557
A56: 4/1/1889 | B56: 82 | C56: - | D56: - | F56: =((B56/B55)-1)*100 -> 0 | G56: - | H56: - | I56: =F56 -> 0 | K56: =K57/(1+(I57/100)) -> 32.43134 | L56: =((K56/K55)-1)*100 -> 0 | M56: =((K56/K44)-1)*100 -> -4.6511628 | O56: 4/1/1889 | P56: =K56 -> 32.43134 | R56: 1936 | S56: =AVERAGE(P617:P628) -> 57.538036 | T56: =((S56/S55)-1)*100 -> 1.0321797 | U56: =P628 -> 58.091286 | V56: =((U56/U55)-1)*100 -> 1.4492754 | X56: 1927 | Y56: =S47 -> 72.026279 | Z56: =((Y56/Y55)-1)*100 -> -1.9303202 | AA56: =U47 -> 71.784232 | AB56: =((AA56/AA55)-1)*100 -> -2.259887 | AD56: 4/1/1876 | AE56: 88 | AG56: 1923 | AH56: =AVERAGE(AE617:AE628) -> 165.16667 | AI56: =((AH56/AH55)-1)*100 -> 4.15134 | AJ56: =AE628 -> 166 | AK56: =((AJ56/AJ55)-1)*100 -> 1.8404908
A57: 5/1/1889 | B57: 80 | C57: - | D57: - | F57: =((B57/B56)-1)*100 -> -2.4390244 | G57: - | H57: - | I57: =F57 -> -2.4390244 | K57: =K58/(1+(I58/100)) -> 31.640332 | L57: =((K57/K56)-1)*100 -> -2.4390244 | M57: =((K57/K45)-1)*100 -> -5.8823529 | O57: 5/1/1889 | P57: =K57 -> 31.640332 | R57: 1937 | S57: =AVERAGE(P629:P640) -> 59.681881 | T57: =((S57/S56)-1)*100 -> 3.7259615 | U57: =P640 -> 59.751037 | V57: =((U57/U56)-1)*100 -> 2.8571429 | X57: 1928 | Y57: =S48 -> 71.196404 | Z57: =((Y57/Y56)-1)*100 -> -1.1521843 | AA57: =U48 -> 70.954357 | AB57: =((AA57/AA56)-1)*100 -> -1.1560694 | AD57: 5/1/1876 | AE57: 86 | AG57: 1924 | AH57: =AVERAGE(AE629:AE640) -> 165.75 | AI57: =((AH57/AH56)-1)*100 -> 0.35317861 | AJ57: =AE640 -> 168 | AK57: =((AJ57/AJ56)-1)*100 -> 1.2048193
A58: 6/1/1889 | B58: 80 | C58: - | D58: - | F58: =((B58/B57)-1)*100 -> 0 | G58: - | H58: - | I58: =F58 -> 0 | K58: =K59/(1+(I59/100)) -> 31.640332 | L58: =((K58/K57)-1)*100 -> 0 | M58: =((K58/K46)-1)*100 -> -4.7619048 | O58: 6/1/1889 | P58: =K58 -> 31.640332 | R58: 1938 | S58: =AVERAGE(P641:P652) -> 58.471646 | T58: =((S58/S57)-1)*100 -> -2.02781 | U58: =P652 -> 58.091286 | V58: =((U58/U57)-1)*100 -> -2.7777778 | X58: 1929 | Y58: =S49 -> 71.196404 | Z58: =((Y58/Y57)-1)*100 -> 2.220446e-14 | AA58: =U49 -> 71.369295 | AB58: =((AA58/AA57)-1)*100 -> 0.58479532 | AD58: 6/1/1876 | AE58: 85 | AG58: 1925 | AH58: =AVERAGE(AE641:AE652) -> 170.25 | AI58: =((AH58/AH57)-1)*100 -> 2.7149321 | AJ58: =AE652 -> 173 | AK58: =((AJ58/AJ57)-1)*100 -> 2.9761905
A59: 7/1/1889 | B59: 80 | C59: - | D59: - | F59: =((B59/B58)-1)*100 -> 0 | G59: - | H59: - | I59: =F59 -> 0 | K59: =K60/(1+(I60/100)) -> 31.640332 | L59: =((K59/K58)-1)*100 -> 0 | M59: =((K59/K47)-1)*100 -> -5.8823529 | O59: 7/1/1889 | P59: =K59 -> 31.640332 | R59: 1939 | S59: =AVERAGE(P653:P664) -> 57.710927 | T59: =((S59/S58)-1)*100 -> -1.3010053 | U59: =P664 -> 58.091286 | V59: =((U59/U58)-1)*100 -> 0 | X59: 1930 | Y59: =S50 -> 69.294606 | Z59: =((Y59/Y58)-1)*100 -> -2.6711996 | AA59: =U50 -> 66.804979 | AB59: =((AA59/AA58)-1)*100 -> -6.3953488 | AD59: 7/1/1876 | AE59: 85 | AG59: 1926 | AH59: =AVERAGE(AE653:AE664) -> 171.41667 | AI59: =((AH59/AH58)-1)*100 -> 0.68526676 | AJ59: =AE664 -> 171 | AK59: =((AJ59/AJ58)-1)*100 -> -1.1560694
A60: 8/1/1889 | B60: 80 | C60: - | D60: - | F60: =((B60/B59)-1)*100 -> 0 | G60: - | H60: - | I60: =F60 -> 0 | K60: =K61/(1+(I61/100)) -> 31.640332 | L60: =((K60/K59)-1)*100 -> 0 | M60: =((K60/K48)-1)*100 -> -5.8823529 | O60: 8/1/1889 | P60: =K60 -> 31.640332 | R60: 1940 | S60: =AVERAGE(P665:P676) -> 58.125864 | T60: =((S60/S59)-1)*100 -> 0.71899341 | U60: =P676 -> 58.506224 | V60: =((U60/U59)-1)*100 -> 0.71428571 | X60: 1931 | Y60: =S51 -> 63.105118 | Z60: =((Y60/Y59)-1)*100 -> -8.9321357 | AA60: =U51 -> 60.580913 | AB60: =((AA60/AA59)-1)*100 -> -9.3167702 | AD60: 8/1/1876 | AE60: 86 | AG60: 1927 | AH60: =AVERAGE(AE665:AE676) -> 171.16667 | AI60: =((AH60/AH59)-1)*100 -> -0.14584346 | AJ60: =AE676 -> 174 | AK60: =((AJ60/AJ59)-1)*100 -> 1.754386
A61: 9/1/1889 | B61: 81 | C61: - | D61: - | F61: =((B61/B60)-1)*100 -> 1.25 | G61: - | H61: - | I61: =F61 -> 1.25 | K61: =K62/(1+(I62/100)) -> 32.035836 | L61: =((K61/K60)-1)*100 -> 1.25 | M61: =((K61/K49)-1)*100 -> -4.7058824 | O61: 9/1/1889 | P61: =K61 -> 32.035836 | R61: 1941 | S61: =AVERAGE(P677:P688) -> 61.099585 | T61: =((S61/S60)-1)*100 -> 5.1160024 | U61: =P688 -> 64.315353 | V61: =((U61/U60)-1)*100 -> 9.929078 | X61: 1932 | Y61: =S52 -> 56.604426 | Z61: =((Y61/Y60)-1)*100 -> -10.30137 | AA61: =U52 -> 54.356846 | AB61: =((AA61/AA60)-1)*100 -> -10.273973 | AD61: 9/1/1876 | AE61: 86 | AG61: 1928 | AH61: =AVERAGE(AE677:AE688) -> 175.91667 | AI61: =((AH61/AH60)-1)*100 -> 2.775073 | AJ61: =AE688 -> 178 | AK61: =((AJ61/AJ60)-1)*100 -> 2.2988506
A62: 10/1/1889 | B62: 81 | C62: - | D62: - | F62: =((B62/B61)-1)*100 -> 0 | G62: - | H62: - | I62: =F62 -> 0 | K62: =K63/(1+(I63/100)) -> 32.035836 | L62: =((K62/K61)-1)*100 -> 0 | M62: =((K62/K50)-1)*100 -> -5.8139535 | O62: 10/1/1889 | P62: =K62 -> 32.035836 | R62: 1942 | S62: =AVERAGE(P689:P700) -> 67.773167 | T62: =((S62/S61)-1)*100 -> 10.922467 | U62: =P700 -> 70.124481 | V62: =((U62/U61)-1)*100 -> 9.0322581 | X62: 1933 | Y62: =S53 -> 53.665284 | Z62: =((Y62/Y61)-1)*100 -> -5.1924252 | AA62: =U53 -> 54.771784 | AB62: =((AA62/AA61)-1)*100 -> 0.76335878 | AD62: 10/1/1876 | AE62: 87 | AG62: 1929 | AH62: =AVERAGE(AE689:AE700) -> 179.16667 | AI62: =((AH62/AH61)-1)*100 -> 1.8474657 | AJ62: =AE700 -> 174 | AK62: =((AJ62/AJ61)-1)*100 -> -2.247191
A63: 11/1/1889 | B63: 81 | C63: - | D63: - | F63: =((B63/B62)-1)*100 -> 0 | G63: - | H63: - | I63: =F63 -> 0 | K63: =K64/(1+(I64/100)) -> 32.035836 | L63: =((K63/K62)-1)*100 -> 0 | M63: =((K63/K51)-1)*100 -> -6.8965517 | O63: 11/1/1889 | P63: =K63 -> 32.035836 | R63: 1943 | S63: =AVERAGE(P701:P712) -> 71.818811 | T63: =((S63/S62)-1)*100 -> 5.9693878 | U63: =P712 -> 72.19917 | V63: =((U63/U62)-1)*100 -> 2.9585799 | X63: 1934 | Y63: =S54 -> 55.532503 | Z63: =((Y63/Y62)-1)*100 -> 3.4793814 | AA63: =U54 -> 55.60166 | AB63: =((AA63/AA62)-1)*100 -> 1.5151515 | AD63: 11/1/1876 | AE63: 87 | AG63: 1930 | AH63: =AVERAGE(AE701:AE712) -> 168.08333 | AI63: =((AH63/AH62)-1)*100 -> -6.1860465 | AJ63: =AE712 -> 158 | AK63: =((AJ63/AJ62)-1)*100 -> -9.1954023
A64: 12/1/1889 | B64: 82 | C64: - | D64: - | F64: =((B64/B63)-1)*100 -> 1.2345679 | G64: - | H64: - | I64: =F64 -> 1.2345679 | K64: =K65/(1+(I65/100)) -> 32.43134 | L64: =((K64/K63)-1)*100 -> 1.2345679 | M64: =((K64/K52)-1)*100 -> -5.7471264 | O64: 12/1/1889 | P64: =K64 -> 32.43134 | R64: 1944 | S64: =AVERAGE(P713:P724) -> 72.994467 | T64: =((S64/S63)-1)*100 -> 1.6369764 | U64: =P724 -> 73.858921 | V64: =((U64/U63)-1)*100 -> 2.2988506 | X64: 1935 | Y64: =S55 -> 56.950207 | Z64: =((Y64/Y63)-1)*100 -> 2.5529265 | AA64: =U55 -> 57.261411 | AB64: =((AA64/AA63)-1)*100 -> 2.9850746 | AD64: 12/1/1876 | AE64: 88 | AG64: 1931 | AH64: =AVERAGE(AE713:AE724) -> 150.16667 | AI64: =((AH64/AH63)-1)*100 -> -10.659395 | AJ64: =AE724 -> 140 | AK64: =((AJ64/AJ63)-1)*100 -> -11.392405
A65: 1/1/1890 | B65: 80 | C65: 54.7 | D65: - | F65: =((B65/B64)-1)*100 -> -2.4390244 | G65: - | H65: - | I65: =F65 -> -2.4390244 | K65: =K66/(1+(I66/100)) -> 31.640332 | L65: =((K65/K64)-1)*100 -> -2.4390244 | M65: =((K65/K53)-1)*100 -> -4.7619048 | O65: 1/1/1890 | P65: =K65 -> 31.640332 | R65: 1945 | S65: =AVERAGE(P725:P736) -> 74.654219 | T65: =((S65/S64)-1)*100 -> 2.2738039 | U65: =P736 -> 75.518672 | V65: =((U65/U64)-1)*100 -> 2.247191 | X65: 1936 | Y65: =S56 -> 57.538036 | Z65: =((Y65/Y64)-1)*100 -> 1.0321797 | AA65: =U56 -> 58.091286 | AB65: =((AA65/AA64)-1)*100 -> 1.4492754 | AD65: 1/1/1877 | AE65: 88 | AG65: 1932 | AH65: =AVERAGE(AE725:AE736) -> 132.33333 | AI65: =((AH65/AH64)-1)*100 -> -11.875694 | AJ65: =AE736 -> 128 | AK65: =((AJ65/AJ64)-1)*100 -> -8.5714286
A66: 2/1/1890 | B66: 80 | C66: 54.8 | D66: - | F66: - | G66: =((C66/C65)-1)*100 -> 0.18281536 | H66: - | I66: =G66 -> 0.18281536 | K66: =K67/(1+(I67/100)) -> 31.698176 | L66: =((K66/K65)-1)*100 -> 0.18281536 | M66: =((K66/K54)-1)*100 -> -3.4382503 | O66: 2/1/1890 | P66: =K66 -> 31.698176 | R66: 1946 | S66: =AVERAGE(P737:P748) -> 80.982019 | T66: =((S66/S65)-1)*100 -> 8.4761464 | U66: =P748 -> 89.211618 | V66: =((U66/U65)-1)*100 -> 18.131868 | X66: 1937 | Y66: =S57 -> 59.681881 | Z66: =((Y66/Y65)-1)*100 -> 3.7259615 | AA66: =U57 -> 59.751037 | AB66: =((AA66/AA65)-1)*100 -> 2.8571429 | AD66: 2/1/1877 | AE66: 87 | AG66: 1933 | AH66: =AVERAGE(AE737:AE748) -> 129 | AI66: =((AH66/AH65)-1)*100 -> -2.5188917 | AJ66: =AE748 -> 132 | AK66: =((AJ66/AJ65)-1)*100 -> 3.125
A67: 3/1/1890 | B67: 80 | C67: 55 | D67: - | F67: - | G67: =((C67/C66)-1)*100 -> 0.3649635 | H67: - | I67: =G67 -> 0.3649635 | K67: =K68/(1+(I68/100)) -> 31.813862 | L67: =((K67/K66)-1)*100 -> 0.3649635 | M67: =((K67/K55)-1)*100 -> -1.9039551 | O67: 3/1/1890 | P67: =K67 -> 31.813862 | R67: 1947 | S67: =AVERAGE(P749:P760) -> 92.634855 | T67: =((S67/S66)-1)*100 -> 14.389411 | U67: =P760 -> 97.095436 | V67: =((U67/U66)-1)*100 -> 8.8372093 | X67: 1938 | Y67: =S58 -> 58.471646 | Z67: =((Y67/Y66)-1)*100 -> -2.02781 | AA67: =U58 -> 58.091286 | AB67: =((AA67/AA66)-1)*100 -> -2.7777778 | AD67: 3/1/1877 | AE67: 85 | AG67: 1934 | AH67: =AVERAGE(AE749:AE760) -> 137.41667 | AI67: =((AH67/AH66)-1)*100 -> 6.5245478 | AJ67: =AE760 -> 140 | AK67: =((AJ67/AJ66)-1)*100 -> 6.0606061
A68: 4/1/1890 | B68: 80 | C68: 55.1 | D68: - | F68: - | G68: =((C68/C67)-1)*100 -> 0.18181818 | H68: - | I68: =G68 -> 0.18181818 | K68: =K69/(1+(I69/100)) -> 31.871706 | L68: =((K68/K67)-1)*100 -> 0.18181818 | M68: =((K68/K56)-1)*100 -> -1.7255986 | O68: 4/1/1890 | P68: =K68 -> 31.871706 | R68: 1948 | S68: =AVERAGE(P761:P772) -> 99.757953 | T68: =((S68/S67)-1)*100 -> 7.6894364 | U68: =P772 -> 100 | V68: =((U68/U67)-1)*100 -> 2.991453 | X68: 1939 | Y68: =S59 -> 57.710927 | Z68: =T59 -> -1.3010053 | AA68: =U59 -> 58.091286 | AB68: =V59 -> 0 | AD68: 4/1/1877 | AE68: 85 | AG68: 1935 | AH68: =AVERAGE(AE761:AE772) -> 144.75 | AI68: =((AH68/AH67)-1)*100 -> 5.3365676 | AJ68: =AE772 -> 149 | AK68: =((AJ68/AJ67)-1)*100 -> 6.4285714
A69: 5/1/1890 | B69: 81 | C69: 55.6 | D69: - | F69: - | G69: =((C69/C68)-1)*100 -> 0.90744102 | H69: - | I69: =G69 -> 0.90744102 | K69: =K70/(1+(I70/100)) -> 32.160923 | L69: =((K69/K68)-1)*100 -> 0.90744102 | M69: =((K69/K57)-1)*100 -> 1.6453382 | O69: 5/1/1890 | P69: =K69 -> 32.160923 | R69: 1949 | S69: =AVERAGE(P773:P784) -> 98.789765 | T69: =((S69/S68)-1)*100 -> -0.97053726 | U69: =P784 -> 97.925311 | V69: =((U69/U68)-1)*100 -> -2.0746888 | X69: 1940 | Y69: =S60 -> 58.125864 | Z69: =T60 -> 0.71899341 | AA69: =U60 -> 58.506224 | AB69: =V60 -> 0.71428571 | AD69: 5/1/1877 | AE69: 86 | AG69: 1936 | AH69: =AVERAGE(AE773:AE784) -> 153.58333 | AI69: =((AH69/AH68)-1)*100 -> 6.1024755 | AJ69: =AE784 -> 159 | AK69: =((AJ69/AJ68)-1)*100 -> 6.7114094
A70: 6/1/1890 | B70: 81 | C70: 55.4 | D70: - | F70: - | G70: =((C70/C69)-1)*100 -> -0.35971223 | H70: - | I70: =G70 -> -0.35971223 | K70: =K71/(1+(I71/100)) -> 32.045236 | L70: =((K70/K69)-1)*100 -> -0.35971223 | M70: =((K70/K58)-1)*100 -> 1.2797075 | O70: 6/1/1890 | P70: =K70 -> 32.045236 | R70: 1950 | S70: 100 | T70: =((S70/S69)-1)*100 -> 1.2250613 | U70: =P796 -> 103.73444 | V70: =((U70/U69)-1)*100 -> 5.9322034 | X70: 1941 | Y70: =S61 -> 61.099585 | Z70: =T61 -> 5.1160024 | AA70: =U61 -> 64.315353 | AB70: =V61 -> 9.929078 | AD70: 6/1/1877 | AE70: 84 | AG70: 1937 | AH70: 100 | AI70: =((AH70/AH69)-1)*100 -> -34.888768 | AJ70: =AE796 -> 155 | AK70: =((AJ70/AJ69)-1)*100 -> -2.5157233
A71: 7/1/1890 | B71: 81 | C71: 55.7 | D71: - | F71: - | G71: =((C71/C70)-1)*100 -> 0.54151625 | H71: - | I71: =G71 -> 0.54151625 | K71: =K72/(1+(I72/100)) -> 32.218766 | L71: =((K71/K70)-1)*100 -> 0.54151625 | M71: =((K71/K59)-1)*100 -> 1.8281536 | O71: 7/1/1890 | P71: =K71 -> 32.218766 | R71: 1951 | S71: =AVERAGE(P797:P809) -> 107.88382 | T71: =((S71/S70)-1)*100 -> 7.8838174 | U71: =P808 -> 109.95851 | V71: =((U71/U70)-1)*100 -> 6 | X71: 1942 | Y71: =S62 -> 67.773167 | Z71: =T62 -> 10.922467 | AA71: =U62 -> 70.124481 | AB71: =V62 -> 9.0322581 | AD71: 7/1/1877 | AE71: 84 | AG71: 1938 | AH71: =AVERAGE(AE797:AE809) -> 153.76923 | AI71: =((AH71/AH70)-1)*100 -> 53.769231 | AJ71: =AE808 -> 155 | AK71: =((AJ71/AJ70)-1)*100 -> 0
A72: 8/1/1890 | B72: 84 | C72: 57.8 | D72: - | F72: - | G72: =((C72/C71)-1)*100 -> 3.7701975 | H72: - | I72: =G72 -> 3.7701975 | K72: =K73/(1+(I73/100)) -> 33.433477 | L72: =((K72/K71)-1)*100 -> 3.7701975 | M72: =((K72/K60)-1)*100 -> 5.6672761 | O72: 8/1/1890 | P72: =K72 -> 33.433477 | R72: 1952 | S72: =AVERAGE(P809:P820) -> 110.16598 | T72: =((S72/S71)-1)*100 -> 2.1153846 | U72: =P820 -> 110.78838 | V72: =((U72/U71)-1)*100 -> 0.75471698 | X72: 1943 | Y72: =S63 -> 71.818811 | Z72: =T63 -> 5.9693878 | AA72: =U63 -> 72.19917 | AB72: =V63 -> 2.9585799 | AD72: 8/1/1877 | AE72: 82 | AG72: 1939 | AH72: =AVERAGE(AE809:AE820) -> 153.58333 | AI72: =((AH72/AH71)-1)*100 -> -0.12089378 | AJ72: =AE820 -> 155 | AK72: =((AJ72/AJ71)-1)*100 -> 0
A73: 9/1/1890 | B73: 85 | C73: 58.4 | D73: - | F73: - | G73: =((C73/C72)-1)*100 -> 1.0380623 | H73: - | I73: =G73 -> 1.0380623 | K73: =K74/(1+(I74/100)) -> 33.780537 | L73: =((K73/K72)-1)*100 -> 1.0380623 | M73: =((K73/K61)-1)*100 -> 5.446092 | O73: 9/1/1890 | P73: =K73 -> 33.780537 | R73: 1953 | S73: =AVERAGE(P821:P832) -> 111.06501 | T73: =((S73/S72)-1)*100 -> 0.81607031 | U73: =P832 -> 111.61826 | V73: =((U73/U72)-1)*100 -> 0.74906367 | X73: 1944 | Y73: =S64 -> 72.994467 | Z73: =T64 -> 1.6369764 | AA73: =U64 -> 73.858921 | AB73: =V64 -> 2.2988506 | AD73: 9/1/1877 | AE73: 83
A74: 10/1/1890 | B74: 85 | C74: 58.1 | D74: - | F74: - | G74: =((C74/C73)-1)*100 -> -0.51369863 | H74: - | I74: =G74 -> -0.51369863 | K74: =K75/(1+(I75/100)) -> 33.607007 | L74: =((K74/K73)-1)*100 -> -0.51369863 | M74: =((K74/K62)-1)*100 -> 4.9044169 | O74: 10/1/1890 | P74: =K74 -> 33.607007 | R74: 1954 | S74: =AVERAGE(P833:P844) -> 111.41079 | T74: =((S74/S73)-1)*100 -> 0.3113325 | U74: =P844 -> 110.78838 | V74: =((U74/U73)-1)*100 -> -0.74349442 | X74: 1945 | Y74: =S65 -> 74.654219 | Z74: =T65 -> 2.2738039 | AA74: =U65 -> 75.518672 | AB74: =V65 -> 2.247191 | AD74: 10/1/1877 | AE74: 82
A75: 11/1/1890 | B75: 83 | C75: 57.1 | D75: - | F75: - | G75: =((C75/C74)-1)*100 -> -1.7211704 | H75: - | I75: =G75 -> -1.7211704 | K75: =K76/(1+(I76/100)) -> 33.028573 | L75: =((K75/K74)-1)*100 -> -1.7211704 | M75: =((K75/K63)-1)*100 -> 3.0988331 | O75: 11/1/1890 | P75: =K75 -> 33.028573 | R75: 1955 | S75: =AVERAGE(P845:P856) -> 111.09959 | T75: =((S75/S74)-1)*100 -> -0.27932961 | U75: =P856 -> 111.20332 | V75: =((U75/U74)-1)*100 -> 0.37453184 | X75: 1946 | Y75: =S66 -> 80.982019 | Z75: =T66 -> 8.4761464 | AA75: =U66 -> 89.211618 | AB75: =V66 -> 18.131868 | AD75: 11/1/1877 | AE75: 81
A76: 12/1/1890 | B76: 83 | C76: 56.6 | D76: - | F76: - | G76: =((C76/C75)-1)*100 -> -0.87565674 | H76: - | I76: =G76 -> -0.87565674 | K76: =K77/(1+(I77/100)) -> 32.739357 | L76: =((K76/K75)-1)*100 -> -0.87565674 | M76: =((K76/K64)-1)*100 -> 0.94974807 | O76: 12/1/1890 | P76: =K76 -> 32.739357 | R76: 1956 | S76: =AVERAGE(P857:P868) -> 112.79391 | T76: =((S76/S75)-1)*100 -> 1.5250545 | U76: =P868 -> 114.52282 | V76: =((U76/U75)-1)*100 -> 2.9850746 | X76: 1947 | Y76: =S67 -> 92.634855 | Z76: =T67 -> 14.389411 | AA76: =U67 -> 97.095436 | AB76: =V67 -> 8.8372093 | AD76: 12/1/1877 | AE76: 81
A77: 1/1/1891 | B77: 82 | C77: 56.1 | D77: - | F77: - | G77: =((C77/C76)-1)*100 -> -0.88339223 | H77: - | I77: =G77 -> -0.88339223 | K77: =K78/(1+(I78/100)) -> 32.45014 | L77: =((K77/K76)-1)*100 -> -0.88339223 | M77: =((K77/K65)-1)*100 -> 2.559415 | O77: 1/1/1891 | P77: =K77 -> 32.45014 | R77: 1957 | S77: =AVERAGE(P869:P880) -> 116.56293 | T77: =((S77/S76)-1)*100 -> 3.3415083 | U77: =P880 -> 117.84232 | V77: =((U77/U76)-1)*100 -> 2.8985507 | X77: 1948 | Y77: =S68 -> 99.757953 | Z77: =T68 -> 7.6894364 | AA77: =U68 -> 100 | AB77: =V68 -> 2.991453 | AD77: 1/1/1878 | AE77: 80
A78: 2/1/1891 | B78: 83 | C78: 56.6 | D78: - | F78: - | G78: =((C78/C77)-1)*100 -> 0.8912656 | H78: - | I78: =G78 -> 0.8912656 | K78: =K79/(1+(I79/100)) -> 32.739357 | L78: =((K78/K77)-1)*100 -> 0.8912656 | M78: =((K78/K66)-1)*100 -> 3.2846715 | O78: 2/1/1891 | P78: =K78 -> 32.739357 | R78: 1958 | S78: =AVERAGE(P881:P892) -> 119.74412 | T78: =((S78/S77)-1)*100 -> 2.7291605 | U78: =P892 -> 119.91701 | V78: =((U78/U77)-1)*100 -> 1.7605634 | X78: 1949 | Y78: =S69 -> 98.789765 | Z78: =T69 -> -0.97053726 | AA78: =U69 -> 97.925311 | AB78: =V69 -> -2.0746888 | AD78: 2/1/1878 | AE78: 80
A79: 3/1/1891 | B79: 84 | C79: 57.8 | D79: - | F79: - | G79: =((C79/C78)-1)*100 -> 2.1201413 | H79: - | I79: =G79 -> 2.1201413 | K79: =K80/(1+(I80/100)) -> 33.433477 | L79: =((K79/K78)-1)*100 -> 2.1201413 | M79: =((K79/K67)-1)*100 -> 5.0909091 | O79: 3/1/1891 | P79: =K79 -> 33.433477 | R79: 1959 | S79: =AVERAGE(P893:P904) -> 120.95436 | T79: =((S79/S78)-1)*100 -> 1.0106844 | U79: =P904 -> 121.9917 | V79: =((U79/U78)-1)*100 -> 1.7301038 | X79: 1950 | Y79: =S70 -> 100 | Z79: =T70 -> 1.2250613 | AA79: =U70 -> 103.73444 | AB79: =V70 -> 5.9322034 | AD79: 3/1/1878 | AE79: 79
A80: 4/1/1891 | B80: 85 | C80: 58.2 | D80: - | F80: - | G80: =((C80/C79)-1)*100 -> 0.69204152 | H80: - | I80: =G80 -> 0.69204152 | K80: =K81/(1+(I81/100)) -> 33.664851 | L80: =((K80/K79)-1)*100 -> 0.69204152 | M80: =((K80/K68)-1)*100 -> 5.6261343 | O80: 4/1/1891 | P80: =K80 -> 33.664851 | R80: 1960 | S80: =AVERAGE(P905:P916) -> 122.71784 | T80: =((S80/S79)-1)*100 -> 1.457976 | U80: =P916 -> 123.65145 | V80: =((U80/U79)-1)*100 -> 1.3605442 | AD80: 4/1/1878 | AE80: 78
A81: 5/1/1891 | B81: 84 | C81: 57.5 | D81: - | F81: - | G81: =((C81/C80)-1)*100 -> -1.2027491 | H81: - | I81: =G81 -> -1.2027491 | K81: =K82/(1+(I82/100)) -> 33.259947 | L81: =((K81/K80)-1)*100 -> -1.2027491 | M81: =((K81/K69)-1)*100 -> 3.4172662 | O81: 5/1/1891 | P81: =K81 -> 33.259947 | R81: 1961 | S81: =AVERAGE(P917:P928) -> 124.03181 | T81: =((S81/S80)-1)*100 -> 1.0707241 | U81: =P928 -> 124.48133 | V81: =((U81/U80)-1)*100 -> 0.67114094 | AD81: 5/1/1878 | AE81: 77
A82: 6/1/1891 | B82: 82 | C82: 55.8 | D82: - | F82: - | G82: =((C82/C81)-1)*100 -> -2.9565217 | H82: - | I82: =G82 -> -2.9565217 | K82: =K83/(1+(I83/100)) -> 32.276609 | L82: =((K82/K81)-1)*100 -> -2.9565217 | M82: =((K82/K70)-1)*100 -> 0.72202166 | O82: 6/1/1891 | P82: =K82 -> 32.276609 | R82: 1962 | S82: =AVERAGE(P929:P940) -> 125.51867 | T82: =((S82/S81)-1)*100 -> 1.1987733 | U82: =P940 -> 126.14108 | V82: =((U82/U81)-1)*100 -> 1.3333333 | AD82: 6/1/1878 | AE82: 76
A83: 7/1/1891 | B83: 81 | C83: 55.5 | D83: - | F83: - | G83: =((C83/C82)-1)*100 -> -0.53763441 | H83: - | I83: =G83 -> -0.53763441 | K83: =K84/(1+(I84/100)) -> 32.103079 | L83: =((K83/K82)-1)*100 -> -0.53763441 | M83: =((K83/K71)-1)*100 -> -0.35906643 | O83: 7/1/1891 | P83: =K83 -> 32.103079 | R83: 1963 | S83: =AVERAGE(P941:P952) -> 127.07469 | T83: =((S83/S82)-1)*100 -> 1.2396694 | U83: =P952 -> 128.21577 | V83: =((U83/U82)-1)*100 -> 1.6447368 | AD83: 7/1/1878 | AE83: 77
A84: 8/1/1891 | B84: 81 | C84: 55.4 | D84: - | F84: - | G84: =((C84/C83)-1)*100 -> -0.18018018 | H84: - | I84: =G84 -> -0.18018018 | K84: =K85/(1+(I85/100)) -> 32.045236 | L84: =((K84/K83)-1)*100 -> -0.18018018 | M84: =((K84/K72)-1)*100 -> -4.1522491 | O84: 8/1/1891 | P84: =K84 -> 32.045236 | R84: 1964 | S84: =AVERAGE(P953:P964) -> 128.69986 | T84: =((S84/S83)-1)*100 -> 1.2789116 | U84: =P964 -> 129.46058 | V84: =((U84/U83)-1)*100 -> 0.97087379 | AD84: 8/1/1878 | AE84: 77
A85: 9/1/1891 | B85: 80 | C85: 54.8 | D85: - | F85: - | G85: =((C85/C84)-1)*100 -> -1.0830325 | H85: - | I85: =G85 -> -1.0830325 | K85: =K86/(1+(I86/100)) -> 31.698176 | L85: =((K85/K84)-1)*100 -> -1.0830325 | M85: =((K85/K73)-1)*100 -> -6.1643836 | O85: 9/1/1891 | P85: =K85 -> 31.698176 | R85: 1965 | S85: =AVERAGE(P965:P976) -> 130.73997 | T85: =((S85/S84)-1)*100 -> 1.5851693 | U85: =P976 -> 131.95021 | V85: =((U85/U84)-1)*100 -> 1.9230769 | AD85: 9/1/1878 | AE85: 77
A86: 10/1/1891 | B86: 80 | C86: 54.6 | D86: - | F86: - | G86: =((C86/C85)-1)*100 -> -0.3649635 | H86: - | I86: =G86 -> -0.3649635 | K86: =K87/(1+(I87/100)) -> 31.582489 | L86: =((K86/K85)-1)*100 -> -0.3649635 | M86: =((K86/K74)-1)*100 -> -6.0240964 | O86: 10/1/1891 | P86: =K86 -> 31.582489 | R86: 1966 | S86: =AVERAGE(P977:P988) -> 134.68188 | T86: =((S86/S85)-1)*100 -> 3.0150754 | U86: =P988 -> 136.51452 | V86: =((U86/U85)-1)*100 -> 3.4591195 | AD86: 10/1/1878 | AE86: 77
A87: 11/1/1891 | B87: 79 | C87: 54.3 | D87: - | F87: - | G87: =((C87/C86)-1)*100 -> -0.54945055 | H87: - | I87: =G87 -> -0.54945055 | K87: =K88/(1+(I88/100)) -> 31.408959 | L87: =((K87/K86)-1)*100 -> -0.54945055 | M87: =((K87/K75)-1)*100 -> -4.9036778 | O87: 11/1/1891 | P87: =K87 -> 31.408959 | R87: 1967 | S87: =AVERAGE(P989:P1000) -> 138.41632 | T87: =((S87/S86)-1)*100 -> 2.7727856 | U87: =P1000 -> 140.6639 | V87: =((U87/U86)-1)*100 -> 3.0395137 | AD87: 11/1/1878 | AE87: 76
A88: 12/1/1891 | B88: 79 | C88: 53.8 | D88: - | F88: - | G88: =((C88/C87)-1)*100 -> -0.92081031 | H88: - | I88: =G88 -> -0.92081031 | K88: =K89/(1+(I89/100)) -> 31.119742 | L88: =((K88/K87)-1)*100 -> -0.92081031 | M88: =((K88/K76)-1)*100 -> -4.9469965 | O88: 12/1/1891 | P88: =K88 -> 31.119742 | R88: 1968 | S88: =AVERAGE(P1001:P1012) -> 144.32918 | T88: =((S88/S87)-1)*100 -> 4.2717962 | U88: =P1012 -> 147.3029 | V88: =((U88/U87)-1)*100 -> 4.719764 | AD88: 12/1/1878 | AE88: 76
A89: 1/1/1892 | B89: 77 | C89: 52.7 | D89: - | F89: - | G89: =((C89/C88)-1)*100 -> -2.0446097 | H89: - | I89: =G89 -> -2.0446097 | K89: =K90/(1+(I90/100)) -> 30.483464 | L89: =((K89/K88)-1)*100 -> -2.0446097 | M89: =((K89/K77)-1)*100 -> -6.0606061 | O89: 1/1/1892 | P89: =K89 -> 30.483464 | R89: 1969 | S89: =AVERAGE(P1013:P1024) -> 152.213 | T89: =((S89/S88)-1)*100 -> 5.4623862 | U89: =P1024 -> 156.43154 | V89: =((U89/U88)-1)*100 -> 6.1971831 | AD89: 1/1/1879 | AE89: 76
A90: 2/1/1892 | B90: 77 | C90: 52.4 | D90: - | F90: - | G90: =((C90/C89)-1)*100 -> -0.56925996 | H90: - | I90: =G90 -> -0.56925996 | K90: =K91/(1+(I91/100)) -> 30.309934 | L90: =((K90/K89)-1)*100 -> -0.56925996 | M90: =((K90/K78)-1)*100 -> -7.4204947 | O90: 2/1/1892 | P90: =K90 -> 30.309934 | R90: 1970 | S90: =AVERAGE(P1025:P1036) -> 161.09959 | T90: =((S90/S89)-1)*100 -> 5.8382553 | U90: =P1036 -> 165.14523 | V90: =((U90/U89)-1)*100 -> 5.5702918 | AD90: 2/1/1879 | AE90: 76
A91: 3/1/1892 | B91: 75 | C91: 51.6 | D91: - | F91: - | G91: =((C91/C90)-1)*100 -> -1.5267176 | H91: - | I91: =G91 -> -1.5267176 | K91: =K92/(1+(I92/100)) -> 29.847187 | L91: =((K91/K90)-1)*100 -> -1.5267176 | M91: =((K91/K79)-1)*100 -> -10.726644 | O91: 3/1/1892 | P91: =K91 -> 29.847187 | R91: 1971 | S91: =AVERAGE(P1037:P1048) -> 168.01521 | T91: =((S91/S90)-1)*100 -> 4.2927667 | U91: =P1048 -> 170.53942 | V91: =((U91/U90)-1)*100 -> 3.2663317 | AD91: 3/1/1879 | AE91: 76
A92: 4/1/1892 | B92: 74 | C92: 50.5 | D92: - | F92: - | G92: =((C92/C91)-1)*100 -> -2.1317829 | H92: - | I92: =G92 -> -2.1317829 | K92: =K93/(1+(I93/100)) -> 29.21091 | L92: =((K92/K91)-1)*100 -> -2.1317829 | M92: =((K92/K80)-1)*100 -> -13.230241 | O92: 4/1/1892 | P92: =K92 -> 29.21091 | R92: 1972 | S92: =AVERAGE(P1049:P1060) -> 173.51314 | T92: =((S92/S91)-1)*100 -> 3.2722782 | U92: =P1060 -> 176.34855 | V92: =((U92/U91)-1)*100 -> 3.406326 | AD92: 4/1/1879 | AE92: 75
A93: 5/1/1892 | B93: 74 | C93: 50.8 | D93: - | F93: - | G93: =((C93/C92)-1)*100 -> 0.59405941 | H93: - | I93: =G93 -> 0.59405941 | K93: =K94/(1+(I94/100)) -> 29.38444 | L93: =((K93/K92)-1)*100 -> 0.59405941 | M93: =((K93/K81)-1)*100 -> -11.652174 | O93: 5/1/1892 | P93: =K93 -> 29.38444 | R93: 1973 | S93: =AVERAGE(P1061:P1072) -> 184.23237 | T93: =((S93/S92)-1)*100 -> 6.1777601 | U93: =P1072 -> 191.70124 | V93: =((U93/U92)-1)*100 -> 8.7058824 | AD93: 5/1/1879 | AE93: 75
A94: 6/1/1892 | B94: 74 | C94: 50.7 | D94: - | F94: - | G94: =((C94/C93)-1)*100 -> -0.19685039 | H94: - | I94: =G94 -> -0.19685039 | K94: =K95/(1+(I95/100)) -> 29.326597 | L94: =((K94/K93)-1)*100 -> -0.19685039 | M94: =((K94/K82)-1)*100 -> -9.1397849 | O94: 6/1/1892 | P94: =K94 -> 29.326597 | R94: 1974 | S94: =AVERAGE(P1073:P1084) -> 204.59889 | T94: =((S94/S93)-1)*100 -> 11.054805 | U94: =P1084 -> 215.3527 | V94: =((U94/U93)-1)*100 -> 12.337662 | AD94: 6/1/1879 | AE94: 75
A95: 7/1/1892 | B95: 76 | C95: 51.9 | D95: - | F95: - | G95: =((C95/C94)-1)*100 -> 2.3668639 | H95: - | I95: =G95 -> 2.3668639 | K95: =K96/(1+(I96/100)) -> 30.020717 | L95: =((K95/K94)-1)*100 -> 2.3668639 | M95: =((K95/K83)-1)*100 -> -6.4864865 | O95: 7/1/1892 | P95: =K95 -> 30.020717 | R95: 1975 | S95: =AVERAGE(P1085:P1096) -> 223.30567 | T95: =((S95/S94)-1)*100 -> 9.1431469 | U95: =P1096 -> 230.29046 | V95: =((U95/U94)-1)*100 -> 6.9364162 | AD95: 7/1/1879 | AE95: 75
A96: 8/1/1892 | B96: 77 | C96: 52.4 | D96: - | F96: - | G96: =((C96/C95)-1)*100 -> 0.96339114 | H96: - | I96: =G96 -> 0.96339114 | K96: =K97/(1+(I97/100)) -> 30.309934 | L96: =((K96/K95)-1)*100 -> 0.96339114 | M96: =((K96/K84)-1)*100 -> -5.4151625 | O96: 8/1/1892 | P96: =K96 -> 30.309934 | R96: 1976 | S96: =AVERAGE(P1097:P1108) -> 236.13416 | T96: =((S96/S95)-1)*100 -> 5.7448126 | U96: =P1108 -> 241.49378 | V96: =((U96/U95)-1)*100 -> 4.8648649 | AD96: 8/1/1879 | AE96: 75
A97: 9/1/1892 | B97: 77 | C97: 52.5 | D97: - | F97: - | G97: =((C97/C96)-1)*100 -> 0.19083969 | H97: - | I97: =G97 -> 0.19083969 | K97: =K98/(1+(I98/100)) -> 30.367778 | L97: =((K97/K96)-1)*100 -> 0.19083969 | M97: =((K97/K85)-1)*100 -> -4.1970803 | O97: 9/1/1892 | P97: =K97 -> 30.367778 | R97: 1977 | S97: =AVERAGE(P1109:P1120) -> 251.48686 | T97: =((S97/S96)-1)*100 -> 6.501684 | U97: =P1120 -> 257.67635 | V97: =((U97/U96)-1)*100 -> 6.7010309 | AD97: 9/1/1879 | AE97: 77
A98: 10/1/1892 | B98: 77 | C98: 53 | D98: - | F98: - | G98: =((C98/C97)-1)*100 -> 0.95238095 | H98: - | I98: =G98 -> 0.95238095 | K98: =K99/(1+(I99/100)) -> 30.656995 | L98: =((K98/K97)-1)*100 -> 0.95238095 | M98: =((K98/K86)-1)*100 -> -2.9304029 | O98: 10/1/1892 | P98: =K98 -> 30.656995 | R98: 1978 | S98: =AVERAGE(P1121:P1132) -> 270.67773 | T98: =((S98/S97)-1)*100 -> 7.6309638 | U98: =P1132 -> 280.91286 | V98: =((U98/U97)-1)*100 -> 9.0177134 | AD98: 10/1/1879 | AE98: 79
A99: 11/1/1892 | B99: 79 | C99: 54 | D99: - | F99: - | G99: =((C99/C98)-1)*100 -> 1.8867925 | H99: - | I99: =G99 -> 1.8867925 | K99: =K100/(1+(I100/100)) -> 31.235428 | L99: =((K99/K98)-1)*100 -> 1.8867925 | M99: =((K99/K87)-1)*100 -> -0.55248619 | O99: 11/1/1892 | P99: =K99 -> 31.235428 | R99: 1979 | S99: =AVERAGE(P1133:P1144) -> 301.14108 | T99: =((S99/S98)-1)*100 -> 11.254471 | U99: =P1144 -> 318.25726 | V99: =((U99/U98)-1)*100 -> 13.293944 | AD99: 11/1/1879 | AE99: 81
A100: 12/1/1892 | B100: 80 | C100: 55 | D100: - | F100: - | G100: =((C100/C99)-1)*100 -> 1.8518519 | H100: - | I100: =G100 -> 1.8518519 | K100: =K101/(1+(I101/100)) -> 31.813862 | L100: =((K100/K99)-1)*100 -> 1.8518519 | M100: =((K100/K88)-1)*100 -> 2.2304833 | O100: 12/1/1892 | P100: =K100 -> 31.813862 | R100: 1980 | S100: =AVERAGE(P1145:P1156) -> 341.94329 | T100: =((S100/S99)-1)*100 -> 13.549202 | U100: =P1156 -> 358.09129 | V100: =((U100/U99)-1)*100 -> 12.516297 | AD100: 12/1/1879 | AE100: 82
A101: 1/1/1893 | B101: 83 | C101: 56.6 | D101: - | F101: - | G101: =((C101/C100)-1)*100 -> 2.9090909 | H101: - | I101: =G101 -> 2.9090909 | K101: =K102/(1+(I102/100)) -> 32.739357 | L101: =((K101/K100)-1)*100 -> 2.9090909 | M101: =((K101/K89)-1)*100 -> 7.4003795 | O101: 1/1/1893 | P101: =K101 -> 32.739357 | R101: 1981 | S101: =AVERAGE(P1157:P1168) -> 377.28216 | T101: =((S101/S100)-1)*100 -> 10.334715 | U101: =P1168 -> 390.04149 | V101: =((U101/U100)-1)*100 -> 8.9223638 | AD101: 1/1/1880 | AE101: 83
A102: 2/1/1893 | B102: 84 | C102: 57.2 | D102: - | F102: - | G102: =((C102/C101)-1)*100 -> 1.0600707 | H102: - | I102: =G102 -> 1.0600707 | K102: =K103/(1+(I103/100)) -> 33.086417 | L102: =((K102/K101)-1)*100 -> 1.0600707 | M102: =((K102/K90)-1)*100 -> 9.1603053 | O102: 2/1/1893 | P102: =K102 -> 33.086417 | R102: 1982 | S102: =AVERAGE(P1169:P1180) -> 400.41494 | T102: =((S102/S101)-1)*100 -> 6.131427 | U102: =P1180 -> 404.97925 | V102: =((U102/U101)-1)*100 -> 3.8297872 | AD102: 2/1/1880 | AE102: 84
...

Sheet EU tasas
A1: Nota: Datos de 1933 a 2010 con frecuencia anual. No se tiene datos disponible de 1885 a 1933. Para datos mensuales y trimestrales se presentan varias periodicidades iniciando en 1885 y 1914.
A2: Año | B2: Prime Prom | C2: Prime Fin | D2: Discount rate promedio 1950-2010 | E2: Discount rate fin 1950-2010 | G2: Trimestres | H2: Commercial Paper rate, 1885-1983 | I2: Yield on corporate bonds, 1885-1983 | J2: Fechas disponibles Trimestres | K2: 3 Month interbank rates. Serie trimestral, 1964-2010 | M2: Meses | N2: Discount rate 1950-2010 | O2: Bank Prime Loan Rate, Percent, Mensual, 1949-2010 | Q2: Fechas disponibles Mensuales | R2: Basic discount rate 1914-2002. Años seleccionados | S2: Long-Term U.S. Gov Securities 1925-2000 | T2: 3-Month Treasury Bill Sec Mkt 1934-2010 | U2: Fechas de los cambios | V2: Bank Prime Loan Rate Changes: Historical Dates of Changes and Rates, 1955-2010 | X2: Banco de México: Tasas de Interés seleccionadas de Estados Unidos
X3: Fecha | Y3: Letra del Tesoro a 3 meses %, anualizada, | Z3: Bono del Tesoro a 1 año, %, anualizada, | AA3: Bono del Tesoro a 3 años, %, anualizada | AB3: Bono del Tesoro a 5 años, %, anualizada | AC3: Bono del Tesoro a 10 años, tasa de interés %, anual | AD3: Bono del Tesoro a 20 años, %, anualizada | AE3: Tasa de Interés Preferencial, %, anualizada | AH3: Tasas promedio de papel comercial prime
A5: 1885 | B5: - | C5: - | D5: - | E5: - | G5: 31107 | H5: 5.84 | I5: 6.55 | J5: 23559 | K5: 3.8633333 | M5: 1/1/1885 | N5: - | O5: - | Q5: 5434 | R5: 6 | S5: - | T5: - | U5: 20305 | V5: 3.25
A6: 1886 | B6: - | C6: - | D6: - | E6: - | G6: 31199 | H6: 5.02 | I6: 6.48 | J6: 23651 | K6: 4.0233333 | M6: 2/1/1885 | N6: - | O6: - | Q6: 5486 | R6: 5.5 | S6: - | T6: - | U6: 20376 | V6: 3.5 | X6: 19360 | Y6: 1.96 | Z6: N/E | AA6: N/E | AB6: N/E | AC6: N/E | AD6: N/E | AE6: 3 | AG6: 1888 | AH6: 5.31
A7: 1887 | B7: - | C7: - | D7: - | E7: - | G7: 31291 | H7: 4.93 | I7: 6.4 | J7: 23743 | K7: 4.1966667 | M7: 3/1/1885 | N7: - | O7: - | Q7: 5513 | R7: 4.5 | S7: - | T7: - | U7: 20558 | V7: 3.75 | X7: 19391 | Y7: 1.97 | Z7: N/E | AA7: N/E | AB7: N/E | AC7: N/E | AD7: N/E | AE7: 3 | AG7: 1889 | AH7: 4.58
A8: 1888 | B8: - | C8: - | D8: - | E8: - | G8: 31382 | H8: 5.6 | I8: 6.33 | J8: 23833 | K8: 4.3033333 | M8: 4/1/1885 | N8: - | O8: - | Q8: 5736 | R8: 4 | S8: - | T8: - | U8: 20688 | V8: 4 | X8: 19419 | Y8: 2.01 | Z8: N/E | AA8: N/E | AB8: N/E | AC8: N/E | AD8: N/E | AE8: 3 | AG8: 1890 | AH8: 5.43
A9: 1889 | B9: - | C9: - | D9: - | E9: - | G9: 31472 | H9: 5.32 | I9: 6.19 | J9: 23924 | K9: 4.31 | M9: 5/1/1885 | N9: - | O9: - | Q9: 6521 | R9: 4.5 | S9: - | T9: - | U9: 21038 | V9: 4.5 | X9: 19450 | Y9: 2.19 | Z9: 2.36 | AA9: 2.51 | AB9: 2.62 | AC9: 2.83 | AD9: 3.08 | AE9: 3.03 | AG9: 1891 | AH9: 5.88
A10: 1890 | B10: - | C10: - | D10: - | E10: - | G10: 31564 | H10: 5.34 | I10: 6.16 | J10: 24016 | K10: 4.5666667 | M10: 6/1/1885 | N10: - | O10: - | Q10: 6673 | R10: 4.75 | S10: - | T10: - | U10: 21207 | V10: 4 | X10: 19480 | Y10: 2.16 | Z10: 2.48 | AA10: 2.72 | AB10: 2.87 | AC10: 3.05 | AD10: 3.18 | AE10: 3.25 | AG10: 1892 | AH10: 4.18
A11: 1891 | B11: - | C11: - | D11: - | E11: - | G11: 31656 | H11: 6.27 | I11: 6.14 | J11: 24108 | K11: 5.0633333 | M11: 7/1/1885 | N11: - | O11: - | Q11: 7329 | R11: 6 | S11: - | T11: - | U11: 21296 | V11: 3.5 | X11: 19511 | Y11: 2.11 | Z11: 2.45 | AA11: 2.74 | AB11: 2.94 | AC11: 3.11 | AD11: 3.21 | AE11: 3.25 | AG11: 1893 | AH11: 6.69
A12: 1892 | B12: - | C12: - | D12: - | E12: - | G12: 31747 | H12: 7.27 | I12: 6.18 | J12: 24198 | K12: 5.38 | M12: 8/1/1885 | N12: - | O12: - | Q12: 7978 | R12: 5 | S12: - | T12: - | U12: 21439 | V12: 4 | X12: 19541 | Y12: 2.04 | Z12: 2.38 | AA12: 2.62 | AB12: 2.75 | AC12: 2.93 | AD12: 3.12 | AE12: 3.25 | AG12: 1894 | AH12: 3.93
A13: 1893 | B13: - | C13: - | D13: - | E13: - | G13: 31837 | H13: 6.51 | I13: 6.19 | J13: 24289 | K13: 5.7333333 | M13: 9/1/1885 | N13: - | O13: - | Q13: 8132 | R13: 4.5 | S13: - | T13: - | U13: 21688 | V13: 4.5 | X13: 19572 | Y13: 2.04 | Z13: 2.28 | AA13: 2.58 | AB13: 2.8 | AC13: 2.95 | AD13: 3.1 | AE13: 3.25 | AG13: 1895 | AH13: 3.17
A14: 1894 | B14: - | C14: - | D14: - | E14: - | G14: 31929 | H14: 6.53 | I14: 6.2 | J14: 24381 | K14: 5.7566667 | M14: 10/1/1885 | N14: - | O14: - | Q14: 8937 | R14: 4 | S14: - | T14: - | U14: 21794 | V14: 5 | X14: 19603 | Y14: 1.79 | Z14: 2.2 | AA14: 2.56 | AB14: 2.71 | AC14: 2.87 | AD14: 3.07 | AE14: 3.25 | AG14: 1896 | AH14: 5.11
A15: 1895 | B15: - | C15: - | D15: - | E15: - | G15: 32021 | H15: 7.78 | I15: 6.25 | J15: 24473 | K15: 5.1966667 | M15: 11/1/1885 | N15: - | O15: - | Q15: 10078 | R15: 3.5 | S15: - | T15: - | U15: 22151 | V15: 4.5 | X15: 19633 | Y15: 1.38 | Z15: 1.79 | AA15: 2.23 | AB15: 2.43 | AC15: 2.66 | AD15: 2.95 | AE15: 3.25 | AG15: 1897 | AH15: 4.43
A16: 1896 | B16: - | C16: - | D16: - | E16: - | G16: 32112 | H16: 7.33 | I16: 6.3 | J16: 24563 | K16: 4.5266667 | M16: 12/1/1885 | N16: - | O16: - | Q16: 10279 | R16: 4 | S16: - | T16: - | U16: 24082 | V16: 5 | X16: 19664 | Y16: 1.44 | Z16: 1.67 | AA16: 2.2 | AB16: 2.42 | AC16: 2.68 | AD16: 2.95 | AE16: 3.25 | AG16: 1898 | AH16: 3.94
A17: 1897 | B17: - | C17: - | D17: - | E17: - | G17: 32203 | H17: 6.51 | I17: 6.2 | J17: 24654 | K17: 4.9466667 | M17: 1/1/1886 | N17: - | O17: - | Q17: 10341 | R17: 4.5 | S17: - | T17: - | U17: 24176 | V17: 5.5 | X17: 19694 | Y17: 1.6 | Z17: 1.66 | AA17: 2.07 | AB17: 2.32 | AC17: 2.59 | AD17: 2.89 | AE17: 3.25 | AG17: 1899 | AH17: 3.51
A18: 1898 | B18: - | C18: - | D18: - | E18: - | G18: 32295 | H18: 6.11 | I18: 6.19 | J18: 24746 | K18: 5.4133333 | M18: 2/1/1886 | N18: - | O18: - | Q18: 10428 | R18: 5 | S18: - | T18: - | U18: 24287 | V18: 5.75 | X18: 19725 | Y18: 1.18 | Z18: 1.41 | AA18: 1.89 | AB18: 2.17 | AC18: 2.48 | AD18: 2.8 | AE18: 3.25 | AG18: 1900 | AH18: 4.6
A19: 1899 | B19: - | C19: - | D19: - | E19: - | G19: 32387 | H19: 5.86 | I19: 6.12 | J19: 24838 | K19: 5.4633333 | M19: 3/1/1886 | N19: - | O19: - | Q19: 11000 | R19: 4.5 | S19: - | T19: - | U19: 24335 | V19: 6 | X19: 19756 | Y19: 0.97 | Z19: 1.14 | AA19: 1.63 | AB19: 2.04 | AC19: 2.47 | AD19: 2.72 | AE19: 3.25 | AG19: 1901 | AH19: 4.23
A20: 1900 | B20: - | C20: - | D20: - | E20: - | G20: 32478 | H20: 6.22 | I20: 6.13 | J20: 24929 | K20: 6.0133333 | M20: 4/1/1886 | N20: - | O20: - | Q20: 11060 | R20: 4 | S20: - | T20: - | U20: 24498 | V20: 5.75 | X20: 19784 | Y20: 1.03 | Z20: 1.13 | AA20: 1.59 | AB20: 1.93 | AC20: 2.37 | AD20: 2.61 | AE20: 3.13 | AG20: 1902 | AH20: 4.59
... A31: 1911 | B31: - | C31: - | D31: - | E31: - | G31: 33482 | H31: 6.65 | I31: 6.37 | J31: 25934 | K31: 4.44 | M31: 3/1/1887 | N31: - | O31: - | Q31: 17764 | R31: 1.5 | S31: - | T31: - | U31: 25832 | V31: 7.5 | X31: 20121 | Y31: 1.17 | Z31: 1.57 | AA31: 2.12 | AB31: 2.38 | AC31: 2.65 | AD31: 2.83 | AE31: 3 | AG31: 1913 | AH31: 4.87
A32: 1912 | B32: - | C32: - | D32: - | E32: - | G32: 33573 | H32: 6.14 | I32: 6.29 | J32: 26024 | K32: 4.9433333 | M32: 4/1/1887 | N32: - | O32: - | Q32: 18497 | R32: 1.75 | S32: - | T32: - | U32: 25884 | V32: 7.25 | X32: 20149 | Y32: 1.28 | Z32: 1.59 | AA32: 2.26 | AB32: 2.48 | AC32: 2.68 | AD32: 2.84 | AE32: 3
A33: 1913 | B33: - | C33: - | D33: - | E33: - | G33: 33664 | H33: 5.25 | I33: 6.21 | J33: 26115 | K33: 5.7066667 | M33: 5/1/1887 | N33: - | O33: - | Q33: 19375 | R33: 2 | S33: - | T33: - | U33: 25895 | V33: 7 | X33: 20180 | Y33: 1.59 | Z33: 1.75 | AA33: 2.37 | AB33: 2.55 | AC33: 2.75 | AD33: 2.85 | AE33: 3 | AG33: Fuente: Smileg, G. "Interest Rate Movement in the United States, 1888-1913" The Journal of Economic History , Vol. 35 , Issue 3 , September 1975 , pp. 591 - 620; p. 612
A34: 1914 | B34: - | C34: - | D34: - | E34: - | G34: 33756 | H34: 4.59 | I34: 6.18 | J34: 26207 | K34: 4.93 | M34: 6/1/1887 | N34: - | O34: - | Q34: 19760 | R34: 1.75 | S34: - | T34: - | U34: 25924 | V34: 6.75 | X34: 20210 | Y34: 1.45 | Z34: 1.9 | AA34: 2.37 | AB34: 2.56 | AC34: 2.76 | AD34: 2.87 | AE34: 3
A35: 1915 | B35: - | C35: - | D35: - | E35: - | G35: 33848 | H35: 5.49 | I35: 6.17 | J35: 26299 | K35: 3.88 | M35: 7/1/1887 | N35: - | O35: - | Q35: 19837 | R35: 1.5 | S35: - | T35: - | U35: 25939 | V35: 6.5 | X35: 20241 | Y35: 1.41 | Z35: 1.91 | AA35: 2.39 | AB35: 2.59 | AC35: 2.78 | AD35: 2.86 | AE35: 3
A36: 1916 | B36: - | C36: - | D36: - | E36: - | G36: 33939 | H36: 6.27 | I36: 6.21 | J36: 26390 | K36: 4.55 | M36: 8/1/1887 | N36: - | O36: - | Q36: 20194 | R36: 1.75 | S36: - | T36: - | U36: 25948 | V36: 6.25 | X36: 20271 | Y36: 1.6 | Z36: 2.02 | AA36: 2.51 | AB36: 2.72 | AC36: 2.9 | AD36: 2.94 | AE36: 3
A37: 1917 | B37: - | C37: - | D37: - | E37: - | G37: 34029 | H37: 6.29 | I37: 6.19 | J37: 26481 | K37: 4.9333333 | M37: 9/1/1887 | N37: - | O37: - | Q37: 20309 | R37: 2 | S37: - | T37: - | U37: 25951 | V37: 6 | X37: 20302 | Y37: 1.9 | Z37: 2.37 | AA37: 2.72 | AB37: 2.86 | AC37: 2.97 | AD37: 3.01 | AE37: 3.23
A38: 1918 | B38: - | C38: - | D38: - | E38: - | G38: 34121 | H38: 8.08 | I38: 6.26 | J38: 26573 | K38: 5.3 | M38: 10/1/1887 | N38: - | O38: - | Q38: 20331 | R38: 2.25 | S38: - | T38: - | U38: 25980 | V38: 5.75 | X38: 20333 | Y38: 2.07 | Z38: 2.36 | AA38: 2.69 | AB38: 2.85 | AC38: 2.97 | AD38: 3 | AE38: 3.25
A39: 1919 | B39: - | C39: - | D39: - | E39: - | G39: 34213 | H39: 9.86 | I39: 6.46 | J39: 26665 | K39: 6.4 | M39: 11/1/1887 | N39: - | O39: - | Q39: 20415 | R39: 2.5 | S39: - | T39: - | U39: 26003 | V39: 5.5 | X39: 20363 | Y39: 2.23 | Z39: 2.39 | AA39: 2.62 | AB39: 2.76 | AC39: 2.88 | AD39: 2.93 | AE39: 3.4
A40: 1920 | B40: - | C40: - | D40: - | E40: - | G40: 34304 | H40: 6.33 | I40: 6.28 | J40: 26755 | K40: 7.6733333 | M40: 12/1/1887 | N40: - | O40: - | Q40: 20558 | R40: 2.75 | S40: - | T40: - | U40: 26011 | V40: 5.25 | X40: 20394 | Y40: 2.24 | Z40: 2.48 | AA40: 2.73 | AB40: 2.81 | AC40: 2.89 | AD40: 2.93 | AE40: 3.5
A41: 1921 | B41: - | C41: - | D41: - | E41: - | G41: 34394 | H41: 5.16 | I41: 6.16 | J41: 26846 | K41: 10.353333 | M41: 1/1/1888 | N41: - | O41: - | Q41: 20695 | R41: 3 | S41: - | T41: - | U41: 26046 | V41: 5.5 | X41: 20424 | Y41: 2.54 | Z41: 2.73 | AA41: 2.88 | AB41: 2.93 | AC41: 2.96 | AD41: 2.98 | AE41: 3.5
A42: 1922 | B42: - | C42: - | D42: - | E42: - | G42: 34486 | H42: 4.83 | I42: 6.08 | J42: 26938 | K42: 9.2366667 | M42: 2/1/1888 | N42: - | O42: - | Q42: 21053 | R42: 3.5 | S42: - | T42: - | U42: 26121 | V42: 6 | X42: 20455 | Y42: 2.41 | Z42: 2.58 | AA42: 2.78 | AB42: 2.84 | AC42: 2.9 | AD42: 2.94 | AE42: 3.5
A43: 1923 | B43: - | C43: - | D43: - | E43: - | G43: 34578 | H43: 5.14 | I43: 6.07 | J43: 27030 | K43: 8.64 | M43: 3/1/1888 | N43: - | O43: - | Q43: 21139 | R43: 3 | S43: - | T43: - | U43: 26226 | V43: 5.75 | X43: 20486 | Y43: 2.32 | Z43: 2.49 | AA43: 2.67 | AB43: 2.74 | AC43: 2.84 | AD43: 2.91 | AE43: 3.5
A44: 1924 | B44: - | C44: - | D44: - | E44: - | G44: 34669 | H44: 5.75 | I44: 6 | J44: 27120 | K44: 10.943333 | M44: 4/1/1888 | N44: - | O44: - | Q44: 21209 | R44: 2.75 | S44: - | T44: - | U44: 26245 | V44: 5.5 | X44: 20515 | Y44: 2.25 | Z44: 2.61 | AA44: 2.89 | AB44: 2.93 | AC44: 2.96 | AD44: 2.99 | AE44: 3.5
A45: 1925 | B45: - | C45: - | D45: - | E45: - | G45: 34759 | H45: 6.39 | I45: 6.02 | J45: 27211 | K45: 12.026667 | M45: 5/1/1888 | N45: - | O45: - | Q45: 21258 | R45: 2.25 | S45: - | T45: - | U45: 26284 | V45: 5.25 | X45: 20546 | Y45: 2.6 | Z45: 2.92 | AA45: 3.19 | AB45: 3.2 | AC45: 3.18 | AD45: 3.14 | AE45: 3.65
... A68: 1948 | B68: - | C68: - | D68: - | E68: - | G68: 36861 | H68: 5.8 | I68: 5.66 | J68: 29312 | K68: 11.473333 | M68: 4/1/1890 | N68: - | O68: - | Q68: 25977 | R68: 4.75 | S68: - | T68: - | U68: 26897 | V68: 9.5 | X68: 21245 | Y68: 1.3 | Z68: 1.84 | AA68: 2.4 | AB68: 2.64 | AC68: 2.98 | AD68: 3.29 | AE68: 4
A69: 1949 | B69: 2 | C69: 2 | D69: - | E69: - | G69: 36951 | H69: 5.09 | I69: 5.62 | J69: 29403 | K69: 9.95 | M69: 5/1/1890 | N69: - | O69: - | Q69: 26130 | R69: 5 | S69: - | T69: - | U69: 26904 | V69: 9.75 | X69: 21276 | Y69: 1.13 | Z69: 1.45 | AA69: 2.15 | AB69: 2.46 | AC69: 2.88 | AD69: 3.17 | AE69: 3.83
A70: 1950 | B70: 2.25 | C70: 2.0691667 | D70: 1.5908333 | E70: 1.75 | G70: 37043 | H70: 5.4 | I70: 5.64 | J70: 29495 | K70: 15.756667 | M70: 6/1/1890 | N70: - | O70: - | Q70: 26248 | R70: 4.75 | S70: - | T70: - | U70: 26925 | V70: 10 | X70: 21306 | Y70: 0.91 | Z70: 1.37 | AA70: 2.07 | AB70: 2.41 | AC70: 2.92 | AD70: 3.17 | AE70: 3.5
A71: 1951 | B71: 2.85 | C71: 2.5892308 | D71: 1.75 | E71: 1.75 | G71: 37135 | H71: 5.65 | I71: 5.68 | J71: 29587 | K71: 15.92 | M71: 7/1/1890 | N71: - | O71: - | Q71: 26280 | R71: 4.5 | S71: - | T71: - | U71: 26960 | V71: 9.75 | X71: 21337 | Y71: 0.83 | Z71: 1.23 | AA71: 2.08 | AB71: 2.46 | AC71: 2.97 | AD71: 3.23 | AE71: 3.5
A72: 1952 | B72: 3 | C72: 3 | D72: 1.75 | E72: 1.75 | G72: 37226 | H72: 5.45 | I72: 5.68 | J72: 29677 | K72: 16.75 | M72: 8/1/1890 | N72: - | O72: - | Q72: 26679 | R72: 5 | S72: - | T72: - | U72: 26966 | V72: 9.5 | X72: 21367 | Y72: 0.91 | Z72: 1.61 | AA72: 2.42 | AB72: 2.77 | AC72: 3.2 | AD72: 3.39 | AE72: 3.5
A73: 1953 | B73: 3.25 | C73: 3.1691667 | D73: 1.99 | E73: 2 | G73: 37316 | H73: 5.43 | I73: 5.67 | J73: 29768 | K73: 17.52 | M73: 9/1/1890 | N73: - | O73: - | Q73: 26721 | R73: 5.5 | S73: - | T73: - | U73: 27001 | V73: 9.75 | X73: 21398 | Y73: 1.69 | Z73: 2.5 | AA73: 3.06 | AB73: 3.29 | AC73: 3.54 | AD73: 3.65 | AE73: 3.5
A74: 1954 | B74: 3 | C74: 3.0525 | D74: 1.5975 | E74: 1.5 | G74: 37408 | H74: 5.37 | I74: 5.69 | J74: 29860 | K74: 13.453333 | M74: 10/1/1890 | N74: - | O74: - | Q74: 26781 | R74: 5.75 | S74: - | T74: - | U74: 27058 | V74: 9.5 | X74: 21429 | Y74: 2.44 | Z74: 3.05 | AA74: 3.52 | AB74: 3.69 | AC74: 3.76 | AD74: 3.8 | AE74: 3.83
A75: 1955 | B75: 3.5 | C75: 3.1566667 | D75: 1.8866667 | E75: 2.5 | G75: 37500 | H75: 5.86 | I75: 5.75 | J75: 29952 | K75: 14.24 | M75: 11/1/1890 | N75: - | O75: - | Q75: 26795 | R75: 6 | S75: - | T75: - | U75: 27071 | V75: 9.25 | X75: 21459 | Y75: 2.63 | Z75: 3.19 | AA75: 3.67 | AB75: 3.78 | AC75: 3.8 | AD75: 3.81 | AE75: 4
A76: 1956 | B76: 4 | C76: 3.77 | D76: 2.7675 | E76: 3 | G76: 37591 | H76: 6.57 | I76: 5.82 | J76: 30042 | K76: 14.233333 | M76: 12/1/1890 | N76: - | O76: - | Q76: 26826 | R76: 6.5 | S76: - | T76: - | U76: 27079 | V76: 9 | X76: 21490 | Y76: 2.67 | Z76: 3.1 | AA76: 3.6 | AB76: 3.7 | AC76: 3.74 | AD76: 3.76 | AE76: 4
A77: 1957 | B77: 4.5 | C77: 4.2016667 | D77: 3.115 | E77: 3 | G77: 37681 | H77: 5.8 | I77: 5.86 | J77: 30133 | K77: 11.57 | M77: 1/1/1891 | N77: - | O77: - | Q77: 26847 | R77: 7 | S77: - | T77: - | U77: 27085 | V77: 8.75 | X77: 21520 | Y77: 2.77 | Z77: 3.29 | AA77: 3.72 | AB77: 3.82 | AC77: 3.86 | AD77: 3.86 | AE77: 4
A78: 1958 | B78: 4 | C78: 3.8333333 | D78: 2.1566667 | E78: 2.5 | G78: 37773 | H78: 5.79 | I78: 5.94 | J78: 30225 | K78: 9.04 | M78: 2/1/1891 | N78: - | O78: - | Q78: 26890 | R78: 7.5 | S78: - | T78: - | U78: 27110 | V78: 9 | X78: 21551 | Y78: 2.82 | Z78: 3.36 | AA78: 3.91 | AB78: 4.01 | AC78: 4.02 | AD78: 3.95 | AE78: 4
A79: 1959 | B79: 5 | C79: 4.4775 | D79: 3.3583333 | E79: 4 | G79: 37865 | H79: 6.5 | I79: 6.04 | J79: 30317 | K79: 8.53 | M79: 3/1/1891 | N79: - | O79: - | Q79: 27145 | R79: 8 | S79: - | T79: - | U79: 27120 | V79: 9.25 | X79: 21582 | Y79: 2.7 | Z79: 3.54 | AA79: 3.92 | AB79: 3.96 | AC79: 3.96 | AD79: 3.96 | AE79: 4
A80: 1960 | B80: 4.5 | C80: 4.8208333 | D80: 3.5275 | E80: 3 | G80: 37956 | H80: 6.54 | I80: 6.02 | J80: 30407 | K80: 8.7733333 | M80: 4/1/1891 | N80: - | O80: - | Q80: 27376 | R80: 7.75 | S80: - | T80: - | U80: 27123 | V80: 9.5 | X80: 21610 | Y80: 2.8 | Z80: 3.61 | AA80: 3.97 | AB80: 3.99 | AC80: 3.99 | AD80: 3.99 | AE80: 4
A81: 1961 | B81: 4.5 | C81: 4.5 | D81: 3 | E81: 3 | G81: 38047 | H81: 5.61 | I81: 6.03 | J81: 30498 | K81: 9.5533333 | M81: 5/1/1891 | N81: - | O81: - | Q81: 27404 | R81: 7.25 | S81: - | T81: - | U81: 27127 | V81: 9.75 | X81: 21641 | Y81: 2.95 | Z81: 3.72 | AA81: 4.03 | AB81: 4.12 | AC81: 4.12 | AD81: 4.06 | AE81: 4
... A130: 2010 | B130: 3.25 | C130: 3.25 | D130: 0.72916667 | E130: 0.75 | G130: 42339 | H130: 3.62 | I130: 6.58 | J130: 34973 | K130: 5.7166667 | M130: 6/1/1895 | N130: - | O130: - | Q130: 32029 | R130: 6 | S130: - | T130: - | U130: 28636 | V130: 8.5 | X130: 23132 | Y130: 2.93 | Z130: 3.12 | AA130: 3.54 | AB130: 3.72 | AC130: 3.93 | AD130: 4.02 | AE130: 4.5
G131: 42430 | H131: 3.5 | I131: 6.5 | J131: 35065 | K131: 5.2766667 | M131: 7/1/1895 | N131: - | O131: - | Q131: 32364 | R131: 6.5 | S131: - | T131: - | U131: 28657 | V131: 8.75 | X131: 23163 | Y131: 2.99 | Z131: 3.2 | AA131: 3.61 | AB131: 3.81 | AC131: 3.99 | AD131: 4.02 | AE131: 4.5
A132: *Cifras en porcentajes, sin ajuste estacional. | G132: 42522 | H132: 3.67 | I132: 6.53 | J132: 35156 | K132: 5.3933333 | M132: 8/1/1895 | N132: - | O132: - | Q132: 32563 | R132: 7 | S132: - | T132: - | U132: 28671 | V132: 9 | X132: 23193 | Y132: 3.18 | Z132: 3.48 | AA132: 3.76 | AB132: 3.89 | AC132: 4.02 | AD132: 4.06 | AE132: 4.5
A133: Fuente: Federal Reserve Economic Data, Federal Reserve Bank of St. Louis, Economic Research Division. Serie RIFSGFSM03NA | G133: 42614 | H133: 4.17 | I133: 6.55 | J133: 35247 | K133: 5.48 | M133: 9/1/1895 | N133: - | O133: - | Q133: 33226 | R133: 6.5 | S133: - | T133: - | U133: 28734 | V133: 9.25 | X133: 23224 | Y133: 3.32 | Z133: 3.53 | AA133: 3.77 | AB133: 3.89 | AC133: 4 | AD133: 4.03 | AE133: 4.5
G134: 42705 | H134: 4.03 | I134: 6.47 | J134: 35339 | K134: 5.41 | M134: 10/1/1895 | N134: - | O134: - | Q134: 33273 | R134: 6 | S134: - | T134: - | U134: 28748 | V134: 9.5 | X134: 23255 | Y134: 3.38 | Z134: 3.57 | AA134: 3.82 | AB134: 3.96 | AC134: 4.08 | AD134: 4.09 | AE134: 4.5
G135: 42795 | H135: 4.32 | I135: 6.45 | J135: 35431 | K135: 5.4433333 | M135: 11/1/1895 | N135: - | O135: - | Q135: 33360 | R135: 5.5 | S135: - | T135: - | U135: 28761 | V135: 9.75 | X135: 23285 | Y135: 3.45 | Z135: 3.64 | AA135: 3.87 | AB135: 3.97 | AC135: 4.11 | AD135: 4.12 | AE135: 4.5
A136: Fred, Federal Funds Effective Rate, Percent, Annual, Not Seasonally Adjusted | G136: 42887 | H136: 5.03 | I136: 6.69 | J136: 35521 | K136: 5.69 | M136: 12/1/1895 | N136: - | O136: - | Q136: 33498 | R136: 5 | S136: - | T136: - | U136: 28776 | V136: 10 | X136: 23316 | Y136: 3.52 | Z136: 3.74 | AA136: 3.95 | AB136: 4.01 | AC136: 4.12 | AD136: 4.16 | AE136: 4.5
G137: 42979 | H137: 5.26 | I137: 6.85 | J137: 35612 | K137: 5.6 | M137: 1/1/1896 | N137: - | O137: - | Q137: 33549 | R137: 4.5 | S137: - | T137: - | U137: 28790 | V137: 10.25 | X137: 23346 | Y137: 3.52 | Z137: 3.81 | AA137: 4.01 | AB137: 4.04 | AC137: 4.13 | AD137: 4.19 | AE137: 4.5
G138: 43070 | H138: 5.69 | I138: 7.07 | J138: 35704 | K138: 5.73 | M138: 2/1/1896 | N138: - | O138: - | Q138: 33596 | R138: 3.5 | S138: - | T138: - | U138: 28795 | V138: 10.5 | X138: 23377 | Y138: 3.52 | Z138: 3.79 | AA138: 4.04 | AB138: 4.07 | AC138: 4.17 | AD138: 4.19 | AE138: 4.5
G139: 43160 | H139: 5.9 | I139: 7.12 | J139: 35796 | K139: 5.5533333 | M139: 3/1/1896 | N139: - | O139: - | Q139: 33792 | R139: 3 | S139: - | T139: - | U139: 28800 | V139: 10.75 | X139: 23408 | Y139: 3.53 | Z139: 3.78 | AA139: 4 | AB139: 4.03 | AC139: 4.15 | AD139: 4.17 | AE139: 4.5
G140: 43252 | H140: 6.08 | I140: 7.18 | J140: 35886 | K140: 5.59 | M140: 4/1/1896 | N140: - | O140: - | Q140: 34471 | R140: 3.5 | S140: - | T140: - | U140: 28811 | V140: 11 | X140: 23437 | Y140: 3.54 | Z140: 3.91 | AA140: 4.12 | AB140: 4.14 | AC140: 4.22 | AD140: 4.22 | AE140: 4.5
G141: 43344 | H141: 6.11 | I141: 7.26 | J141: 35977 | K141: 5.5266667 | M141: 5/1/1896 | N141: - | O141: - | Q141: 34562 | R141: 4 | S141: - | T141: - | U141: 28818 | V141: 11.5 | X141: 23468 | Y141: 3.47 | Z141: 3.91 | AA141: 4.15 | AB141: 4.15 | AC141: 4.23 | AD141: 4.24 | AE141: 4.5
G142: 43435 | H142: 6 | I142: 7 | J142: 36069 | K142: 5.1966667 | M142: 6/1/1896 | N142: - | O142: - | Q142: 34653 | R142: 4.75 | S142: - | T142: - | U142: 28850 | V142: 11.75 | X142: 23498 | Y142: 3.48 | Z142: 3.84 | AA142: 4.04 | AB142: 4.05 | AC142: 4.2 | AD142: 4.2 | AE142: 4.5
G143: 43525 | H143: 5.29 | I143: 7.12 | J143: 36161 | K143: 4.9 | M143: 7/1/1896 | N143: - | O143: - | Q143: 34731 | R143: 5.25 | S143: - | T143: - | U143: 29025 | V143: 11.5 | X143: 23529 | Y143: 3.48 | Z143: 3.83 | AA143: 4.01 | AB143: 4.02 | AC143: 4.17 | AD143: 4.17 | AE143: 4.5
G144: 43617 | H144: 5.34 | I144: 7.23 | J144: 36251 | K144: 4.9766667 | M144: 8/1/1896 | N144: - | O144: - | Q144: 35100 | R144: 5 | S144: - | T144: - | U144: 29063 | V144: 11.75 | X144: 23559 | Y144: 3.46 | Z144: 3.72 | AA144: 3.93 | AB144: 4.03 | AC144: 4.19 | AD144: 4.16 | AE144: 4.5
G145: 43709 | H145: 5.38 | I145: 7.06 | J145: 36342 | K145: 5.3833333 | M145: 9/1/1896 | N145: - | O145: - | Q145: 36083 | R145: 4.75 | S145: - | T145: - | U145: 29083 | V145: 12 | X145: 23590 | Y145: 3.5 | Z145: 3.74 | AA145: 3.93 | AB145: 4.05 | AC145: 4.19 | AD145: 4.18 | AE145: 4.5
G146: 43800 | H146: 5.46 | I146: 7.34 | J146: 36434 | K146: 6.06 | M146: 10/1/1896 | N146: - | O146: - | Q146: 36118 | R146: 4.5 | S146: - | T146: - | U146: 29095 | V146: 12.25 | X146: 23621 | Y146: 3.53 | Z146: 3.84 | AA146: 4.01 | AB146: 4.08 | AC146: 4.2 | AD146: 4.2 | AE146: 4.5
G147: 43891 | H147: 6.42 | I147: 7.78 | J147: 36526 | K147: 6.0333333 | M147: 11/1/1896 | N147: - | O147: - | Q147: 36396 | R147: 4.75 | S147: - | T147: - | U147: 29105 | V147: 12.75 | X147: 23651 | Y147: 3.57 | Z147: 3.86 | AA147: 4.02 | AB147: 4.07 | AC147: 4.19 | AD147: 4.2 | AE147: 4.5
G148: 43983 | H148: 7.38 | I148: 8.17 | J148: 36617 | K148: 6.5733333 | M148: 12/1/1896 | N148: - | O148: - | Q148: 36482 | R148: 5 | S148: - | T148: - | U148: 29112 | V148: 13 | X148: 23682 | Y148: 3.64 | Z148: 3.91 | AA148: 4.04 | AB148: 4.04 | AC148: 4.15 | AD148: 4.17 | AE148: 4.5
... G164: 45444 | H164: 4.42 | I164: 7.03 | J164: 38078 | K164: 1.2466667 | M164: 4/1/1898 | N164: - | O164: - | Q164: 37567 | R164: 0.75 | S164: - | T164: - | U164: 29299 | V164: 19 | X164: 24167 | Y164: 4.59 | Z164: 4.97 | AA164: 4.97 | AB164: 4.92 | AC164: 4.87 | AD164: 4.72 | AE164: 5.35
G165: 45536 | H165: 3.29 | I165: 6.67 | J165: 38169 | K165: 1.7033333 | M165: 5/1/1898 | N165: - | O165: - | S165: - | T165: - | U165: 29308 | V165: 19.5 | X165: 24198 | Y165: 4.62 | Z165: 4.9 | AA165: 4.89 | AB165: 4.83 | AC165: 4.75 | AD165: 4.65 | AE165: 5.5
G166: 45627 | H166: 3.34 | I166: 6.62 | J166: 38261 | K166: 2.25 | M166: 6/1/1898 | N166: - | O166: - | Q166: Federal Reserve Bank of St. Louis Basic Discount Rate (DISCONTINUED), Not Seasonally Adjusted. Serie DISCNTD8 | S166: - | T166: - | U166: 29313 | V166: 20 | X166: 24228 | Y166: 4.64 | Z166: 4.93 | AA166: 5 | AB166: 4.89 | AC166: 4.78 | AD166: 4.69 | AE166: 5.5
G167: 45717 | H167: 3.75 | I167: 6.44 | J167: 38353 | K167: 2.7833333 | M167: 7/1/1898 | N167: - | O167: - | S167: - | T167: - | U167: 29329 | V167: 19.5 | X167: 24259 | Y167: 4.5 | Z167: 4.97 | AA167: 5.05 | AB167: 4.97 | AC167: 4.81 | AD167: 4.73 | AE167: 5.52
G168: 45809 | H168: 3.92 | I168: 6.41 | J168: 38443 | K168: 3.23 | M168: 8/1/1898 | N168: - | O168: - | S168: - | T168: - | U168: 29342 | V168: 18.5 | X168: 24289 | Y168: 4.8 | Z168: 5.17 | AA168: 5.26 | AB168: 5.17 | AC168: 5.02 | AD168: 4.84 | AE168: 5.75
G169: 45901 | H169: 4.04 | I169: 6.2 | J169: 38534 | K169: 3.7366667 | M169: 9/1/1898 | N169: - | O169: - | S169: - | T169: - | U169: 29348 | V169: 17.5 | X169: 24320 | Y169: 4.96 | Z169: 5.54 | AA169: 5.68 | AB169: 5.5 | AC169: 5.22 | AD169: 4.95 | AE169: 5.88
G170: 45992 | H170: 4.38 | I170: 6.17 | J170: 38626 | K170: 4.2966667 | M170: 10/1/1898 | N170: - | O170: - | S170: - | T170: - | U170: 29357 | V170: 16.5 | X170: 24351 | Y170: 5.37 | Z170: 5.82 | AA170: 5.79 | AB170: 5.5 | AC170: 5.18 | AD170: 4.94 | AE170: 6
G171: 46082 | H171: 4.34 | I171: 6.09 | J171: 38718 | K171: 4.72 | M171: 11/1/1898 | N171: - | O171: - | S171: - | T171: - | U171: 29364 | V171: 14.5 | X171: 24381 | Y171: 5.35 | Z171: 5.58 | AA171: 5.48 | AB171: 5.27 | AC171: 5.01 | AD171: 4.83 | AE171: 6
G172: 46174 | H172: 4.13 | I172: 5.98 | J172: 38808 | K172: 5.1766667 | M172: 12/1/1898 | N172: - | O172: - | S172: - | T172: - | U172: 29369 | V172: 14 | X172: 24412 | Y172: 5.32 | Z172: 5.54 | AA172: 5.53 | AB172: 5.36 | AC172: 5.16 | AD172: 4.87 | AE172: 6
G173: 46266 | H173: 4.34 | I173: 5.79 | J173: 38899 | K173: 5.3933333 | M173: 1/1/1899 | N173: - | O173: - | S173: - | T173: - | U173: 29378 | V173: 13 | X173: 24442 | Y173: 4.96 | Z173: 5.2 | AA173: 5.19 | AB173: 5 | AC173: 4.84 | AD173: 4.76 | AE173: 6
G174: 46357 | H174: 4.54 | I174: 5.81 | J174: 38991 | K174: 5.3233333 | M174: 2/1/1899 | N174: - | O174: - | S174: - | T174: - | U174: 29385 | V174: 12.5 | X174: 24473 | Y174: 4.72 | Z174: 4.75 | AA174: 4.75 | AB174: 4.7 | AC174: 4.58 | AD174: 4.51 | AE174: 5.96
G175: 46447 | H175: 4.17 | I175: 5.61 | J175: 39083 | K175: 5.31 | M175: 3/1/1899 | N175: - | O175: - | S175: - | T175: - | U175: 29389 | V175: 12 | X175: 24504 | Y175: 4.56 | Z175: 4.71 | AA175: 4.73 | AB175: 4.74 | AC175: 4.63 | AD175: 4.61 | AE175: 5.75
G176: 46539 | H176: 4.17 | I176: 5.48 | J176: 39173 | K176: 5.3166667 | M176: 4/1/1899 | N176: - | O176: - | S176: - | T176: - | U176: 29409 | V176: 11.5 | X176: 24532 | Y176: 4.26 | Z176: 4.35 | AA176: 4.47 | AB176: 4.54 | AC176: 4.54 | AD176: 4.57 | AE176: 5.71
G177: 46631 | H177: 4.08 | I177: 5.55 | J177: 39264 | K177: 5.4233333 | M177: 5/1/1899 | N177: - | O177: - | S177: - | T177: - | U177: 29425 | V177: 11 | X177: 24563 | Y177: 3.84 | Z177: 4.11 | AA177: 4.38 | AB177: 4.51 | AC177: 4.59 | AD177: 4.64 | AE177: 5.5
G178: 46722 | H178: 4 | I178: 5.38 | J178: 39356 | K178: 5.0233333 | M178: 6/1/1899 | N178: - | O178: - | S178: - | T178: - | U178: 29455 | V178: 11.25 | X178: 24593 | Y178: 3.6 | Z178: 4.15 | AA178: 4.61 | AB178: 4.75 | AC178: 4.85 | AD178: 4.9 | AE178: 5.5
G179: 46813 | H179: 4.04 | I179: S.35 | J179: 39448 | K179: 3.23 | M179: 7/1/1899 | N179: - | O179: - | S179: - | T179: - | U179: 29460 | V179: 11.5 | X179: 24624 | Y179: 3.54 | Z179: 4.48 | AA179: 4.89 | AB179: 5.01 | AC179: 5.02 | AD179: 4.99 | AE179: 5.5
G180: 46905 | H180: 4.54 | I180: 5.33 | J180: 39539 | K180: 2.7566667 | M180: 8/1/1899 | N180: - | O180: - | S180: - | T180: - | U180: 29472 | V180: 12 | X180: 24654 | Y180: 4.21 | Z180: 5.01 | AA180: 5.06 | AB180: 5.23 | AC180: 5.16 | AD180: 5.01 | AE180: 5.5
G181: 46997 | H181: 5.38 | I181: 5.58 | J181: 39630 | K181: 3.0566667 | M181: 9/1/1899 | N181: - | O181: - | S181: - | T181: - | U181: 29476 | V181: 12.25 | X181: 24685 | Y181: 4.27 | Z181: 5.13 | AA181: 5.23 | AB181: 5.31 | AC181: 5.28 | AD181: 5.12 | AE181: 5.5
G182: 47088 | H182: 5.42 | I182: 5.58 | J182: 39722 | K182: 2.8166667 | M182: 10/1/1899 | N182: - | O182: - | S182: - | T182: - | U182: 29483 | V182: 12.5 | X182: 24716 | Y182: 4.42 | Z182: 5.24 | AA182: 5.41 | AB182: 5.4 | AC182: 5.3 | AD182: 5.16 | AE182: 5.5
G183: 47178 | H183: 5.59 | I183: 5.63 | J183: 39814 | K183: 1.0833333 | M183: 11/1/1899 | N183: - | O183: - | S183: - | T183: - | U183: 29490 | V183: 13 | X183: 24746 | Y183: 4.56 | Z183: 5.37 | AA183: 5.52 | AB183: 5.57 | AC183: 5.48 | AD183: 5.36 | AE183: 5.5
G184: 47270 | H184: 6 | I184: 5.8 | J184: 39904 | K184: 0.61666667 | M184: 12/1/1899 | N184: - | O184: - | S184: - | T184: - | U184: 29495 | V184: 13.5 | X184: 24777 | Y184: 4.73 | Z184: 5.61 | AA184: 5.71 | AB184: 5.78 | AC184: 5.75 | AD184: 5.66 | AE184: 5.68
G185: 47362 | H185: 6.13 | I185: 5.95 | J185: 39995 | K185: 0.3 | M185: 1/1/1900 | N185: - | O185: - | S185: - | T185: - | U185: 29511 | V185: 14 | X185: 24807 | Y185: 4.97 | Z185: 5.71 | AA185: 5.71 | AB185: 5.75 | AC185: 5.7 | AD185: 5.59 | AE185: 6
G186: 47453 | H186: 5.67 | I186: 6.11 | J186: 40087 | K186: 0.22333333 | M186: 2/1/1900 | N186: - | O186: - | S186: - | T186: - | U186: 29523 | V186: 14.5 | X186: 24838 | Y186: 5 | Z186: 5.43 | AA186: 5.53 | AB186: 5.54 | AC186: 5.53 | AD186: 5.39 | AE186: 6
G187: 47543 | H187: 4.63 | I187: 5.92 | J187: 40179 | K187: 0.20666667 | M187: 3/1/1900 | N187: - | O187: - | S187: - | T187: - | U187: 29531 | V187: 15.5 | X187: 24869 | Y187: 4.98 | Z187: 5.41 | AA187: 5.61 | AB187: 5.59 | AC187: 5.56 | AD187: 5.38 | AE187: 6
G188: 47635 | H188: 3.71 | I188: 5.7 | J188: 40269 | K188: 0.42333333 | M188: 4/1/1900 | N188: - | O188: - | S188: - | T188: - | U188: 29542 | V188: 16.25 | X188: 24898 | Y188: 5.17 | Z188: 5.58 | AA188: 5.8 | AB188: 5.76 | AC188: 5.74 | AD188: 5.59 | AE188: 6
G189: 47727 | H189: 3.08 | I189: 5.77 | J189: 40360 | K189: 0.33666667 | M189: 5/1/1900 | N189: - | O189: - | S189: - | T189: - | U189: 29546 | V189: 17 | X189: 24929 | Y189: 5.38 | Z189: 5.71 | AA189: 5.75 | AB189: 5.69 | AC189: 5.64 | AD189: 5.46 | AE189: 6.2
G190: 47818 | H190: 2.92 | I190: 5.94 | J190: 40452 | K190: 0.28 | M190: 6/1/1900 | N190: - | O190: - | S190: - | T190: - | U190: 29551 | V190: 17.75 | X190: 24959 | Y190: 5.66 | Z190: 6.14 | AA190: 6.11 | AB190: 6.04 | AC190: 5.87 | AD190: 5.55 | AE190: 6.5
G191: 47908 | H191: 2.67 | I191: 6.41 | J191: 40544 | K191: 0.28333333 | M191: 7/1/1900 | N191: - | O191: - | S191: - | T191: - | U191: 29557 | V191: 18.5 | X191: 24990 | Y191: 5.52 | Z191: 5.98 | AA191: 5.82 | AB191: 5.85 | AC191: 5.72 | AD191: 5.4 | AE191: 6.5
... G208: 49461 | H208: 0.75 | I208: 6.13 | J208: 42095 | K208: 0.15333333 | M208: 12/1/1901 | N208: - | O208: - | S208: - | T208: - | U208: 29710 | V208: 19 | X208: 25508 | Y208: 7.24 | Z208: 7.89 | AA208: 7.65 | AB208: 7.53 | AC208: 7.14 | AD208: 6.74 | AE208: 8.5
G209: 49553 | H209: 0.75 | I209: 5.67 | J209: 42186 | K209: 0.24 | M209: 732 | N209: - | O209: - | S209: - | T209: - | U209: 29717 | V209: 19.5 | X209: 25538 | Y209: 7.82 | Z209: 8.17 | AA209: 8.1 | AB209: 7.96 | AC209: 7.65 | AD209: 6.91 | AE209: 8.5
G210: 49644 | H210: 0.75 | I210: 5.54 | J210: 42278 | K210: 0.36333333 | M210: 763 | N210: - | O210: - | S210: - | T210: - | U210: 29724 | V210: 20 | X210: 25569 | Y210: 7.87 | Z210: 8.1 | AA210: 8.24 | AB210: 8.17 | AC210: 7.79 | AD210: 6.92 | AE210: 8.5
G211: 49735 | H211: 0.75 | I211: 5 | J211: 42370 | K211: 0.55333333 | M211: 791 | N211: - | O211: - | S211: - | T211: - | U211: 29728 | V211: 20.5 | X211: 25600 | Y211: 7.13 | Z211: 7.59 | AA211: 7.79 | AB211: 7.82 | AC211: 7.24 | AD211: 6.67 | AE211: 8.5
G212: 49827 | H212: 0.75 | I212: 4.91 | J212: 42461 | K212: 0.55666667 | M212: 822 | N212: - | O212: - | S212: - | T212: - | U212: 29738 | V212: 20 | X212: 25628 | Y212: 6.63 | Z212: 6.97 | AA212: 7.15 | AB212: 7.21 | AC212: 7.07 | AD212: 6.72 | AE212: 8.39
...

Sheet EU Desempleo
B1: Nota: Datos de 1929 a 2010 con frecuencia mensual y anual. No se tiene datos disponible de 1885 a 1929. | H1: Datos anuales
A2: Meses | B2: Tasa de desempleo, 1948-1990 | C2: Tasa de desempleo, 1929-1942 | D2: Tasa de desempleo, 1940-1946 | E2: Tasa de desempleo, 1947-1967 | F2: Tasa de desempleo mixta, 1929-2010 | H2: Años | I2: Tasa de desempleo promedio | J2: Tasa de desempleo fin de periodo
A5: 1/1/1885 | B5: - | C5: - | D5: - | E5: - | F5: - | H5: 1885 | I5: - | J5: -
A6: 2/1/1885 | B6: - | C6: - | D6: - | E6: - | F6: - | H6: 1886 | I6: - | J6: -
A7: 3/1/1885 | B7: - | C7: - | D7: - | E7: - | F7: - | H7: 1887 | I7: - | J7: -
A8: 4/1/1885 | B8: - | C8: - | D8: - | E8: - | F8: - | H8: 1888 | I8: - | J8: -
A9: 5/1/1885 | B9: - | C9: - | D9: - | E9: - | F9: - | H9: 1889 | I9: - | J9: -
A10: 6/1/1885 | B10: - | C10: - | D10: - | E10: - | F10: - | H10: 1890 | I10: - | J10: -
A11: 7/1/1885 | B11: - | C11: - | D11: - | E11: - | F11: - | H11: 1891 | I11: - | J11: -
A12: 8/1/1885 | B12: - | C12: - | D12: - | E12: - | F12: - | H12: 1892 | I12: - | J12: -
A13: 9/1/1885 | B13: - | C13: - | D13: - | E13: - | F13: - | H13: 1893 | I13: - | J13: -
A14: 10/1/1885 | B14: - | C14: - | D14: - | E14: - | F14: - | H14: 1894 | I14: - | J14: -
A15: 11/1/1885 | B15: - | C15: - | D15: - | E15: - | F15: - | H15: 1895 | I15: - | J15: -
A16: 12/1/1885 | B16: - | C16: - | D16: - | E16: - | F16: - | H16: 1896 | I16: - | J16: -
... A48: 8/1/1888 | B48: - | C48: - | D48: - | E48: - | F48: - | H48: 1928 | I48: - | J48: -
A49: 9/1/1888 | B49: - | C49: - | D49: - | E49: - | F49: - | H49: 1929 | I49: 1.385 | J49: 2.08
A50: 10/1/1888 | B50: - | C50: - | D50: - | E50: - | F50: - | H50: 1930 | I50: 5.9041667 | J50: 11.89
A51: 11/1/1888 | B51: - | C51: - | D51: - | E51: - | F51: - | H51: 1931 | I51: 14.1975 | J51: 19.1
A52: 12/1/1888 | B52: - | C52: - | D52: - | E52: - | F52: - | H52: 1932 | I52: 22.7225 | J52: 25.2
A53: 1/1/18889 | B53: - | C53: - | D53: - | E53: - | F53: - | H53: 1933 | I53: 23.385 | J53: 21.07
A54: 2/1/1889 | B54: - | C54: - | D54: - | E54: - | F54: - | H54: 1934 | I54: 19.063333 | J54: 20.44
A55: 3/1/1889 | B55: - | C55: - | D55: - | E55: - | F55: - | H55: 1935 | I55: 17.580833 | J55: 16.44
A56: 4/1/1889 | B56: - | C56: - | D56: - | E56: - | F56: - | H56: 1936 | I56: 14.238333 | J56: 12.78
A57: 5/1/1889 | B57: - | C57: - | D57: - | E57: - | F57: - | H57: 1937 | I57: 12.1625 | J57: 15.91
A58: 6/1/1889 | B58: - | C58: - | D58: - | E58: - | F58: - | H58: 1938 | I58: 18.419167 | J58: 16.36
A59: 7/1/1889 | B59: - | C59: - | D59: - | E59: - | F59: - | H59: 1939 | I59: 16.346667 | J59: 15.19
A60: 8/1/1889 | B60: - | C60: - | D60: - | E60: - | F60: - | H60: 1940 | I60: 14.643333 | J60: 13.41
... A130: 6/1/1895 | B130: - | C130: - | D130: - | E130: - | F130: - | H130: 2010 | I130: 9.6083333 | J130: 9.3
A131: 7/1/1895 | B131: - | C131: - | D131: - | E131: - | F131: -
A132: 8/1/1895 | B132: - | C132: - | D132: - | E132: - | F132: -
A133: 9/1/1895 | B133: - | C133: - | D133: - | E133: - | F133: -
A134: 10/1/1895 | B134: - | C134: - | D134: - | E134: - | F134: -
A135: 11/1/1895 | B135: - | C135: - | D135: - | E135: - | F135: -
A136: 12/1/1895 | B136: - | C136: - | D136: - | E136: - | F136: -
A137: 1/1/1896 | B137: - | C137: - | D137: - | E137: - | F137: -
A138: 2/1/1896 | B138: - | C138: - | D138: - | E138: - | F138: -
A139: 3/1/1896 | B139: - | C139: - | D139: - | E139: - | F139: -
A140: 4/1/1896 | B140: - | C140: - | D140: - | E140: - | F140: -
A141: 5/1/1896 | B141: - | C141: - | D141: - | E141: - | F141: -
A142: 6/1/1896 | B142: - | C142: - | D142: - | E142: - | F142: -
... A208: 12/1/1901 | B208: - | C208: - | D208: - | E208: - | F208: -
A209: 732 | B209: - | C209: - | D209: - | E209: - | F209: -
A210: 763 | B210: - | C210: - | D210: - | E210: - | F210: -
A211: 791 | B211: - | C211: - | D211: - | E211: - | F211: -
A212: 822 | B212: - | C212: - | D212: - | E212: - | F212: -
A213: 852 | B213: - | C213: - | D213: - | E213: - | F213: -
A214: 883 | B214: - | C214: - | D214: - | E214: - | F214: -
A215: 913 | B215: - | C215: - | D215: - | E215: - | F215: -
A216: 944 | B216: - | C216: - | D216: - | E216: - | F216: -
A217: 975 | B217: - | C217: - | D217: - | E217: - | F217: -
A218: 1005 | B218: - | C218: - | D218: - | E218: - | F218: -
A219: 1036 | B219: - | C219: - | D219: - | E219: - | F219: -
A220: 1066 | B220: - | C220: - | D220: - | E220: - | F220: -
... A535: 10653 | B535: - | C535: - | D535: - | E535: - | F535: -
A536: 10684 | B536: - | C536: 0.69 | D536: - | E536: - | F536: =C536 -> 0.69
A537: 10714 | B537: - | C537: 1.65 | D537: - | E537: - | F537: =C537 -> 1.65
A538: 10745 | B538: - | C538: 2.06 | D538: - | E538: - | F538: =C538 -> 2.06
A539: 10775 | B539: - | C539: 0.79 | D539: - | E539: - | F539: =C539 -> 0.79
A540: 10806 | B540: - | C540: 0.04 | D540: - | E540: - | F540: =C540 -> 0.04
A541: 10837 | B541: - | C541: 0.91 | D541: - | E541: - | F541: =C541 -> 0.91
A542: 10867 | B542: - | C542: 2.31 | D542: - | E542: - | F542: =C542 -> 2.31
A543: 10898 | B543: - | C543: 1.89 | D543: - | E543: - | F543: =C543 -> 1.89
A544: 10928 | B544: - | C544: 2.08 | D544: - | E544: - | F544: =C544 -> 2.08
A545: 10959 | B545: - | C545: 2.21 | D545: - | E545: - | F545: =C545 -> 2.21
A546: 10990 | B546: - | C546: 3.12 | D546: - | E546: - | F546: =C546 -> 3.12
A547: 11018 | B547: - | C547: 3.63 | D547: - | E547: - | F547: =C547 -> 3.63
... A664: 14580 | B664: - | C664: 15.19 | D664: - | E664: - | F664: =C664 -> 15.19
A665: 14611 | B665: - | C665: 15.53 | D665: 15.53 | E665: - | F665: =C665 -> 15.53
A666: 14642 | B666: - | C666: 15.67 | D666: 15.67 | E666: - | F666: =D666 -> 15.67
A667: 14671 | B667: - | C667: 15.66 | D667: 15.03 | E667: - | F667: =D667 -> 15.03
A668: 14702 | B668: - | C668: 16 | D668: 15.82 | E668: - | F668: =D668 -> 15.82
A669: 14732 | B669: - | C669: 15.57 | D669: 15.5 | E669: - | F669: =D669 -> 15.5
A670: 14763 | B670: - | C670: 14.96 | D670: 13.38 | E670: - | F670: =D670 -> 13.38
A671: 14793 | B671: - | C671: 14.24 | D671: 14.11 | E671: - | F671: =D671 -> 14.11
A672: 14824 | B672: - | C672: 13.35 | D672: 14.94 | E672: - | F672: =D672 -> 14.94
A673: 14855 | B673: - | C673: 12.55 | D673: 13.32 | E673: - | F673: =D673 -> 13.32
A674: 14885 | B674: - | C674: 12.26 | D674: 14.76 | E674: - | F674: =D674 -> 14.76
A675: 14916 | B675: - | C675: 11.65 | D675: 14.25 | E675: - | F675: =D675 -> 14.25
A676: 14946 | B676: - | C676: 10.85 | D676: 13.41 | E676: - | F676: =D676 -> 13.41
A677: 14977 | B677: - | C677: 10.49 | D677: 12.13 | E677: - | F677: =D677 -> 12.13
... A694: 15493 | B694: - | C694: 0.24 | D694: 4.57 | E694: - | F694: =D694 -> 4.57
A695: 15523 | B695: - | C695: - | D695: 4.33 | E695: - | F695: =D695 -> 4.33
A696: 15554 | B696: - | C696: - | D696: 3.74 | E696: - | F696: =D696 -> 3.74
A697: 15585 | B697: - | C697: - | D697: 3.26 | E697: - | F697: =D697 -> 3.26
A698: 15615 | B698: - | C698: - | D698: 3.23 | E698: - | F698: =D698 -> 3.23
A699: 15646 | B699: - | C699: - | D699: 3.12 | E699: - | F699: =D699 -> 3.12
A700: 15676 | B700: - | C700: - | D700: 2.88 | E700: - | F700: =D700 -> 2.88
A701: 15707 | B701: - | C701: - | D701: 2.4 | E701: - | F701: =D701 -> 2.4
A702: 15738 | B702: - | C702: - | D702: 2.37 | E702: - | F702: =D702 -> 2.37
A703: 15766 | B703: - | C703: - | D703: 2.02 | E703: - | F703: =D703 -> 2.02
A704: 15797 | B704: - | C704: - | D704: 1.93 | E704: - | F704: =D704 -> 1.93
A705: 15827 | B705: - | C705: - | D705: 1.82 | E705: - | F705: =D705 -> 1.82
A706: 15858 | B706: - | C706: - | D706: 2.08 | E706: - | F706: =D706 -> 2.08
... A748: 17137 | B748: - | C748: - | D748: 4.16 | E748: - | F748: =D748 -> 4.16
A749: 17168 | B749: - | C749: - | D749: - | E749: 4.2 | F749: =E749 -> 4.2
A750: 17199 | B750: - | C750: - | D750: - | E750: 4.3 | F750: =E750 -> 4.3
A751: 17227 | B751: - | C751: - | D751: - | E751: 4 | F751: =E751 -> 4
A752: 17258 | B752: - | C752: - | D752: - | E752: 4.1 | F752: =E752 -> 4.1
A753: 17288 | B753: - | C753: - | D753: - | E753: 3.3 | F753: =E753 -> 3.3
A754: 17319 | B754: - | C754: - | D754: - | E754: 3.9 | F754: =E754 -> 3.9
...

Sheet EU PIB Tri
A2: Trimestres | B2: PIBR 1972=100 Fuente: Gordon | C2: t/c PIBR Fuente: Gordon | D2: t/c PIBR Fuente: Fred | E2: PIBR mixto, 1950=100 | F2: t/c PIBR mixto | H2: PIB Nominal Fuente:Gordon | I2: PIB Nominal Fuente: Fred | J2: PIB Nominal Mixto | L2: Deflactor del PIB 1950=100 | M2: Tasa de crecimiento deflactor
A5: 3/1/1885 | B5: 71.76 | C5: - | D5: - | E5: =E6/(1+(F6/100)) -> 28.366379 | H5: 11.74 | I5: - | J5: =H5 -> 11.74 | L5: =(J5/E5)*100 -> 41.387023
A6: 6/1/1885 | B6: 72.13 | C6: =((B6/B5)-1)*100 -> 0.51560758 | D6: - | E6: =E7/(1+(F7/100)) -> 28.512639 | F6: =C6 -> 0.51560758 | H6: 11.59 | I6: - | J6: =H6 -> 11.59 | L6: =(J6/E6)*100 -> 40.648641 | M6: =((L6/L5)-1)*100 -> -1.7840918
A7: 9/1/1885 | B7: 72.54 | C7: =((B7/B6)-1)*100 -> 0.56841813 | D7: - | E7: =E8/(1+(F8/100)) -> 28.67471 | F7: =C7 -> 0.56841813 | H7: 11.48 | I7: - | J7: =H7 -> 11.48 | L7: =(J7/E7)*100 -> 40.035279 | M7: =((L7/L6)-1)*100 -> -1.5089351
A8: 12/1/1885 | B8: 73.35 | C8: =((B8/B7)-1)*100 -> 1.1166253 | D8: - | E8: =E9/(1+(F9/100)) -> 28.994899 | F8: =C8 -> 1.1166253 | H8: 11.84 | I8: - | J8: =H8 -> 11.84 | L8: =(J8/E8)*100 -> 40.834769 | M8: =((L8/L7)-1)*100 -> 1.9969646
A9: 3/1/1886 | B9: 74.19 | C9: =((B9/B8)-1)*100 -> 1.1451943 | D9: - | E9: =E10/(1+(F10/100)) -> 29.326947 | F9: =C9 -> 1.1451943 | H9: 12.05 | I9: - | J9: =H9 -> 12.05 | L9: =(J9/E9)*100 -> 41.088492 | M9: =((L9/L8)-1)*100 -> 0.62133884
A10: 6/1/1886 | B10: 75.37 | C10: =((B10/B9)-1)*100 -> 1.5905109 | D10: - | E10: =E11/(1+(F11/100)) -> 29.793395 | F10: =C10 -> 1.5905109 | H10: 11.87 | I10: - | J10: =H10 -> 11.87 | L10: =(J10/E10)*100 -> 39.841045 | M10: =((L10/L9)-1)*100 -> -3.0359989
A11: 9/1/1886 | B11: 77.07 | C11: =((B11/B10)-1)*100 -> 2.2555393 | D11: - | E11: =E12/(1+(F12/100)) -> 30.465397 | F11: =C11 -> 2.2555393 | H11: 12.15 | I11: - | J11: =H11 -> 12.15 | L11: =(J11/E11)*100 -> 39.881312 | M11: =((L11/L10)-1)*100 -> 0.10106896
A12: 12/1/1886 | B12: 77.23 | C12: =((B12/B11)-1)*100 -> 0.20760348 | D12: - | E12: =E13/(1+(F13/100)) -> 30.528644 | F12: =C12 -> 0.20760348 | H12: 12.18 | I12: - | J12: =H12 -> 12.18 | L12: =(J12/E12)*100 -> 39.896957 | M12: =((L12/L11)-1)*100 -> 0.039228663
A13: 3/1/1887 | B13: 78.17 | C13: =((B13/B12)-1)*100 -> 1.2171436 | D13: - | E13: =E14/(1+(F14/100)) -> 30.900221 | F13: =C13 -> 1.2171436 | H13: 12.67 | I13: - | J13: =H13 -> 12.67 | L13: =(J13/E13)*100 -> 41.002943 | M13: =((L13/L12)-1)*100 -> 2.7721044
A14: 6/1/1887 | B14: 78.62 | C14: =((B14/B13)-1)*100 -> 0.57566841 | D14: - | E14: =E15/(1+(F15/100)) -> 31.078104 | F14: =C14 -> 0.57566841 | H14: 12.61 | I14: - | J14: =H14 -> 12.61 | L14: =(J14/E14)*100 -> 40.575191 | M14: =((L14/L13)-1)*100 -> -1.0432225
A15: 9/1/1887 | B15: 77.67 | C15: =((B15/B14)-1)*100 -> -1.2083439 | D15: - | E15: =E16/(1+(F16/100)) -> 30.702574 | F15: =C15 -> -1.2083439 | H15: 12.29 | I15: - | J15: =H15 -> 12.29 | L15: =(J15/E15)*100 -> 40.029217 | M15: =((L15/L14)-1)*100 -> -1.3455839
A16: 12/1/1887 | B16: 78.73 | C16: =((B16/B15)-1)*100 -> 1.3647483 | D16: - | E16: =E17/(1+(F17/100)) -> 31.121587 | F16: =C16 -> 1.3647483 | H16: 12.65 | I16: - | J16: =H16 -> 12.65 | L16: =(J16/E16)*100 -> 40.647028 | M16: =((L16/L15)-1)*100 -> 1.5433989
A17: 3/1/1888 | B17: 75.67 | C17: =((B17/B16)-1)*100 -> -3.8867014 | D17: - | E17: =E18/(1+(F18/100)) -> 29.911983 | F17: =C17 -> -3.8867014 | H17: 12.37 | I17: - | J17: =H17 -> 12.37 | L17: =(J17/E17)*100 -> 41.354663 | M17: =((L17/L16)-1)*100 -> 1.7409273
... A64: 12/1/1899 | B64: 123.48 | C64: =((B64/B63)-1)*100 -> 1.5126603 | D64: - | E64: =E65/(1+(F65/100)) -> 48.811044 | F64: =C64 -> 1.5126603 | H64: 19.34 | I64: - | J64: =H64 -> 19.34 | L64: =(J64/E64)*100 -> 39.62218 | M64: =((L64/L63)-1)*100 -> 3.711545
A65: 61 | B65: 122.63 | C65: =((B65/B64)-1)*100 -> -0.68837059 | D65: - | E65: =E66/(1+(F66/100)) -> 48.475043 | F65: =C65 -> -0.68837059 | H65: 19.51 | I65: - | J65: =H65 -> 19.51 | L65: =(J65/E65)*100 -> 40.247514 | M65: =((L65/L64)-1)*100 -> 1.578242
A66: 153 | B66: 123.63 | C66: =((B66/B65)-1)*100 -> 0.81546114 | D66: - | E66: =E67/(1+(F67/100)) -> 48.870339 | F66: =C66 -> 0.81546114 | H66: 19.42 | I66: - | J66: =H66 -> 19.42 | L66: =(J66/E66)*100 -> 39.737805 | M66: =((L66/L65)-1)*100 -> -1.2664357
A67: 245 | B67: 123.75 | C67: =((B67/B66)-1)*100 -> 0.097063819 | D67: - | E67: =E68/(1+(F68/100)) -> 48.917774 | F67: =C67 -> 0.097063819 | H67: 19.35 | I67: - | J67: =H67 -> 19.35 | L67: =(J67/E67)*100 -> 39.556174 | M67: =((L67/L66)-1)*100 -> -0.45707331
A68: 336 | B68: 124.2 | C68: =((B68/B67)-1)*100 -> 0.36363636 | D68: - | E68: =E69/(1+(F69/100)) -> 49.095657 | F68: =C68 -> 0.36363636 | H68: 19.3 | I68: - | J68: =H68 -> 19.3 | L68: =(J68/E68)*100 -> 39.311013 | M68: =((L68/L67)-1)*100 -> -0.61978055
A69: 426 | B69: 132.71 | C69: =((B69/B68)-1)*100 -> 6.8518519 | D69: - | E69: =E70/(1+(F70/100)) -> 52.459618 | F69: =C69 -> 6.8518519 | H69: 20.55 | I69: - | J69: =H69 -> 20.55 | L69: =(J69/E69)*100 -> 39.172988 | M69: =((L69/L68)-1)*100 -> -0.35111035
A70: 518 | B70: 138.79 | C70: =((B70/B69)-1)*100 -> 4.5814181 | D70: - | E70: =E71/(1+(F71/100)) -> 54.863013 | F70: =C70 -> 4.5814181 | H70: 21.33 | I70: - | J70: =H70 -> 21.33 | L70: =(J70/E70)*100 -> 38.878652 | M70: =((L70/L69)-1)*100 -> -0.7513741
A71: 610 | B71: 139.8 | C71: =((B71/B70)-1)*100 -> 0.72771814 | D71: - | E71: =E72/(1+(F72/100)) -> 55.262261 | F71: =C71 -> 0.72771814 | H71: 21.79 | I71: - | J71: =H71 -> 21.79 | L71: =(J71/E71)*100 -> 39.430164 | M71: =((L71/L70)-1)*100 -> 1.4185458
A72: 701 | B72: 140.91 | C72: =((B72/B71)-1)*100 -> 0.79399142 | D72: - | E72: =E73/(1+(F73/100)) -> 55.701039 | F72: =C72 -> 0.79399142 | H72: 22.2 | I72: - | J72: =H72 -> 22.2 | L72: =(J72/E72)*100 -> 39.85563 | M72: =((L72/L71)-1)*100 -> 1.0790382
A73: 791 | B73: 137.71 | C73: =((B73/B72)-1)*100 -> -2.2709531 | D73: - | E73: =E74/(1+(F74/100)) -> 54.436094 | F73: =C73 -> -2.2709531 | H73: 21.62 | I73: - | J73: =H73 -> 21.62 | L73: =(J73/E73)*100 -> 39.716295 | M73: =((L73/L72)-1)*100 -> -0.34959875
A74: 883 | B74: 137.93 | C74: =((B74/B73)-1)*100 -> 0.15975601 | D74: - | E74: =E75/(1+(F75/100)) -> 54.523059 | F74: =C74 -> 0.15975601 | H74: 22.01 | I74: - | J74: =H74 -> 22.01 | L74: =(J74/E74)*100 -> 40.368241 | M74: =((L74/L73)-1)*100 -> 1.6415069
A75: 975 | B75: 140.61 | C75: =((B75/B74)-1)*100 -> 1.9430146 | D75: - | E75: =E76/(1+(F76/100)) -> 55.58245 | F75: =C75 -> 1.9430146 | H75: 22.51 | I75: - | J75: =H75 -> 22.51 | L75: =(J75/E75)*100 -> 40.498395 | M75: =((L75/L74)-1)*100 -> 0.32241553
A76: 1066 | B76: 140.27 | C76: =((B76/B75)-1)*100 -> -0.24180357 | D76: - | E76: =E77/(1+(F77/100)) -> 55.44805 | F76: =C76 -> -0.24180357 | H76: 23.42 | I76: - | J76: =H76 -> 23.42 | L76: =(J76/E76)*100 -> 42.237734 | M76: =((L76/L75)-1)*100 -> 4.2948363
... A252: 17137 | B252: 473.73 | C252: =((B252/B251)-1)*100 -> -1.2404103 | D252: - | E252: =E253/(1+(F253/100)) -> 187.26317 | F252: =C252 -> -1.2404103 | H252: 225.82 | I252: - | J252: =H252 -> 225.82 | L252: =(J252/E252)*100 -> 120.58965 | M252: =((L252/L251)-1)*100 -> 5.313318
A253: 17227 | B253: 466.05 | C253: =((B253/B252)-1)*100 -> -1.6211766 | D253: -1 | E253: =E254/(1+(F254/100)) -> 185.39054 | F253: =D253 -> -1 | H253: 225.1 | I253: 244.142 | J253: =I253 -> 244.142 | L253: =(J253/E253)*100 -> 131.69065 | M253: =((L253/L252)-1)*100 -> 9.2055977
A254: 17319 | B254: 469.88 | C254: =((B254/B253)-1)*100 -> 0.82180024 | D254: -0.8 | E254: =E255/(1+(F255/100)) -> 183.90741 | F254: =D254 -> -0.8 | H254: 229.3 | I254: 247.063 | J254: =I254 -> 247.063 | L254: =(J254/E254)*100 -> 134.34097 | M254: =((L254/L253)-1)*100 -> 2.0125351
A255: 17411 | B255: 470.02 | C255: =((B255/B254)-1)*100 -> 0.029794841 | D255: 6.4 | E255: =E256/(1+(F256/100)) -> 195.67749 | F255: =D255 -> 6.4 | H255: 233.6 | I255: 250.716 | J255: =I255 -> 250.716 | L255: =(J255/E255)*100 -> 128.12716 | M255: =((L255/L254)-1)*100 -> -4.6254039
A256: 17502 | B256: 475.63 | C256: =((B256/B255)-1)*100 -> 1.1935662 | D256: 6.2 | E256: =E257/(1+(F257/100)) -> 207.80949 | F256: =D256 -> 6.2 | H256: 244 | I256: 260.981 | J256: =I256 -> 260.981 | L256: =(J256/E256)*100 -> 125.58666 | M256: =((L256/L255)-1)*100 -> -1.9827928
A257: 17593 | B257: 479.85 | C257: =((B257/B256)-1)*100 -> 0.88724429 | D257: 6.8 | E257: =E258/(1+(F258/100)) -> 221.94054 | F257: =D257 -> 6.8 | H257: 250 | I257: 267.133 | J257: =I257 -> 267.133 | L257: =(J257/E257)*100 -> 120.36242 | M257: =((L257/L256)-1)*100 -> -4.1598692
A258: 17685 | B258: 488.62 | C258: =((B258/B257)-1)*100 -> 1.8276545 | D258: 2.3 | E258: =E259/(1+(F259/100)) -> 227.04517 | F258: =D258 -> 2.3 | H258: 257.5 | I258: 274.046 | J258: =I258 -> 274.046 | L258: =(J258/E258)*100 -> 120.70109 | M258: =((L258/L257)-1)*100 -> 0.28137781
A259: 17777 | B259: 492.55 | C259: =((B259/B258)-1)*100 -> 0.804306 | D259: 0.5 | E259: =E260/(1+(F260/100)) -> 228.18039 | F259: =D259 -> 0.5 | H259: 264.5 | I259: 280.679 | J259: =I259 -> 280.679 | L259: =(J259/E259)*100 -> 123.0075 | M259: =((L259/L258)-1)*100 -> 1.9108424
A260: 17868 | B260: 497.94 | C260: =((B260/B259)-1)*100 -> 1.0943051 | D260: -5.4 | E260: =E261/(1+(F261/100)) -> 215.85865 | F260: =D260 -> -5.4 | H260: 265.9 | I260: 281.837 | J260: =I260 -> 281.837 | L260: =(J260/E260)*100 -> 130.56553 | M260: =((L260/L259)-1)*100 -> 6.1443667
A261: 17958 | B261: 492.44 | C261: =((B261/B260)-1)*100 -> -1.1045507 | D261: -1.4 | E261: =E262/(1+(F262/100)) -> 212.83663 | F261: =D261 -> -1.4 | H261: 260.5 | I261: 276.42 | J261: =I261 -> 276.42 | L261: =(J261/E261)*100 -> 129.87426 | M261: =((L261/L260)-1)*100 -> -0.52944518
A262: 18050 | B262: 490.46 | C262: =((B262/B261)-1)*100 -> -0.40207944 | D262: 4.2 | E262: =E263/(1+(F263/100)) -> 221.77577 | F262: =D262 -> 4.2 | H262: 257 | I262: 272.68 | J262: =I262 -> 272.68 | L262: =(J262/E262)*100 -> 122.95302 | M262: =((L262/L261)-1)*100 -> -5.3291876
A263: 18142 | B263: 495.03 | C263: =((B263/B262)-1)*100 -> 0.93177833 | D263: -3.3 | E263: =E264/(1+(F264/100)) -> 214.45717 | F263: =D263 -> -3.3 | H263: 258.9 | I263: 274.162 | J263: =I263 -> 274.162 | L263: =(J263/E263)*100 -> 127.83998 | M263: =((L263/L262)-1)*100 -> 3.9746579
A264: 18233 | B264: 491.01 | C264: =((B264/B263)-1)*100 -> -0.812072 | D264: 16.7 | E264: =E265/(1+(F265/100)) -> 250.27152 | F264: =D264 -> 16.7 | H264: 256.8 | I264: 271.76 | J264: =I264 -> 271.76 | L264: =(J264/E264)*100 -> 108.58607 | M264: =((L264/L263)-1)*100 -> -15.060946
A265: 18323 | B265: 512.64 | C265: =((B265/B264)-1)*100 -> 4.4052056 | D265: 12.7 | E265: 282.056 | F265: =D265 -> 12.7 | H265: 267.6 | I265: 282.056 | J265: =I265 -> 282.056 | L265: =(J265/E265)*100 -> 100 | M265: =((L265/L264)-1)*100 -> -7.9071544
A266: 18415 | B266: 525.81 | C266: =((B266/B265)-1)*100 -> 2.5690543 | D266: 16.4 | E266: 291.699 | F266: =D266 -> 16.4 | H266: 277.1 | I266: 291.699 | J266: =I266 -> 291.699 | L266: =(J266/E266)*100 -> 100 | M266: =((L266/L265)-1)*100 -> 0
A267: 18507 | B267: 543.91 | C267: =((B267/B266)-1)*100 -> 3.4423081 | D267: 7.9 | E267: 309.76 | F267: =D267 -> 7.9 | H267: 294.8 | I267: 309.76 | J267: =I267 -> 309.76 | L267: =(J267/E267)*100 -> 100 | M267: =((L267/L266)-1)*100 -> 0
A268: 18598 | B268: 555.9 | C268: =((B268/B267)-1)*100 -> 2.2044088 | D268: 5.5 | E268: 321.554 | F268: =D268 -> 5.5 | H268: 306.3 | I268: 321.554 | J268: =I268 -> 321.554 | L268: =(J268/E268)*100 -> 100 | M268: =((L268/L267)-1)*100 -> 0
A269: 18688 | B269: 564.09 | C269: =((B269/B268)-1)*100 -> 1.4732866 | D269: 7.1 | E269: =E268*(1+(D269/100)) -> 344.38433 | F269: =D269 -> 7.1 | H269: 320.4 | I269: 337.537 | J269: =I269 -> 337.537 | L269: =(J269/E269)*100 -> 98.011717 | M269: =((L269/L268)-1)*100 -> -1.9882827
A270: 18780 | B270: 575.97 | C270: =((B270/B269)-1)*100 -> 2.1060469 | D270: 8.5 | E270: =E269*(1+(D270/100)) -> 373.657 | F270: =D270 -> 8.5 | H270: 328.3 | I270: 345.973 | J270: =I270 -> 345.973 | L270: =(J270/E270)*100 -> 92.591066 | M270: =((L270/L269)-1)*100 -> -5.5306161
A271: 18872 | B271: 587.72 | C271: =((B271/B270)-1)*100 -> 2.0400368 | D271: 0.9 | E271: =E270*(1+(D271/100)) -> 377.01992 | F271: =D271 -> 0.9 | H271: 335 | I271: 353.381 | J271: =I271 -> 353.381 | L271: =(J271/E271)*100 -> 93.730062 | M271: =((L271/L270)-1)*100 -> 1.2301363
A272: 18963 | B272: 588.89 | C272: =((B272/B271)-1)*100 -> 0.19907439 | D272: 4.3 | E272: =E271*(1+(D272/100)) -> 393.23177 | F272: =D272 -> 4.3 | H272: 339.2 | I272: 358.33 | J272: =I272 -> 358.33 | L272: =(J272/E272)*100 -> 91.124376 | M272: =((L272/L271)-1)*100 -> -2.779989
A273: 19054 | B273: 593.58 | C273: =((B273/B272)-1)*100 -> 0.79641359 | D273: 0.8 | E273: =E272*(1+(D273/100)) -> 396.37763 | F273: =D273 -> 0.8 | H273: 341.9 | I273: 361.821 | J273: =I273 -> 361.821 | L273: =(J273/E273)*100 -> 91.281893 | M273: =((L273/L272)-1)*100 -> 0.17285875
A274: 19146 | B274: 593.92 | C274: =((B274/B273)-1)*100 -> 0.057279558 | D274: 2.9 | E274: =E273*(1+(D274/100)) -> 407.87258 | F274: =D274 -> 2.9 | H274: 342.1 | I274: 363.049 | J274: =I274 -> 363.049 | L274: =(J274/E274)*100 -> 89.010397 | M274: =((L274/L273)-1)*100 -> -2.4884409
A275: 19238 | B275: 600.69 | C275: =((B275/B274)-1)*100 -> 1.1398842 | D275: 13.8 | E275: =E274*(1+(D275/100)) -> 464.15899 | F275: =D275 -> 13.8 | H275: 347.8 | I275: 369.683 | J275: =I275 -> 369.683 | L275: =(J275/E275)*100 -> 79.645769 | M275: =((L275/L274)-1)*100 -> -10.520825
A276: 19329 | B276: 614.33 | C276: =((B276/B275)-1)*100 -> 2.270722 | D276: 7.7 | E276: =E275*(1+(D276/100)) -> 499.89924 | F276: =D276 -> 7.7 | H276: 360 | I276: 382.751 | J276: =I276 -> 382.751 | L276: =(J276/E276)*100 -> 76.56563 | M276: =((L276/L275)-1)*100 -> -3.8672976
A277: 19419 | B277: 622.62 | C277: =((B277/B276)-1)*100 -> 1.3494376 | D277: 3.1 | E277: =E276*(1+(D277/100)) -> 515.39611 | F277: =D277 -> 3.1 | H277: 366.1 | I277: 389.888 | J277: =I277 -> 389.888 | L277: =(J277/E277)*100 -> 75.648223 | M277: =((L277/L276)-1)*100 -> -1.1981971
A278: 19511 | B278: 628.23 | C278: =((B278/B277)-1)*100 -> 0.90103113 | D278: -2.2 | E278: =E277*(1+(D278/100)) -> 504.0574 | F278: =D278 -> -2.2 | H278: 369.4 | I278: 393.801 | J278: =I278 -> 393.801 | L278: =(J278/E278)*100 -> 78.126222 | M278: =((L278/L277)-1)*100 -> 3.2756867
A279: 19603 | B279: 624.41 | C279: =((B279/B278)-1)*100 -> -0.60805756 | D279: -5.9 | E279: =E278*(1+(D279/100)) -> 474.31801 | F279: =D279 -> -5.9 | H279: 368.4 | I279: 392.98 | J279: =I279 -> 392.98 | L279: =(J279/E279)*100 -> 82.851587 | M279: =((L279/L278)-1)*100 -> 6.0483731
A280: 19694 | B280: 618.57 | C280: =((B280/B279)-1)*100 -> -0.93528291 | D280: -1.9 | E280: =E279*(1+(D280/100)) -> 465.30597 | F280: =D280 -> -1.9 | H280: 363.1 | I280: 387.798 | J280: =I280 -> 387.798 | L280: =(J280/E280)*100 -> 83.34258 | M280: =((L280/L279)-1)*100 -> 0.59261756
... A400: 30651 | B400: 1572.7 | C400: =((B400/B399)-1)*100 -> 1.4514256 | D400: 8.1 | E400: =E399*(1+(D400/100)) -> 29658.919 | F400: =D400 -> 8.1 | H400: 3431.7 | I400: 3834.386 | J400: =I400 -> 3834.386 | L400: =(J400/E400)*100 -> 12.928273 | M400: =((L400/L399)-1)*100 -> -4.8288355
A401: 30742 | B401: - | C401: - | D401: 7.1 | E401: =E400*(1+(D401/100)) -> 31764.703 | F401: =D401 -> 7.1 | H401: - | I401: 3945.094 | J401: =I401 -> 3945.094 | L401: =(J401/E401)*100 -> 12.419742 | M401: =((L401/L400)-1)*100 -> -3.9334809
A402: 30834 | B402: - | C402: - | D402: 3.9 | E402: =E401*(1+(D402/100)) -> 33003.526 | F402: =D402 -> 3.9 | H402: - | I402: 4047.14 | J402: =I402 -> 4047.14 | L402: =(J402/E402)*100 -> 12.26275 | M402: =((L402/L401)-1)*100 -> -1.2640465
A403: 30926 | B403: - | C403: - | D403: 3.3 | E403: =E402*(1+(D403/100)) -> 34092.642 | F403: =D403 -> 3.3 | H403: - | I403: 4121.606 | J403: =I403 -> 4121.606 | L403: =(J403/E403)*100 -> 12.08943 | M403: =((L403/L402)-1)*100 -> -1.4133921
A404: 31017 | B404: - | C404: - | D404: 3.9 | E404: =E403*(1+(D404/100)) -> 35422.255 | F404: =D404 -> 3.9 | H404: - | I404: 4181.775 | J404: =I404 -> 4181.775 | L404: =(J404/E404)*100 -> 11.805502 | M404: =((L404/L403)-1)*100 -> -2.3485625
A405: 31107 | B405: - | C405: - | D405: 3.6 | E405: =E404*(1+(D405/100)) -> 36697.457 | F405: =D405 -> 3.6 | H405: - | I405: 4255.859 | J405: =I405 -> 4255.859 | L405: =(J405/E405)*100 -> 11.59715 | M405: =((L405/L404)-1)*100 -> -1.7648724
A406: 31199 | B406: - | C406: - | D406: 6.3 | E406: =E405*(1+(D406/100)) -> 39009.396 | F406: =D406 -> 6.3 | H406: - | I406: 4322.557 | J406: =I406 -> 4322.557 | L406: =(J406/E406)*100 -> 11.08081 | M406: =((L406/L405)-1)*100 -> -4.4523009
A407: 31291 | B407: - | C407: - | D407: 3 | E407: =E406*(1+(D407/100)) -> 40179.678 | F407: =D407 -> 3 | H407: - | I407: 4409.267 | J407: =I407 -> 4409.267 | L407: =(J407/E407)*100 -> 10.973873 | M407: =((L407/L406)-1)*100 -> -0.96505963
A408: 31382 | B408: - | C408: - | D408: 3.8 | E408: =E407*(1+(D408/100)) -> 41706.506 | F408: =D408 -> 3.8 | H408: - | I408: 4469.698 | J408: =I408 -> 4469.698 | L408: =(J408/E408)*100 -> 10.717028 | M408: =((L408/L407)-1)*100 -> -2.3405152
A409: 31472 | B409: - | C409: - | D409: 1.8 | E409: =E408*(1+(D409/100)) -> 42457.223 | F409: =D409 -> 1.8 | H409: - | I409: 4530.053 | J409: =I409 -> 4530.053 | L409: =(J409/E409)*100 -> 10.669687 | M409: =((L409/L408)-1)*100 -> -0.44173385
A410: 31564 | B410: - | C410: - | D410: 3.9 | E410: =E409*(1+(D410/100)) -> 44113.055 | F410: =D410 -> 3.9 | H410: - | I410: 4560.834 | J410: =I410 -> 4560.834 | L410: =(J410/E410)*100 -> 10.338967 | M410: =((L410/L409)-1)*100 -> -3.0996301
A411: 31656 | B411: - | C411: - | D411: 2.2 | E411: =E410*(1+(D411/100)) -> 45083.542 | F411: =D411 -> 2.2 | H411: - | I411: 4625.847 | J411: =I411 -> 4625.847 | L411: =(J411/E411)*100 -> 10.260611 | M411: =((L411/L410)-1)*100 -> -0.75786402
A412: 31747 | B412: - | C412: - | D412: 3 | E412: =E411*(1+(D412/100)) -> 46436.048 | F412: =D412 -> 3 | H412: - | I412: 4669.623 | J412: =I412 -> 4669.623 | L412: =(J412/E412)*100 -> 10.05603 | M412: =((L412/L411)-1)*100 -> -1.9938497
... A508: 40513 | B508: - | C508: - | D508: 2.1 | E508: =E507*(1+(D508/100)) -> 598431.92 | F508: =D508 -> 2.1 | H508: - | I508: 15522.784 | J508: =I508 -> 15522.784 | L508: =(J508/E508)*100 -> 2.5939097 | M508: =((L508/L507)-1)*100 -> -0.88790915
A509: Fuente: Tables of quarterly data from Appendix B of "The American Business Cycle: Continuity and Change" Edited by Robert J. Gordon. National Bureau of Economic Research Studies in Business Cycles Volume 25, Univerisity of Chicago Press 1986; de 1885 a 1947. Gross National Product, Billions of Dollars, Quarterly, Seasonally Adjusted Annual Rate. Serie GNP de 1947 a 2010 | D509: Real Gross Domestic Product, Percent Change from Preceding Period, Quarterly, Seasonally Adjusted Annual Rate. Serie A191RL1Q225SBEA

Sheet EU Fiscal
A2: Año | B2: Balance fiscal (% del PIB)
A5: 1885 | B5: -
A6: 1886 | B6: -
A7: 1887 | B7: -
A8: 1888 | B8: -
A9: 1889 | B9: -
A10: 1890 | B10: -
A11: 1891 | B11: -
A12: 1892 | B12: -
A13: 1893 | B13: -
A14: 1894 | B14: -
A15: 1895 | B15: -
A16: 1896 | B16: -
... A48: 1928 | B48: -
A49: 1929 | B49: 0.70202
A50: 1930 | B50: 0.80078
A51: 1931 | B51: -0.59697
A52: 1932 | B52: -4.59494
A53: 1933 | B53: -4.55261
A54: 1934 | B54: -5.36826
A55: 1935 | B55: -3.77554
A56: 1936 | B56: -5.07368
A57: 1937 | B57: -2.35799
A58: 1938 | B58: -0.10189
A59: 1939 | B59: -3.0459
A60: 1940 | B60: -2.83773
... A130: 2010 | B130: -8.60107
A132: Fuente: Federal Surplus or Deficit [-] as Percent of Gross Domestic Product, Percent of GDP, Annual, Not Seasonally Adjusted. Serie FYFSGDA188S

Sheet Plata-Oro
A1: Datos mensuales de la plata y el oro, 1915-1990 | H1: FRED Graph Observations
A2: Meses | H2: Federal Reserve Economic Data
B3: Plata | E3: Oro | H3: Link: https://fred.stlouisfed.org
B4: Real | C4: Nominal | E4: Real | F4: Nominal | H4: Help: https://fredhelp.stlouisfed.org
A5: 1/1/1885 | H5: Economic Research Division
A6: 2/1/1885 | H6: Federal Reserve Bank of St. Louis
A7: 3/1/1885 | B7: - | C7: - | E7: - | F7: - | H7: Price of Bar Silver for London, Great Britain, Dollars per Fine Ounce, Annual, Not Seasonally Adjusted. Serie A04018GB00LONA286NNBR
A8: 4/1/1885 | B8: - | C8: - | E8: - | F8: -
A9: 5/1/1885 | B9: - | C9: - | E9: - | F9: -
A10: 6/1/1885 | B10: - | C10: - | E10: - | F10: -
A11: 7/1/1885 | B11: - | C11: - | E11: - | F11: - | I11: Dólares/onza de plata | J11: TC en %
A12: 8/1/1885 | B12: - | C12: - | E12: - | F12: - | H12: 1833 | I12: 1.297
A13: 9/1/1885 | B13: - | C13: - | E13: - | F13: - | H13: 1834 | I13: 1.313 | J13: =((I13/I12)-1)*100 -> 1.233616
A14: 10/1/1885 | B14: - | C14: - | E14: - | F14: - | H14: 1835 | I14: 1.308 | J14: =((I14/I13)-1)*100 -> -0.38080731
A15: 11/1/1885 | B15: - | C15: - | E15: - | F15: - | H15: 1836 | I15: 1.315 | J15: =((I15/I14)-1)*100 -> 0.5351682
A16: 12/1/1885 | B16: - | C16: - | E16: - | F16: - | H16: 1837 | I16: 1.305 | J16: =((I16/I15)-1)*100 -> -0.76045627
A17: 1/1/1886 | B17: - | C17: - | E17: - | F17: - | H17: 1838 | I17: 1.304 | J17: =((I17/I16)-1)*100 -> -0.076628352
A18: 2/1/1886 | B18: - | C18: - | E18: - | F18: - | H18: 1839 | I18: 1.323 | J18: =((I18/I17)-1)*100 -> 1.4570552
A19: 3/1/1886 | B19: - | C19: - | E19: - | F19: - | H19: 1840 | I19: 1.323 | J19: =((I19/I18)-1)*100 -> 0
A20: 4/1/1886 | B20: - | C20: - | E20: - | F20: - | H20: 1841 | I20: 1.316 | J20: =((I20/I19)-1)*100 -> -0.52910053
A21: 5/1/1886 | B21: - | C21: - | E21: - | F21: - | H21: 1842 | I21: 1.303 | J21: =((I21/I20)-1)*100 -> -0.98784195
A22: 6/1/1886 | B22: - | C22: - | E22: - | F22: - | H22: 1843 | I22: 1.297 | J22: =((I22/I21)-1)*100 -> -0.46047583
A23: 7/1/1886 | B23: - | C23: - | E23: - | F23: - | H23: 1844 | I23: 1.304 | J23: =((I23/I22)-1)*100 -> 0.53970702
A24: 8/1/1886 | B24: - | C24: - | E24: - | F24: - | H24: 1845 | I24: 1.298 | J24: =((I24/I23)-1)*100 -> -0.4601227
... A189: 5/1/1900 | B189: - | C189: - | E189: - | F189: - | H189: 2010 | I189: 30.455006 | J189: =((I189/I188)-1)*100 -> 188.99221
A190: 6/1/1900 | B190: - | C190: - | E190: - | F190: -
A191: 7/1/1900 | B191: - | C191: - | E191: - | F191: -
A192: 8/1/1900 | B192: - | C192: - | E192: - | F192: -
A193: 9/1/1900 | B193: - | C193: - | E193: - | F193: -
A194: 10/1/1900 | B194: - | C194: - | E194: - | F194: -
A195: 11/1/1900 | B195: - | C195: - | E195: - | F195: -
A196: 12/1/1900 | B196: - | C196: - | E196: - | F196: -
A197: 1/1/1901 | B197: - | C197: - | E197: - | F197: -
A198: 2/1/1901 | B198: - | C198: - | E198: - | F198: -
A199: 3/1/1901 | B199: - | C199: - | E199: - | F199: -
A200: 4/1/1901 | B200: - | C200: - | E200: - | F200: -
A201: 5/1/1901 | B201: - | C201: - | E201: - | F201: -
... A208: 12/1/1901 | B208: - | C208: - | E208: - | F208: -
A209: 732 | B209: - | C209: - | E209: - | F209: -
A210: 763 | B210: - | C210: - | E210: - | F210: -
A211: 791 | B211: - | C211: - | E211: - | F211: -
A212: 822 | B212: - | C212: - | E212: - | F212: -
A213: 852 | B213: - | C213: - | E213: - | F213: -
A214: 883 | B214: - | C214: - | E214: - | F214: -
A215: 913 | B215: - | C215: - | E215: - | F215: -
A216: 944 | B216: - | C216: - | E216: - | F216: -
A217: 975 | B217: - | C217: - | E217: - | F217: -
A218: 1005 | B218: - | C218: - | E218: - | F218: -
A219: 1036 | B219: - | C219: - | E219: - | F219: -
A220: 1066 | B220: - | C220: - | E220: - | F220: -
... A352: 5084 | B352: - | C352: - | E352: - | F352: -
A353: 5115 | B353: 14.6 | C353: 0.51 | E353: 551.03 | F353: 19.25
A354: 5146 | B354: 14.74 | C354: 0.51 | E354: 556.54 | F354: 19.25
A355: 5174 | B355: 14.89 | C355: 0.51 | E355: 562.16 | F355: 19.25
A356: 5205 | B356: 14.74 | C356: 0.51 | E356: 556.54 | F356: 19.25
A357: 5235 | B357: 14.6 | C357: 0.51 | E357: 551.03 | F357: 19.25
A358: 5266 | B358: 14.6 | C358: 0.51 | E358: 551.03 | F358: 19.25
A359: 5296 | B359: 14.6 | C359: 0.51 | E359: 551.03 | F359: 19.25
A360: 5327 | B360: 14.6 | C360: 0.51 | E360: 551.03 | F360: 19.25
A361: 5358 | B361: 14.6 | C361: 0.51 | E361: 551.03 | F361: 19.25
A362: 5388 | B362: 14.46 | C362: 0.51 | E362: 545.62 | F362: 19.25
A363: 5419 | B363: 14.32 | C363: 0.51 | E363: 540.33 | F363: 19.25
A364: 5449 | B364: 14.32 | C364: 0.51 | E364: 540.33 | F364: 19.25
... A603: 12724 | B603: 13.41 | C603: 0.64 | E603: 733.25 | F603: 35
A604: 12754 | B604: 13.41 | C604: 0.64 | D604: =C604 -> 0.64 | E604: 733.25 | F604: 35
A605: 12785 | B605: 9.43 | C605: 0.45 | D605: =C605 -> 0.45 | E605: 733.25 | F605: 35
A606: 12816 | B606: 9.43 | C606: 0.45 | D606: =C606 -> 0.45 | E606: 733.25 | F606: 35
A607: 12844 | B607: 9.5 | C607: 0.45 | D607: =C607 -> 0.45 | E607: 738.61 | F607: 35
A608: 12875 | B608: 9.5 | C608: 0.45 | D608: =C608 -> 0.45 | E608: 738.61 | F608: 35
A609: 12905 | B609: 9.5 | C609: 0.45 | D609: =C609 -> 0.45 | E609: 738.61 | F609: 35
A610: 12936 | B610: 9.43 | C610: 0.45 | D610: =C610 -> 0.45 | E610: 733.25 | F610: 35
A611: 12966 | B611: 9.36 | C611: 0.45 | D611: =C611 -> 0.45 | E611: 727.97 | F611: 35
A612: 12997 | B612: 9.29 | C612: 0.45 | D612: =C612 -> 0.45 | E612: 722.79 | F612: 35
A613: 13028 | B613: 9.29 | C613: 0.45 | D613: =C613 -> 0.45 | E613: 722.79 | F613: 35
A614: 13058 | B614: 9.29 | C614: 0.45 | D614: =C614 -> 0.45 | E614: 722.79 | F614: 35
A615: 13089 | B615: 9.29 | C615: 0.45 | D615: =C615 -> 0.45 | E615: 722.79 | F615: 35
... A1264: 32843 | B1264: 9.15 | C1264: 4.236 | D1264: =C1264 -> 4.236 | E1264: 816.19 | F1264: 377.69
A1265: 32874
A1266: 32905
A1267: 32933
A1268: 32964
A1269: 32994
A1270: 33025
A1271: 33055
A1272: 33086
A1273: 33117
A1274: 33147
A1275: 33178
A1276: 33208
... A1516: 40513
A1518: Fuente: MacroTrends Data
A1519: Nota: Las cifras reales de la plata y el oro fueron obtenidas con el Índice de precios al Consumidor (CPI) de Estados Unidos.

Sheet USD-UKL
A2: Año | B2: Tipo de cambio USD VS UKL
A5: 1885 | B5: 4.86
A6: 1886 | B6: 4.86
A7: 1887 | B7: 4.85
A8: 1888 | B8: 4.87
A9: 1889 | B9: 4.87
A10: 1890 | B10: 4.86
A11: 1891 | B11: 4.86
A12: 1892 | B12: 4.87
A13: 1893 | B13: 4.86
A14: 1894 | B14: 4.88
A15: 1895 | B15: 4.89
A16: 1896 | B16: 4.87
... A31: 1911 | B31: 4.86
A32: 1912 | B32: 4.87"
A33: 1913 | B33: 4.87"
A34: 1914 | B34: 4.93"
A35: 1915 | B35: 4.76"
A36: 1916 | B36: 4.77"
A37: 1917 | B37: 4.76"
A38: 1918 | B38: 4.76"
A39: 1919 | B39: 4.43"
A40: 1920 | B40: 3.66"
A41: 1921 | B41: 3.85"
A42: 1922 | B42: 4.43"
A43: 1923 | B43: 4.58"
... A130: 2010 | B130: 2010,"$","1.55"
A132: Fuente: Citation: Lawrence H. Officer, 'Dollar-Pound Exchange Rate From 1791,' MeasuringWorth, 2025. https://www.measuringworth.com/index.php

Sheet Petróleo
A1: Datos anuales | E1: Datos mensuales
A2: Años 1885-2010 | B2: Petróleo UK en US$ | C2: Petróleo UK t/c | E2: Meses 1946-2009 | F2: Precio spot del petróleo crudo: West Texas Intermediate en US$ | G2: t/c West Texas Intermediate (WTI) en US$
A5: 1876 | B5: 2.56 | C5: - | E5: - | F5: - | G5: -
A6: 1877 | B6: 2.42 | C6: =((B6/B5)-1)*100 -> -5.46875 | E6: - | F6: - | G6: -
A7: 1878 | B7: 1.19 | C7: =((B7/B6)-1)*100 -> -50.826446 | E7: - | F7: - | G7: -
A8: 1879 | B8: 0.86 | C8: =((B8/B7)-1)*100 -> -27.731092 | E8: - | F8: - | G8: -
A9: 1880 | B9: 0.95 | C9: =((B9/B8)-1)*100 -> 10.465116 | E9: - | F9: - | G9: -
A10: 1881 | B10: 0.86 | C10: =((B10/B9)-1)*100 -> -9.4736842 | E10: - | F10: - | G10: -
A11: 1882 | B11: 0.78 | C11: =((B11/B10)-1)*100 -> -9.3023256 | E11: - | F11: - | G11: -
A12: 1883 | B12: 1 | C12: =((B12/B11)-1)*100 -> 28.205128 | E12: - | F12: - | G12: -
A13: 1884 | B13: 0.84 | C13: =((B13/B12)-1)*100 -> -16 | E13: - | F13: - | G13: -
A14: 1885 | B14: 0.88 | C14: =((B14/B13)-1)*100 -> 4.7619048 | E14: 1/1/1885 | F14: - | G14: -
A15: 1886 | B15: 0.71 | C15: =((B15/B14)-1)*100 -> -19.318182 | E15: 2/1/1885 | F15: - | G15: -
A16: 1887 | B16: 0.67 | C16: =((B16/B15)-1)*100 -> -5.6338028 | E16: 3/1/1885 | F16: - | G16: -
A17: 1888 | B17: 0.88 | C17: =((B17/B16)-1)*100 -> 31.343284 | E17: 4/1/1885 | F17: - | G17: -
... A139: 2010 | B139: 79.5 | C139: =((B139/B138)-1)*100 -> 28.911951 | E139: 6/1/1895 | F139: - | G139: -
E140: 7/1/1895 | F140: - | G140: -
A141: *Cifras en dólares por barril, sin ajuste estacional. | E141: 8/1/1895 | F141: - | G141: -
A142: Fuente: Federal Reserve Economic Data, Federal Reserve Bank of St. Louis, Economic Research Division. Disponible en: https://fred.stlouisfed.org | E142: 9/1/1895 | F142: - | G142: -
E143: 10/1/1895 | F143: - | G143: -
E144: 11/1/1895 | F144: - | G144: -
E145: 12/1/1895 | F145: - | G145: -
E146: 1/1/1896 | F146: - | G146: -
E147: 2/1/1896 | F147: - | G147: -
E148: 3/1/1896 | F148: - | G148: -
E149: 4/1/1896 | F149: - | G149: -
E150: 5/1/1896 | F150: - | G150: -
E151: 6/1/1896 | F151: - | G151: -
E152: 7/1/1896 | F152: - | G152: -
E153: 8/1/1896 | F153: - | G153: -
E154: 9/1/1896 | F154: - | G154: -
... E217: 12/1/1901 | F217: - | G217: -
E218: 732 | F218: - | G218: -
E219: 763 | F219: - | G219: -
E220: 791 | F220: - | G220: -
E221: 822 | F221: - | G221: -
E222: 852 | F222: - | G222: -
E223: 883 | F223: - | G223: -
E224: 913 | F224: - | G224: -
E225: 944 | F225: - | G225: -
E226: 975 | F226: - | G226: -
E227: 1005 | F227: - | G227: -
E228: 1036 | F228: - | G228: -
E229: 1066 | F229: - | G229: -
... E745: 16772 | F745: - | G745: -
E746: 16803 | F746: 1.17 | G746: -
E747: 16834 | F747: 1.17 | G747: =((F747/F746)-1)*100 -> 0
E748: 16862 | F748: 1.17 | G748: =((F748/F747)-1)*100 -> 0
E749: 16893 | F749: 1.27 | G749: =((F749/F748)-1)*100 -> 8.5470085
E750: 16923 | F750: 1.27 | G750: =((F750/F749)-1)*100 -> 0
E751: 16954 | F751: 1.27 | G751: =((F751/F750)-1)*100 -> 0
E752: 16984 | F752: 1.27 | G752: =((F752/F751)-1)*100 -> 0
E753: 17015 | F753: 1.52 | G753: =((F753/F752)-1)*100 -> 19.685039
E754: 17046 | F754: 1.52 | G754: =((F754/F753)-1)*100 -> 0
E755: 17076 | F755: 1.52 | G755: =((F755/F754)-1)*100 -> 0
E756: 17107 | F756: 1.52 | G756: =((F756/F755)-1)*100 -> 0
E757: 17137 | F757: 1.62 | G757: =((F757/F756)-1)*100 -> 6.5789474
E758: 17168 | F758: 1.62 | G758: =((F758/F757)-1)*100 -> 0
... E1525: 40513 | F1525: 89.04 | G1525: =((F1525/F1524)-1)*100 -> 5.8236273
F1527: *Cifras en dólares por barril, mensual, sin ajuste estacional.Fuente: Federal Reserve Economic Data, Federal Reserve Bank of St. Louis, Economic Research Division. Disponible en: https://fred.stlouisfed.org. Serie WTISPLC

Sheet Ciclos
A1: Fuente: National Bureau of Economic Research (NBER); en linea: https://www.nber.org/research/data/us-business-cycle-expansions-and-contractions
A3: Peak month | B3: Trough month | C3: Peak month number | D3: Trough month number | E3: Duration, peak to trough | F3: Duration, trough to peak | G3: Duration, peak to peak | H3: Duration, trough to trough
B6: December 1854 | D6: 660
A7: June 1857 | B7: December 1858 | C7: 690 | D7: 708 | E7: =D7-C7 -> 18 | F7: =C7-D6 -> 30 | H7: =D7-D6 -> 48
A8: October 1860 | B8: June 1861 | C8: 730 | D8: 738 | E8: =D8-C8 -> 8 | F8: =C8-D7 -> 22 | G8: =C8-C7 -> 40 | H8: =D8-D7 -> 30
A9: April 1865 | B9: December 1867 | C9: 784 | D9: 816 | E9: =D9-C9 -> 32 | F9: =C9-D8 -> 46 | G9: =C9-C8 -> 54 | H9: =D9-D8 -> 78
A10: June 1869 | B10: December 1870 | C10: 834 | D10: 852 | E10: =D10-C10 -> 18 | F10: =C10-D9 -> 18 | G10: =C10-C9 -> 50 | H10: =D10-D9 -> 36
A11: October 1873 | B11: March 1879 | C11: 886 | D11: 951 | E11: =D11-C11 -> 65 | F11: =C11-D10 -> 34 | G11: =C11-C10 -> 52 | H11: =D11-D10 -> 99
A12: March 1882 | B12: May 1885 | C12: 987 | D12: 1025 | E12: =D12-C12 -> 38 | F12: =C12-D11 -> 36 | G12: =C12-C11 -> 101 | H12: =D12-D11 -> 74
A13: March 1887 | B13: April 1888 | C13: 1047 | D13: 1060 | E13: =D13-C13 -> 13 | F13: =C13-D12 -> 22 | G13: =C13-C12 -> 60 | H13: =D13-D12 -> 35
A14: July 1890 | B14: May 1891 | C14: 1087 | D14: 1097 | E14: =D14-C14 -> 10 | F14: =C14-D13 -> 27 | G14: =C14-C13 -> 40 | H14: =D14-D13 -> 37
A15: January 1893 | B15: June 1894 | C15: 1117 | D15: 1134 | E15: =D15-C15 -> 17 | F15: =C15-D14 -> 20 | G15: =C15-C14 -> 30 | H15: =D15-D14 -> 37
A16: December 1895 | B16: June 1897 | C16: 1152 | D16: 1170 | E16: =D16-C16 -> 18 | F16: =C16-D15 -> 18 | G16: =C16-C15 -> 35 | H16: =D16-D15 -> 36
A17: June 1899 | B17: December 1900 | C17: 1194 | D17: 1212 | E17: =D17-C17 -> 18 | F17: =C17-D16 -> 24 | G17: =C17-C16 -> 42 | H17: =D17-D16 -> 42
A18: September 1902 | B18: August 1904 | C18: 1233 | D18: 1256 | E18: =D18-C18 -> 23 | F18: =C18-D17 -> 21 | G18: =C18-C17 -> 39 | H18: =D18-D17 -> 44
A19: May 1907 | B19: June 1908 | C19: 1289 | D19: 1302 | E19: =D19-C19 -> 13 | F19: =C19-D18 -> 33 | G19: =C19-C18 -> 56 | H19: =D19-D18 -> 46
... A39: December 2007 | B39: June 2009 | C39: 2496 | D39: 2514 | E39: =D39-C39 -> 18 | F39: =C39-D38 -> 73 | G39: =C39-C38 -> 81 | H39: =D39-D38 -> 91
A41: 1854-2009 (33 cycles) | E41: =AVERAGE(E7:E39) -> 17.454545 | F41: =AVERAGE(F7:F39) -> 38.727273 | G41: =AVERAGE(G7:G39) -> 56.4375 | H41: =AVERAGE(H7:H39) -> 56.181818
A42: 1854-1919 (16 cycles) | E42: =AVERAGE(E7:E22) -> 21.5625 | F42: =AVERAGE(F7:F22) -> 26.625 | G42: =AVERAGE(G7:G22) -> 48.933333 | H42: =AVERAGE(H7:H22) -> 48.1875
A43: 1919-1945 (6 cycles) | E43: =AVERAGE(E23:E28) -> 18.166667 | F43: =AVERAGE(F23:F28) -> 35 | G43: =AVERAGE(G23:G28) -> 53 | H43: =AVERAGE(H23:H28) -> 53.166667
A44: 1945-2009 (11 cycles) | E44: =AVERAGE(E29:E39) -> 11.090909 | F44: =AVERAGE(F29:F39) -> 58.363636 | G44: =AVERAGE(G29:G39) -> 68.545455 | H44: =AVERAGE(H29:H39) -> 69.454545
A46: Note: Month numbers start in January 1800
